Workbook
Name T0colonne: [1]T0!$A$1:$A$2000
Name T0colonne: T0!$A$1:$A$2000
Name T0ligne: [1]T0!$A$1:$H$1
Name T0ligne: T0!$A$1:$H$1
Name table: [1]T!$A:$AE
Name table: T!$A:$AC
Name Table0: [1]T0!$A$1:$H$2000
Name Table0: T0!$A$1:$H$1000
Name Tcolonne: [1]T!$A$1:$A$759
Name Tcolonne: T!$A$1:$A$548
Name Tligne: [1]T!$A$1:$AE$1
Name Tligne: T!$A$1:$AC$1

Sheet Sommaire
A1: Résultats économiques des entreprises régionales | B1: 2021
A2: Champ : France (hors Mayotte) - unités légales des secteurs marchands non agricoles et non financiers (y compris micro-entrepreneurs)
A3: Sources : Esane 2021 à méthode 2022, Flores 2022, Sirus, Insee - traitements SSP
A5: ='01'!B3 -> Tableau 1. Représentativité des entreprises régionales
A6: unités légales des secteurs agroalimentaires (industries alimentaires et fabrication de boissons (division 10 et 11 de NAF rév. 2 ) et commerce de gros de produits agroalimentaires (groupe 462 et groupe 463, hors sous-classe 4635Z : commerce de gros de produits à base de tabac)
A7: ='01'!B29 -> Tableau 2. Chiffres clés des entreprises agroalimentaires régionales en 2021
A8: unités légales régionales (ayant au moins 80% de ses salariés dans la région)
A9: ='01'!B78 -> Tableau 3. Principales unités légales de la région en 2021 (classées par ordre décroissant de salariés dans la région)
A10: unités légales des secteurs agroalimentaires (industries alimentaires et fabrication de boissons (division 10 et 11 de NAF rév. 2 ) et commerce de gros de produits agroalimentaires (groupe 462 et groupe 463, hors sous-classe 4635Z : commerce de gros de produits à base de tabac)
A11: =Comparatif!B3 -> Tableau 4. Comparatif par secteur au niveau groupe de la NAF rév. 2 et par région
A12: unités légales régionales des secteurs agroalimentaires (industries alimentaires et fabrication de boissons (division 10 et 11 de NAF rév. 2 ) et commerce de gros de produits agroalimentaires (groupe 462 et groupe 463, hors sous-classe 4635Z : commerce de gros de produits à base de tabac)
A14: Code région | B14: Région
A15: 01 | B15: Guadeloupe
A16: 02 | B16: Martinique
A17: 03 | B17: Guyane
A18: 04 | B18: La Réunion
A19: 11 | B19: Île-de-France
A20: 24 | B20: Centre-Val de Loire
A21: 27 | B21: Bourgogne-Franche-Comté
A22: 28 | B22: Normandie
A23: 32 | B23: Hauts-de-France
A24: 44 | B24: Grand Est
A25: 52 | B25: Pays de la Loire
... A31: 94 | B31: Corse
A33: Avertissement relatif aux données d'emploi
A34: Depuis le millésime 2020, les données d’emploi Ésane s’appuient sur les données issues de la Déclaration sociale nominative (DSN). Elles sont ainsi plus robustes et cohérentes avec celles produites par ailleurs par l’Insee. Avec la révision de la méthode de calcul de l’emploi, les données des intérimaires ont également été ajoutées dans les ETP.

Sheet Définitions
A1: Définitions
A3: Artisanat commercial | B3: Activités de fabrication associées à de la vente au détail : Charcuterie (code 10.13B de la NAF rév. 2),
B4: boulangerie et boulangerie-pâtisserie (10.71C), pâtisserie (10.71D) et cuisson de produits de boulangerie (10.71B).
A6: Catégorie d’entreprise | B6: La loi de modernisation de l’économie (LME 2008) définit quatre « catégories » pour décrire les
B7: entreprises en fonction de trois critères (taille d’entreprise, chiffre d’affaires et total de bilan).
B8: Les petites et moyennes entreprises sont celles qui, d’une part, occupent moins de 250
B9: personnes, d’autre part, ont un chiffre d’affaires annuel n’excédant pas 50 millions d’euros ou un
B10: total de bilan n’excédant pas 43 millions d’euros. Parmi elles, les microentreprises occupent moins de
B11: 10 personnes et ont un chiffre d’affaires annuel ou un total de bilan n’excédant pas 2 millions d’euros.
B12: Les entreprises de taille intermédiaire (ETI) sont des entreprises qui n’appartiennent pas à la catégorie
B13: des PME et qui, d’une part, occupent moins de 5 000 personnes, d’autre part, ont un chiffre
B14: d’affaires annuel n’excédant pas 1 500 millions d’euros ou un total de bilan n’excédant pas 2 000
B15: millions d’euros. Les grandes entreprises (GE) sont des entreprises non classées dans les catégories précédentes.
A17: Commerce de gros agroalimentaire | B17: « Commerce de gros de produits agricoles bruts et d’animaux vivants » (groupe 46.2 de la NAF rév. 2) et
B18: du « commerce de gros de produits alimentaires, de boissons et de tabac » (groupe 46.3, à l’exclusion du
B19: commerce de gros de produits à base de tabac, sousclasse 46.35Z).
A21: Entreprise au sens juridique ou « unité légale » | B21: Entité juridique de droit public ou privé. Elle est obligatoirement déclarée aux administrations
B22: compétentes (greffes des tribunaux, Sécurité sociale,DGFiP...) pour exister. Elle est identifiée par
B23: un numéro Siren. Elle peut être :
B24: - une personne morale (société, coopérative), dont l’existence est reconnue par la loi indépendamment
B25: des personnes ou des institutions qui la possèdent ou qui en sont membres ;
B26: - une personne physique (entreprise individuelle).
A28: Entreprise régionale | B28: Unité légale comptant au moins 80 % de son effectif salarié annuel moyen (en équivalent temps
B29: plein) dans la région, ou à défaut, 80 % de ses établissements.
A31: Établissement | B31: Unité de production (de biens ou de services) ayant une localisation précise. Ce peut être une usine, une
B32: boulangerie, un magasin, un atelier, etc. Chaque établissement est identifié par un numéro Siret.
A34: Équivalent temps plein (ETP) | B34: C’est une unité de mesure correspondant à une personne travaillant à temps plein pendant une
B35: année. Elle est calculée à partir du nombre d’heures effectivement travaillées divisé par la référence des
B36: heures travaillées pour des emplois à temps plein. Une personne travaillant à temps plein pendant 6
B37: mois compte pour 0,5 équivalent temps plein, et une personne travaillant à mi-temps pendant une
B38: année compte pour 0,5 équivalent temps plein.
A40: Industries agroalimentaires (IAA) | B40: « Industries alimentaires » , division 10 de la NAF rév. 2 (à l’exclusion de l’artisanat commercial : sousclasses
B41: 10.13B, 10.71B, 10.71C et 10.71D), et de la « fabrication de boissons », division 11.
A43: Industrie manufacturière | B43: Industrie de transformation des biens. Cette activité correspond à la section C de la NAF rév. 2.
B44: Elle intègre les IAA.
A46: NAF rév. 2 | B46: La nomenclature d’activités française révisée 2 (NAF rév. 2) est en vigueur depuis le 1er janvier 2008.
B47: Consultation de la NAF sur le site insee.fr : https ://www.insee.fr/fr/information/2406147
A49: Secteur d’activité | B49: Ensemble des entreprises ou des établissements ayant la même activité principale. L’activité
B50: principale exercée (APE) par une entreprise ou un établissement est théoriquement celle qui génère
B51: le plus de valeur ajoutée. Elle est déterminée sur la base du libellé d’activité déclaré, et, pour les
B52: entreprises faisant l’objet de l’enquête sectorielle annuelle (ESA), à partir de la ventilation du chiffre
B53: d’affaires et des effectifs salariés, car la valeur ajoutée des différentes activités est souvent
B54: difficile à déterminer. L’APE est codée selon la NAF rév. 2.

Sheet Comparatif
A1: =RIGHT(CELL("nomfichier",A1),LEN(CELL("nomfichier",A1))-FIND("]",CELL("nomfichier",A1))) -> Comparatif
B3: Tableau 4. Comparatif par secteur au niveau groupe de la NAF rév. 2 et par région
B4: Choix de l'indicateur par liste déroulante : | D4: IAA_hac | E4: CGA | F4: 10_hac | G4: 101_hac | H4: 102 | I4: 103 | J4: 104 | K4: 105 | L4: 106 | M4: 107_hac | N4: 108 | O4: 109 | P4: 11 | Q4: 462 | R4: 463_h4635Z
A5: =Sommaire!B1 -> 2021 | B5: Taux de prélèvement financier
B6: =VLOOKUP(B5,$C$33:$F$56,3,FALSE) -> % | C6: =VLOOKUP(B5,$C$33:$F$56,4,FALSE) -> TAUX_PRELEV_secret
A7: R_T4 | B7: Code région | C7: Région | D7: Industries alimentaires (hors artisanat commercial) et boissons | E7: Commerce de gros de produits agroalimentaires | F7: Industries alimentaires hors artisanat commercial | G7: Transformation et conservation de la viande et préparation de produits à base de viande hors charcuterie artisanale | H7: Transformation et conservation de poisson, de crustacés et de mollusques | I7: Transformation et conservation de fruits et légumes | J7: Fabrication d'huiles et graisses végétales et animales | K7: Fabrication de produits laitiers | L7: Travail des grains - fabrication de produits amylacés | M7: Fabrication de produits de boulangerie-pâtisserie et de pâtes alimentaires hors fabrication de pain et de pâtisserie fraîche | N7: Fabrication d'autres produits alimentaires | O7: Fabrication d'aliments pour animaux | P7: Fabrication de boissons | Q7: Commerce de gros de produits agricoles bruts et d'animaux vivants | R7: Commerce de gros de produits alimentaires, de boissons hors tabac
A8: REG_01 | B8: 01 | C8: Guadeloupe | D8: =INDEX(table,MATCH(Comparatif!$B8&"_"&Comparatif!D$4,Tcolonne,0),MATCH(Comparatif!$C$6,Tligne,0)) -> 4.9384055 | E8: =INDEX(table,MATCH(Comparatif!$B8&"_"&Comparatif!E$4,Tcolonne,0),MATCH(Comparatif!$C$6,Tligne,0)) -> 2.1664567 | F8: =INDEX(table,MATCH(Comparatif!$B8&"_"&Comparatif!F$4,Tcolonne,0),MATCH(Comparatif!$C$6,Tligne,0)) -> 7.0317594 | G8: =INDEX(table,MATCH(Comparatif!$B8&"_"&Comparatif!G$4,Tcolonne,0),MATCH(Comparatif!$C$6,Tligne,0)) -> 7.2696481 | H8: =INDEX(table,MATCH(Comparatif!$B8&"_"&Comparatif!H$4,Tcolonne,0),MATCH(Comparatif!$C$6,Tligne,0)) -> 4.9420741 | I8: =INDEX(table,MATCH(Comparatif!$B8&"_"&Comparatif!I$4,Tcolonne,0),MATCH(Comparatif!$C$6,Tligne,0)) -> 2.8427208 | J8: =INDEX(table,MATCH(Comparatif!$B8&"_"&Comparatif!J$4,Tcolonne,0),MATCH(Comparatif!$C$6,Tligne,0)) -> s | K8: =INDEX(table,MATCH(Comparatif!$B8&"_"&Comparatif!K$4,Tcolonne,0),MATCH(Comparatif!$C$6,Tligne,0)) -> 10.955721 | ... R8: =INDEX(table,MATCH(Comparatif!$B8&"_"&Comparatif!R$4,Tcolonne,0),MATCH(Comparatif!$C$6,Tligne,0)) -> 2.128405
A9: REG_02 | B9: 02 | C9: Martinique | D9: =INDEX(table,MATCH(Comparatif!$B9&"_"&Comparatif!D$4,Tcolonne,0),MATCH(Comparatif!$C$6,Tligne,0)) -> 5.7623207 | E9: =INDEX(table,MATCH(Comparatif!$B9&"_"&Comparatif!E$4,Tcolonne,0),MATCH(Comparatif!$C$6,Tligne,0)) -> 1.6301853 | F9: =INDEX(table,MATCH(Comparatif!$B9&"_"&Comparatif!F$4,Tcolonne,0),MATCH(Comparatif!$C$6,Tligne,0)) -> 12.227164 | G9: =INDEX(table,MATCH(Comparatif!$B9&"_"&Comparatif!G$4,Tcolonne,0),MATCH(Comparatif!$C$6,Tligne,0)) -> s | H9: =INDEX(table,MATCH(Comparatif!$B9&"_"&Comparatif!H$4,Tcolonne,0),MATCH(Comparatif!$C$6,Tligne,0)) -> -19.608224 | I9: =INDEX(table,MATCH(Comparatif!$B9&"_"&Comparatif!I$4,Tcolonne,0),MATCH(Comparatif!$C$6,Tligne,0)) -> -529.20981 | J9: =INDEX(table,MATCH(Comparatif!$B9&"_"&Comparatif!J$4,Tcolonne,0),MATCH(Comparatif!$C$6,Tligne,0)) -> s | K9: =INDEX(table,MATCH(Comparatif!$B9&"_"&Comparatif!K$4,Tcolonne,0),MATCH(Comparatif!$C$6,Tligne,0)) -> 3.1695582 | ... R9: =INDEX(table,MATCH(Comparatif!$B9&"_"&Comparatif!R$4,Tcolonne,0),MATCH(Comparatif!$C$6,Tligne,0)) -> 1.6224305
A10: REG_03 | B10: 03 | C10: Guyane | D10: =INDEX(table,MATCH(Comparatif!$B10&"_"&Comparatif!D$4,Tcolonne,0),MATCH(Comparatif!$C$6,Tligne,0)) -> 31.537969 | E10: =INDEX(table,MATCH(Comparatif!$B10&"_"&Comparatif!E$4,Tcolonne,0),MATCH(Comparatif!$C$6,Tligne,0)) -> 9.4555273 | F10: =INDEX(table,MATCH(Comparatif!$B10&"_"&Comparatif!F$4,Tcolonne,0),MATCH(Comparatif!$C$6,Tligne,0)) -> 48.581837 | G10: =INDEX(table,MATCH(Comparatif!$B10&"_"&Comparatif!G$4,Tcolonne,0),MATCH(Comparatif!$C$6,Tligne,0)) -> s | H10: =INDEX(table,MATCH(Comparatif!$B10&"_"&Comparatif!H$4,Tcolonne,0),MATCH(Comparatif!$C$6,Tligne,0)) -> 20.959502 | I10: =INDEX(table,MATCH(Comparatif!$B10&"_"&Comparatif!I$4,Tcolonne,0),MATCH(Comparatif!$C$6,Tligne,0)) -> 14.334699 | J10: =INDEX(table,MATCH(Comparatif!$B10&"_"&Comparatif!J$4,Tcolonne,0),MATCH(Comparatif!$C$6,Tligne,0)) -> 0 | K10: =INDEX(table,MATCH(Comparatif!$B10&"_"&Comparatif!K$4,Tcolonne,0),MATCH(Comparatif!$C$6,Tligne,0)) -> s | ... R10: =INDEX(table,MATCH(Comparatif!$B10&"_"&Comparatif!R$4,Tcolonne,0),MATCH(Comparatif!$C$6,Tligne,0)) -> s
A11: REG_04 | B11: 04 | C11: La Reunion | D11: =INDEX(table,MATCH(Comparatif!$B11&"_"&Comparatif!D$4,Tcolonne,0),MATCH(Comparatif!$C$6,Tligne,0)) -> 4.5143331 | E11: =INDEX(table,MATCH(Comparatif!$B11&"_"&Comparatif!E$4,Tcolonne,0),MATCH(Comparatif!$C$6,Tligne,0)) -> 4.9110011 | F11: =INDEX(table,MATCH(Comparatif!$B11&"_"&Comparatif!F$4,Tcolonne,0),MATCH(Comparatif!$C$6,Tligne,0)) -> 7.7350699 | G11: =INDEX(table,MATCH(Comparatif!$B11&"_"&Comparatif!G$4,Tcolonne,0),MATCH(Comparatif!$C$6,Tligne,0)) -> 9.1698005 | H11: =INDEX(table,MATCH(Comparatif!$B11&"_"&Comparatif!H$4,Tcolonne,0),MATCH(Comparatif!$C$6,Tligne,0)) -> s | I11: =INDEX(table,MATCH(Comparatif!$B11&"_"&Comparatif!I$4,Tcolonne,0),MATCH(Comparatif!$C$6,Tligne,0)) -> 17.922529 | J11: =INDEX(table,MATCH(Comparatif!$B11&"_"&Comparatif!J$4,Tcolonne,0),MATCH(Comparatif!$C$6,Tligne,0)) -> s | K11: =INDEX(table,MATCH(Comparatif!$B11&"_"&Comparatif!K$4,Tcolonne,0),MATCH(Comparatif!$C$6,Tligne,0)) -> 2.4216973 | ... R11: =INDEX(table,MATCH(Comparatif!$B11&"_"&Comparatif!R$4,Tcolonne,0),MATCH(Comparatif!$C$6,Tligne,0)) -> 4.388222
A12: REG_11 | B12: 11 | C12: Île-de-France | D12: =INDEX(table,MATCH(Comparatif!$B12&"_"&Comparatif!D$4,Tcolonne,0),MATCH(Comparatif!$C$6,Tligne,0)) -> 12.238908 | E12: =INDEX(table,MATCH(Comparatif!$B12&"_"&Comparatif!E$4,Tcolonne,0),MATCH(Comparatif!$C$6,Tligne,0)) -> 6.5876785 | F12: =INDEX(table,MATCH(Comparatif!$B12&"_"&Comparatif!F$4,Tcolonne,0),MATCH(Comparatif!$C$6,Tligne,0)) -> 50.26374 | G12: =INDEX(table,MATCH(Comparatif!$B12&"_"&Comparatif!G$4,Tcolonne,0),MATCH(Comparatif!$C$6,Tligne,0)) -> 45.00517 | H12: =INDEX(table,MATCH(Comparatif!$B12&"_"&Comparatif!H$4,Tcolonne,0),MATCH(Comparatif!$C$6,Tligne,0)) -> 2.102862 | I12: =INDEX(table,MATCH(Comparatif!$B12&"_"&Comparatif!I$4,Tcolonne,0),MATCH(Comparatif!$C$6,Tligne,0)) -> 4.9921648 | J12: =INDEX(table,MATCH(Comparatif!$B12&"_"&Comparatif!J$4,Tcolonne,0),MATCH(Comparatif!$C$6,Tligne,0)) -> s | K12: =INDEX(table,MATCH(Comparatif!$B12&"_"&Comparatif!K$4,Tcolonne,0),MATCH(Comparatif!$C$6,Tligne,0)) -> s | ... R12: =INDEX(table,MATCH(Comparatif!$B12&"_"&Comparatif!R$4,Tcolonne,0),MATCH(Comparatif!$C$6,Tligne,0)) -> 6.5528879
A13: REG_24 | B13: 24 | C13: Centre-Val de Loire | D13: =INDEX(table,MATCH(Comparatif!$B13&"_"&Comparatif!D$4,Tcolonne,0),MATCH(Comparatif!$C$6,Tligne,0)) -> 3.9347296 | E13: =INDEX(table,MATCH(Comparatif!$B13&"_"&Comparatif!E$4,Tcolonne,0),MATCH(Comparatif!$C$6,Tligne,0)) -> 27.433275 | F13: =INDEX(table,MATCH(Comparatif!$B13&"_"&Comparatif!F$4,Tcolonne,0),MATCH(Comparatif!$C$6,Tligne,0)) -> 4.609723 | G13: =INDEX(table,MATCH(Comparatif!$B13&"_"&Comparatif!G$4,Tcolonne,0),MATCH(Comparatif!$C$6,Tligne,0)) -> 7.7740781 | H13: =INDEX(table,MATCH(Comparatif!$B13&"_"&Comparatif!H$4,Tcolonne,0),MATCH(Comparatif!$C$6,Tligne,0)) -> s | I13: =INDEX(table,MATCH(Comparatif!$B13&"_"&Comparatif!I$4,Tcolonne,0),MATCH(Comparatif!$C$6,Tligne,0)) -> 1.809843 | J13: =INDEX(table,MATCH(Comparatif!$B13&"_"&Comparatif!J$4,Tcolonne,0),MATCH(Comparatif!$C$6,Tligne,0)) -> s | K13: =INDEX(table,MATCH(Comparatif!$B13&"_"&Comparatif!K$4,Tcolonne,0),MATCH(Comparatif!$C$6,Tligne,0)) -> 3.3033707 | ... R13: =INDEX(table,MATCH(Comparatif!$B13&"_"&Comparatif!R$4,Tcolonne,0),MATCH(Comparatif!$C$6,Tligne,0)) -> 12.867797
A14: REG_27 | B14: 27 | C14: Bourgogne-Franche-Comté | D14: =INDEX(table,MATCH(Comparatif!$B14&"_"&Comparatif!D$4,Tcolonne,0),MATCH(Comparatif!$C$6,Tligne,0)) -> 4.2144892 | E14: =INDEX(table,MATCH(Comparatif!$B14&"_"&Comparatif!E$4,Tcolonne,0),MATCH(Comparatif!$C$6,Tligne,0)) -> 6.2277145 | F14: =INDEX(table,MATCH(Comparatif!$B14&"_"&Comparatif!F$4,Tcolonne,0),MATCH(Comparatif!$C$6,Tligne,0)) -> 4.3583055 | G14: =INDEX(table,MATCH(Comparatif!$B14&"_"&Comparatif!G$4,Tcolonne,0),MATCH(Comparatif!$C$6,Tligne,0)) -> 3.1204504 | H14: =INDEX(table,MATCH(Comparatif!$B14&"_"&Comparatif!H$4,Tcolonne,0),MATCH(Comparatif!$C$6,Tligne,0)) -> s | I14: =INDEX(table,MATCH(Comparatif!$B14&"_"&Comparatif!I$4,Tcolonne,0),MATCH(Comparatif!$C$6,Tligne,0)) -> -12.7694 | J14: =INDEX(table,MATCH(Comparatif!$B14&"_"&Comparatif!J$4,Tcolonne,0),MATCH(Comparatif!$C$6,Tligne,0)) -> s | K14: =INDEX(table,MATCH(Comparatif!$B14&"_"&Comparatif!K$4,Tcolonne,0),MATCH(Comparatif!$C$6,Tligne,0)) -> 3.6487421 | ... R14: =INDEX(table,MATCH(Comparatif!$B14&"_"&Comparatif!R$4,Tcolonne,0),MATCH(Comparatif!$C$6,Tligne,0)) -> 3.6716086
A15: REG_28 | B15: 28 | C15: Normandie | D15: =INDEX(table,MATCH(Comparatif!$B15&"_"&Comparatif!D$4,Tcolonne,0),MATCH(Comparatif!$C$6,Tligne,0)) -> 4.5305955 | E15: =INDEX(table,MATCH(Comparatif!$B15&"_"&Comparatif!E$4,Tcolonne,0),MATCH(Comparatif!$C$6,Tligne,0)) -> 6.2999037 | F15: =INDEX(table,MATCH(Comparatif!$B15&"_"&Comparatif!F$4,Tcolonne,0),MATCH(Comparatif!$C$6,Tligne,0)) -> s | G15: =INDEX(table,MATCH(Comparatif!$B15&"_"&Comparatif!G$4,Tcolonne,0),MATCH(Comparatif!$C$6,Tligne,0)) -> 1.2075719 | H15: =INDEX(table,MATCH(Comparatif!$B15&"_"&Comparatif!H$4,Tcolonne,0),MATCH(Comparatif!$C$6,Tligne,0)) -> 3.6900454 | I15: =INDEX(table,MATCH(Comparatif!$B15&"_"&Comparatif!I$4,Tcolonne,0),MATCH(Comparatif!$C$6,Tligne,0)) -> 41.445086 | J15: =INDEX(table,MATCH(Comparatif!$B15&"_"&Comparatif!J$4,Tcolonne,0),MATCH(Comparatif!$C$6,Tligne,0)) -> 6.2162431 | K15: =INDEX(table,MATCH(Comparatif!$B15&"_"&Comparatif!K$4,Tcolonne,0),MATCH(Comparatif!$C$6,Tligne,0)) -> 5.0532133 | ... R15: =INDEX(table,MATCH(Comparatif!$B15&"_"&Comparatif!R$4,Tcolonne,0),MATCH(Comparatif!$C$6,Tligne,0)) -> 2.9602144
A16: REG_32 | B16: 32 | C16: Hauts-de-France | D16: =INDEX(table,MATCH(Comparatif!$B16&"_"&Comparatif!D$4,Tcolonne,0),MATCH(Comparatif!$C$6,Tligne,0)) -> 5.1499556 | E16: =INDEX(table,MATCH(Comparatif!$B16&"_"&Comparatif!E$4,Tcolonne,0),MATCH(Comparatif!$C$6,Tligne,0)) -> 12.659645 | F16: =INDEX(table,MATCH(Comparatif!$B16&"_"&Comparatif!F$4,Tcolonne,0),MATCH(Comparatif!$C$6,Tligne,0)) -> 5.7263189 | G16: =INDEX(table,MATCH(Comparatif!$B16&"_"&Comparatif!G$4,Tcolonne,0),MATCH(Comparatif!$C$6,Tligne,0)) -> 3.0088153 | H16: =INDEX(table,MATCH(Comparatif!$B16&"_"&Comparatif!H$4,Tcolonne,0),MATCH(Comparatif!$C$6,Tligne,0)) -> 3.8182199 | I16: =INDEX(table,MATCH(Comparatif!$B16&"_"&Comparatif!I$4,Tcolonne,0),MATCH(Comparatif!$C$6,Tligne,0)) -> 8.3764308 | J16: =INDEX(table,MATCH(Comparatif!$B16&"_"&Comparatif!J$4,Tcolonne,0),MATCH(Comparatif!$C$6,Tligne,0)) -> 2.4524467 | K16: =INDEX(table,MATCH(Comparatif!$B16&"_"&Comparatif!K$4,Tcolonne,0),MATCH(Comparatif!$C$6,Tligne,0)) -> 4.4596123 | ... R16: =INDEX(table,MATCH(Comparatif!$B16&"_"&Comparatif!R$4,Tcolonne,0),MATCH(Comparatif!$C$6,Tligne,0)) -> 4.4430649
A17: REG_44 | B17: 44 | C17: Grand Est | D17: =INDEX(table,MATCH(Comparatif!$B17&"_"&Comparatif!D$4,Tcolonne,0),MATCH(Comparatif!$C$6,Tligne,0)) -> 5.3847426 | E17: =INDEX(table,MATCH(Comparatif!$B17&"_"&Comparatif!E$4,Tcolonne,0),MATCH(Comparatif!$C$6,Tligne,0)) -> 27.657965 | F17: =INDEX(table,MATCH(Comparatif!$B17&"_"&Comparatif!F$4,Tcolonne,0),MATCH(Comparatif!$C$6,Tligne,0)) -> 6.0732121 | G17: =INDEX(table,MATCH(Comparatif!$B17&"_"&Comparatif!G$4,Tcolonne,0),MATCH(Comparatif!$C$6,Tligne,0)) -> 3.7339338 | H17: =INDEX(table,MATCH(Comparatif!$B17&"_"&Comparatif!H$4,Tcolonne,0),MATCH(Comparatif!$C$6,Tligne,0)) -> s | I17: =INDEX(table,MATCH(Comparatif!$B17&"_"&Comparatif!I$4,Tcolonne,0),MATCH(Comparatif!$C$6,Tligne,0)) -> 5.0280946 | J17: =INDEX(table,MATCH(Comparatif!$B17&"_"&Comparatif!J$4,Tcolonne,0),MATCH(Comparatif!$C$6,Tligne,0)) -> s | K17: =INDEX(table,MATCH(Comparatif!$B17&"_"&Comparatif!K$4,Tcolonne,0),MATCH(Comparatif!$C$6,Tligne,0)) -> 2.9654188 | ... R17: =INDEX(table,MATCH(Comparatif!$B17&"_"&Comparatif!R$4,Tcolonne,0),MATCH(Comparatif!$C$6,Tligne,0)) -> 6.4868142
A18: REG_52 | B18: 52 | C18: Pays de la Loire | D18: =INDEX(table,MATCH(Comparatif!$B18&"_"&Comparatif!D$4,Tcolonne,0),MATCH(Comparatif!$C$6,Tligne,0)) -> 3.1429148 | E18: =INDEX(table,MATCH(Comparatif!$B18&"_"&Comparatif!E$4,Tcolonne,0),MATCH(Comparatif!$C$6,Tligne,0)) -> 8.395696 | F18: =INDEX(table,MATCH(Comparatif!$B18&"_"&Comparatif!F$4,Tcolonne,0),MATCH(Comparatif!$C$6,Tligne,0)) -> 3.2097128 | G18: =INDEX(table,MATCH(Comparatif!$B18&"_"&Comparatif!G$4,Tcolonne,0),MATCH(Comparatif!$C$6,Tligne,0)) -> 2.8537305 | H18: =INDEX(table,MATCH(Comparatif!$B18&"_"&Comparatif!H$4,Tcolonne,0),MATCH(Comparatif!$C$6,Tligne,0)) -> 2.2798182 | I18: =INDEX(table,MATCH(Comparatif!$B18&"_"&Comparatif!I$4,Tcolonne,0),MATCH(Comparatif!$C$6,Tligne,0)) -> 4.1655776 | J18: =INDEX(table,MATCH(Comparatif!$B18&"_"&Comparatif!J$4,Tcolonne,0),MATCH(Comparatif!$C$6,Tligne,0)) -> 17.822333 | K18: =INDEX(table,MATCH(Comparatif!$B18&"_"&Comparatif!K$4,Tcolonne,0),MATCH(Comparatif!$C$6,Tligne,0)) -> 4.3385829 | ... R18: =INDEX(table,MATCH(Comparatif!$B18&"_"&Comparatif!R$4,Tcolonne,0),MATCH(Comparatif!$C$6,Tligne,0)) -> 2.8022861
A19: REG_53 | B19: 53 | C19: Bretagne | D19: =INDEX(table,MATCH(Comparatif!$B19&"_"&Comparatif!D$4,Tcolonne,0),MATCH(Comparatif!$C$6,Tligne,0)) -> 5.9676257 | E19: =INDEX(table,MATCH(Comparatif!$B19&"_"&Comparatif!E$4,Tcolonne,0),MATCH(Comparatif!$C$6,Tligne,0)) -> 14.638804 | F19: =INDEX(table,MATCH(Comparatif!$B19&"_"&Comparatif!F$4,Tcolonne,0),MATCH(Comparatif!$C$6,Tligne,0)) -> 6.0771827 | G19: =INDEX(table,MATCH(Comparatif!$B19&"_"&Comparatif!G$4,Tcolonne,0),MATCH(Comparatif!$C$6,Tligne,0)) -> 1.9387877 | H19: =INDEX(table,MATCH(Comparatif!$B19&"_"&Comparatif!H$4,Tcolonne,0),MATCH(Comparatif!$C$6,Tligne,0)) -> 4.8855286 | I19: =INDEX(table,MATCH(Comparatif!$B19&"_"&Comparatif!I$4,Tcolonne,0),MATCH(Comparatif!$C$6,Tligne,0)) -> 26.598123 | J19: =INDEX(table,MATCH(Comparatif!$B19&"_"&Comparatif!J$4,Tcolonne,0),MATCH(Comparatif!$C$6,Tligne,0)) -> 3.7622321 | K19: =INDEX(table,MATCH(Comparatif!$B19&"_"&Comparatif!K$4,Tcolonne,0),MATCH(Comparatif!$C$6,Tligne,0)) -> 74.460567 | ... R19: =INDEX(table,MATCH(Comparatif!$B19&"_"&Comparatif!R$4,Tcolonne,0),MATCH(Comparatif!$C$6,Tligne,0)) -> 10.705248
A20: REG_75 | B20: 75 | C20: Nouvelle Aquitaine | D20: =INDEX(table,MATCH(Comparatif!$B20&"_"&Comparatif!D$4,Tcolonne,0),MATCH(Comparatif!$C$6,Tligne,0)) -> 2.5689384 | E20: =INDEX(table,MATCH(Comparatif!$B20&"_"&Comparatif!E$4,Tcolonne,0),MATCH(Comparatif!$C$6,Tligne,0)) -> 11.400864 | F20: =INDEX(table,MATCH(Comparatif!$B20&"_"&Comparatif!F$4,Tcolonne,0),MATCH(Comparatif!$C$6,Tligne,0)) -> 7.4641424 | G20: =INDEX(table,MATCH(Comparatif!$B20&"_"&Comparatif!G$4,Tcolonne,0),MATCH(Comparatif!$C$6,Tligne,0)) -> 14.250705 | H20: =INDEX(table,MATCH(Comparatif!$B20&"_"&Comparatif!H$4,Tcolonne,0),MATCH(Comparatif!$C$6,Tligne,0)) -> 11.840234 | I20: =INDEX(table,MATCH(Comparatif!$B20&"_"&Comparatif!I$4,Tcolonne,0),MATCH(Comparatif!$C$6,Tligne,0)) -> 9.3944257 | J20: =INDEX(table,MATCH(Comparatif!$B20&"_"&Comparatif!J$4,Tcolonne,0),MATCH(Comparatif!$C$6,Tligne,0)) -> -17.042017 | K20: =INDEX(table,MATCH(Comparatif!$B20&"_"&Comparatif!K$4,Tcolonne,0),MATCH(Comparatif!$C$6,Tligne,0)) -> 4.1698178 | ... R20: =INDEX(table,MATCH(Comparatif!$B20&"_"&Comparatif!R$4,Tcolonne,0),MATCH(Comparatif!$C$6,Tligne,0)) -> 6.623854
A21: REG_76 | B21: 76 | C21: Occitanie | D21: =INDEX(table,MATCH(Comparatif!$B21&"_"&Comparatif!D$4,Tcolonne,0),MATCH(Comparatif!$C$6,Tligne,0)) -> 3.5663594 | E21: =INDEX(table,MATCH(Comparatif!$B21&"_"&Comparatif!E$4,Tcolonne,0),MATCH(Comparatif!$C$6,Tligne,0)) -> 6.5639434 | F21: =INDEX(table,MATCH(Comparatif!$B21&"_"&Comparatif!F$4,Tcolonne,0),MATCH(Comparatif!$C$6,Tligne,0)) -> 2.5622548 | G21: =INDEX(table,MATCH(Comparatif!$B21&"_"&Comparatif!G$4,Tcolonne,0),MATCH(Comparatif!$C$6,Tligne,0)) -> 5.5098995 | H21: =INDEX(table,MATCH(Comparatif!$B21&"_"&Comparatif!H$4,Tcolonne,0),MATCH(Comparatif!$C$6,Tligne,0)) -> s | I21: =INDEX(table,MATCH(Comparatif!$B21&"_"&Comparatif!I$4,Tcolonne,0),MATCH(Comparatif!$C$6,Tligne,0)) -> 2.5038064 | J21: =INDEX(table,MATCH(Comparatif!$B21&"_"&Comparatif!J$4,Tcolonne,0),MATCH(Comparatif!$C$6,Tligne,0)) -> 3.1952949 | K21: =INDEX(table,MATCH(Comparatif!$B21&"_"&Comparatif!K$4,Tcolonne,0),MATCH(Comparatif!$C$6,Tligne,0)) -> 3.8018005 | ... R21: =INDEX(table,MATCH(Comparatif!$B21&"_"&Comparatif!R$4,Tcolonne,0),MATCH(Comparatif!$C$6,Tligne,0)) -> 4.1346411
A22: REG_84 | B22: 84 | C22: Auvergne-Rhône-Alpes | D22: =INDEX(table,MATCH(Comparatif!$B22&"_"&Comparatif!D$4,Tcolonne,0),MATCH(Comparatif!$C$6,Tligne,0)) -> 3.622919 | E22: =INDEX(table,MATCH(Comparatif!$B22&"_"&Comparatif!E$4,Tcolonne,0),MATCH(Comparatif!$C$6,Tligne,0)) -> 4.3122579 | F22: =INDEX(table,MATCH(Comparatif!$B22&"_"&Comparatif!F$4,Tcolonne,0),MATCH(Comparatif!$C$6,Tligne,0)) -> 3.6240402 | G22: =INDEX(table,MATCH(Comparatif!$B22&"_"&Comparatif!G$4,Tcolonne,0),MATCH(Comparatif!$C$6,Tligne,0)) -> 3.000152 | H22: =INDEX(table,MATCH(Comparatif!$B22&"_"&Comparatif!H$4,Tcolonne,0),MATCH(Comparatif!$C$6,Tligne,0)) -> 3.6705804 | I22: =INDEX(table,MATCH(Comparatif!$B22&"_"&Comparatif!I$4,Tcolonne,0),MATCH(Comparatif!$C$6,Tligne,0)) -> 3.7067172 | J22: =INDEX(table,MATCH(Comparatif!$B22&"_"&Comparatif!J$4,Tcolonne,0),MATCH(Comparatif!$C$6,Tligne,0)) -> 3.5498857 | K22: =INDEX(table,MATCH(Comparatif!$B22&"_"&Comparatif!K$4,Tcolonne,0),MATCH(Comparatif!$C$6,Tligne,0)) -> 3.682102 | ... R22: =INDEX(table,MATCH(Comparatif!$B22&"_"&Comparatif!R$4,Tcolonne,0),MATCH(Comparatif!$C$6,Tligne,0)) -> 3.1774307
A23: REG_93 | B23: 93 | C23: Provence-Alpes-Côte d'Azur | D23: =INDEX(table,MATCH(Comparatif!$B23&"_"&Comparatif!D$4,Tcolonne,0),MATCH(Comparatif!$C$6,Tligne,0)) -> 4.34397 | E23: =INDEX(table,MATCH(Comparatif!$B23&"_"&Comparatif!E$4,Tcolonne,0),MATCH(Comparatif!$C$6,Tligne,0)) -> 4.4900302 | F23: =INDEX(table,MATCH(Comparatif!$B23&"_"&Comparatif!F$4,Tcolonne,0),MATCH(Comparatif!$C$6,Tligne,0)) -> 3.6211612 | G23: =INDEX(table,MATCH(Comparatif!$B23&"_"&Comparatif!G$4,Tcolonne,0),MATCH(Comparatif!$C$6,Tligne,0)) -> 3.1236869 | H23: =INDEX(table,MATCH(Comparatif!$B23&"_"&Comparatif!H$4,Tcolonne,0),MATCH(Comparatif!$C$6,Tligne,0)) -> s | I23: =INDEX(table,MATCH(Comparatif!$B23&"_"&Comparatif!I$4,Tcolonne,0),MATCH(Comparatif!$C$6,Tligne,0)) -> 17.28797 | J23: =INDEX(table,MATCH(Comparatif!$B23&"_"&Comparatif!J$4,Tcolonne,0),MATCH(Comparatif!$C$6,Tligne,0)) -> 1.1699144 | K23: =INDEX(table,MATCH(Comparatif!$B23&"_"&Comparatif!K$4,Tcolonne,0),MATCH(Comparatif!$C$6,Tligne,0)) -> 3.3497583 | ... R23: =INDEX(table,MATCH(Comparatif!$B23&"_"&Comparatif!R$4,Tcolonne,0),MATCH(Comparatif!$C$6,Tligne,0)) -> 4.4924267
A24: REG_94 | B24: 94 | C24: Corse | D24: =INDEX(table,MATCH(Comparatif!$B24&"_"&Comparatif!D$4,Tcolonne,0),MATCH(Comparatif!$C$6,Tligne,0)) -> 4.1375585 | E24: =INDEX(table,MATCH(Comparatif!$B24&"_"&Comparatif!E$4,Tcolonne,0),MATCH(Comparatif!$C$6,Tligne,0)) -> 2.7868451 | F24: =INDEX(table,MATCH(Comparatif!$B24&"_"&Comparatif!F$4,Tcolonne,0),MATCH(Comparatif!$C$6,Tligne,0)) -> 3.4193977 | G24: =INDEX(table,MATCH(Comparatif!$B24&"_"&Comparatif!G$4,Tcolonne,0),MATCH(Comparatif!$C$6,Tligne,0)) -> 2.5335748 | H24: =INDEX(table,MATCH(Comparatif!$B24&"_"&Comparatif!H$4,Tcolonne,0),MATCH(Comparatif!$C$6,Tligne,0)) -> 0.94214978 | I24: =INDEX(table,MATCH(Comparatif!$B24&"_"&Comparatif!I$4,Tcolonne,0),MATCH(Comparatif!$C$6,Tligne,0)) -> 0.8278138 | J24: =INDEX(table,MATCH(Comparatif!$B24&"_"&Comparatif!J$4,Tcolonne,0),MATCH(Comparatif!$C$6,Tligne,0)) -> 10.329756 | K24: =INDEX(table,MATCH(Comparatif!$B24&"_"&Comparatif!K$4,Tcolonne,0),MATCH(Comparatif!$C$6,Tligne,0)) -> 5.6055665 | ... R24: =INDEX(table,MATCH(Comparatif!$B24&"_"&Comparatif!R$4,Tcolonne,0),MATCH(Comparatif!$C$6,Tligne,0)) -> s
B26: nd : donnée non disponible, s : donnée soumise au secret statistique
B27: =Sommaire!A2 -> Champ : France (hors Mayotte) - unités légales des secteurs marchands non agricoles et non financiers (y compris micro-entrepreneurs)
B28: unités légales régionales des secteurs agroalimentaires (industries alimentaires et fabrication de boissons (division 10 et 11 de NAF rév. 2 ) et commerce de gros de produits agroalimentaires (groupe 462 et groupe 463, hors sous-classe 4635Z : commerce de gros de produits à base de tabac)
B29: =Sommaire!A3 -> Sources : Esane 2021 à méthode 2022, Flores 2022, Sirus, Insee - traitements SSP
A31: Indicateurs disponibles :
C32: Nom | E32: Unité | F32: Code
C33: Nombre d'unités légales | E33: nombre | F33: nb_ul_secret
C34: Effectifs salariés en équivalent temps plein | E34: nombre | F34: redi_e200_secret
C35: Effectifs salariés au 31 décembre | E35: nombre | F35: E300_tot
C36: Chiffre d'affaires Hors Taxes | E36: milliers d'euros | F36: redi_r310_secret
C37: Chiffre d'affaires à l'exportation hors taxes | E37: milliers d'euros | F37: redi_r410_secret
C38: Valeur ajoutée - y compris autres produits et autres charges | E38: milliers d'euros | F38: redi_r003_secret
C39: Frais de personnel | E39: milliers d'euros | F39: fraispers_secret
C40: Excédent brut d'exploitation | E40: milliers d'euros | F40: redi_r005_secret
C41: Capacité d'autofinancement | E41: milliers d'euros | F41: redi_r008_secret
C42: Résultat courant avant impôts | E42: milliers d'euros | F42: redi_r103_secret
C43: Résultat net comptable | E43: milliers d'euros | F43: r100_tot_secret
... C56: Taux d'autofinancement | E56: % | F56: TX_AUTOFIN_secret

Sheet 01
A1: =RIGHT(CELL("nomfichier",A1),LEN(CELL("nomfichier",A1))-FIND("]",CELL("nomfichier",A1))) -> 01 | B1: =VLOOKUP(A1,Sommaire!A15:B31,2,0) -> Guadeloupe
B3: Tableau 1. Représentativité des entreprises régionales
D4: nb_ul_MONO_secret | E4: nb_sal_secret | F4: nb_sal_reg_secret | G4: part_sal_secret | H4: nb_ul_POLY_secret
A5: Code d'activité | B5: Code d'activité | C5: Secteur d'activité | D5: Nombre d'entreprises (unités légales) régionales (ayant au moins 80% de leurs salariés dans la région) | E5: Nombre de salariés* dans la région pour les seules entreprises régionales (a) | F5: Nombre total de salariés dans la région (A) | G5: Part des salariés des entreprises régionales parmi les salariés de la région (%) a/A | H5: Nombre d'entreprises (unités légales) implantées dans la région, mais polyrégionales**
D6: nombre | G6: % | H6: nombre
A7: IAA_CGA_AC | B7: IAA_CGA_AC | C7: Ensemble des entreprises agroalimentaires de la région | D7: =INDEX(Table0,MATCH($A$1&"_"&$A7,T0colonne,0),MATCH(D$4,T0ligne,0)) -> 954 | E7: =INDEX(Table0,MATCH($A$1&"_"&$A7,T0colonne,0),MATCH(E$4,T0ligne,0)) -> 3688 | F7: =INDEX(Table0,MATCH($A$1&"_"&$A7,T0colonne,0),MATCH(F$4,T0ligne,0)) -> 3792 | G7: =INDEX(Table0,MATCH($A$1&"_"&$A7,T0colonne,0),MATCH(G$4,T0ligne,0)) -> 97 | H7: =INDEX(Table0,MATCH($A$1&"_"&$A7,T0colonne,0),MATCH(H$4,T0ligne,0)) -> 19
A8: IAA_hac | B8: IAA_hac | C8: IAA : Industries alimentaires (hors artisanat commercial) et boissons | D8: =INDEX(Table0,MATCH($A$1&"_"&$A8,T0colonne,0),MATCH(D$4,T0ligne,0)) -> 481 | E8: =INDEX(Table0,MATCH($A$1&"_"&$A8,T0colonne,0),MATCH(E$4,T0ligne,0)) -> 1710 | F8: =INDEX(Table0,MATCH($A$1&"_"&$A8,T0colonne,0),MATCH(F$4,T0ligne,0)) -> 1731 | G8: =INDEX(Table0,MATCH($A$1&"_"&$A8,T0colonne,0),MATCH(G$4,T0ligne,0)) -> 99 | H8: =INDEX(Table0,MATCH($A$1&"_"&$A8,T0colonne,0),MATCH(H$4,T0ligne,0)) -> 4
A9: 10_hac | B9: 10_hac | C9: Industries alimentaires hors artisanat commercial | D9: =INDEX(Table0,MATCH($A$1&"_"&$A9,T0colonne,0),MATCH(D$4,T0ligne,0)) -> 442 | E9: =INDEX(Table0,MATCH($A$1&"_"&$A9,T0colonne,0),MATCH(E$4,T0ligne,0)) -> 1324 | F9: =INDEX(Table0,MATCH($A$1&"_"&$A9,T0colonne,0),MATCH(F$4,T0ligne,0)) -> 1345 | G9: =INDEX(Table0,MATCH($A$1&"_"&$A9,T0colonne,0),MATCH(G$4,T0ligne,0)) -> 98 | H9: =INDEX(Table0,MATCH($A$1&"_"&$A9,T0colonne,0),MATCH(H$4,T0ligne,0)) -> 4
A10: 101_hac | B10: 101_hac | C10: Transformation et conservation de la viande et préparation de produits à base de viande hors charcuterie | D10: =INDEX(Table0,MATCH($A$1&"_"&$A10,T0colonne,0),MATCH(D$4,T0ligne,0)) -> 84 | E10: =INDEX(Table0,MATCH($A$1&"_"&$A10,T0colonne,0),MATCH(E$4,T0ligne,0)) -> 214 | F10: =INDEX(Table0,MATCH($A$1&"_"&$A10,T0colonne,0),MATCH(F$4,T0ligne,0)) -> 214 | G10: =INDEX(Table0,MATCH($A$1&"_"&$A10,T0colonne,0),MATCH(G$4,T0ligne,0)) -> 100 | H10: =INDEX(Table0,MATCH($A$1&"_"&$A10,T0colonne,0),MATCH(H$4,T0ligne,0)) -> 0
A11: 102 | B11: 102 | C11: Transformation et conservation de poisson, de crustacés et de mollusques | D11: =INDEX(Table0,MATCH($A$1&"_"&$A11,T0colonne,0),MATCH(D$4,T0ligne,0)) -> 15 | E11: =INDEX(Table0,MATCH($A$1&"_"&$A11,T0colonne,0),MATCH(E$4,T0ligne,0)) -> 37 | F11: =INDEX(Table0,MATCH($A$1&"_"&$A11,T0colonne,0),MATCH(F$4,T0ligne,0)) -> 37 | G11: =INDEX(Table0,MATCH($A$1&"_"&$A11,T0colonne,0),MATCH(G$4,T0ligne,0)) -> 100 | H11: =INDEX(Table0,MATCH($A$1&"_"&$A11,T0colonne,0),MATCH(H$4,T0ligne,0)) -> 0
A12: 103 | B12: 103 | C12: Transformation et conservation de fruits et légumes | D12: =INDEX(Table0,MATCH($A$1&"_"&$A12,T0colonne,0),MATCH(D$4,T0ligne,0)) -> 84 | E12: =INDEX(Table0,MATCH($A$1&"_"&$A12,T0colonne,0),MATCH(E$4,T0ligne,0)) -> 131 | F12: =INDEX(Table0,MATCH($A$1&"_"&$A12,T0colonne,0),MATCH(F$4,T0ligne,0)) -> 131 | G12: =INDEX(Table0,MATCH($A$1&"_"&$A12,T0colonne,0),MATCH(G$4,T0ligne,0)) -> 100 | H12: =INDEX(Table0,MATCH($A$1&"_"&$A12,T0colonne,0),MATCH(H$4,T0ligne,0)) -> 0
A13: 104 | B13: 104 | C13: Fabrication d'huiles et graisses végétales et animales | D13: =INDEX(Table0,MATCH($A$1&"_"&$A13,T0colonne,0),MATCH(D$4,T0ligne,0)) -> s | E13: =INDEX(Table0,MATCH($A$1&"_"&$A13,T0colonne,0),MATCH(E$4,T0ligne,0)) -> s | F13: =INDEX(Table0,MATCH($A$1&"_"&$A13,T0colonne,0),MATCH(F$4,T0ligne,0)) -> s | G13: =INDEX(Table0,MATCH($A$1&"_"&$A13,T0colonne,0),MATCH(G$4,T0ligne,0)) -> s | H13: =INDEX(Table0,MATCH($A$1&"_"&$A13,T0colonne,0),MATCH(H$4,T0ligne,0)) -> 0
A14: 105 | B14: 105 | C14: Fabrication de produits laitiers | D14: =INDEX(Table0,MATCH($A$1&"_"&$A14,T0colonne,0),MATCH(D$4,T0ligne,0)) -> 36 | E14: =INDEX(Table0,MATCH($A$1&"_"&$A14,T0colonne,0),MATCH(E$4,T0ligne,0)) -> 149 | F14: =INDEX(Table0,MATCH($A$1&"_"&$A14,T0colonne,0),MATCH(F$4,T0ligne,0)) -> 149 | G14: =INDEX(Table0,MATCH($A$1&"_"&$A14,T0colonne,0),MATCH(G$4,T0ligne,0)) -> 100 | H14: =INDEX(Table0,MATCH($A$1&"_"&$A14,T0colonne,0),MATCH(H$4,T0ligne,0)) -> s
A15: 106 | B15: 106 | C15: Travail des grains - fabrication de produits amylacés | D15: =INDEX(Table0,MATCH($A$1&"_"&$A15,T0colonne,0),MATCH(D$4,T0ligne,0)) -> 9 | E15: =INDEX(Table0,MATCH($A$1&"_"&$A15,T0colonne,0),MATCH(E$4,T0ligne,0)) -> s | F15: =INDEX(Table0,MATCH($A$1&"_"&$A15,T0colonne,0),MATCH(F$4,T0ligne,0)) -> s | G15: =INDEX(Table0,MATCH($A$1&"_"&$A15,T0colonne,0),MATCH(G$4,T0ligne,0)) -> s | H15: =INDEX(Table0,MATCH($A$1&"_"&$A15,T0colonne,0),MATCH(H$4,T0ligne,0)) -> s
A16: 107_hac | B16: 107_hac | C16: Fabrication de produits de boulangerie-pâtisserie et de pâtes alimentaires hors artisanat commercial | D16: =INDEX(Table0,MATCH($A$1&"_"&$A16,T0colonne,0),MATCH(D$4,T0ligne,0)) -> 23 | E16: =INDEX(Table0,MATCH($A$1&"_"&$A16,T0colonne,0),MATCH(E$4,T0ligne,0)) -> 115 | F16: =INDEX(Table0,MATCH($A$1&"_"&$A16,T0colonne,0),MATCH(F$4,T0ligne,0)) -> 115 | G16: =INDEX(Table0,MATCH($A$1&"_"&$A16,T0colonne,0),MATCH(G$4,T0ligne,0)) -> 100 | H16: =INDEX(Table0,MATCH($A$1&"_"&$A16,T0colonne,0),MATCH(H$4,T0ligne,0)) -> 0
A17: 108 | B17: 108 | C17: Fabrication d'autres produits alimentaires | D17: =INDEX(Table0,MATCH($A$1&"_"&$A17,T0colonne,0),MATCH(D$4,T0ligne,0)) -> 184 | E17: =INDEX(Table0,MATCH($A$1&"_"&$A17,T0colonne,0),MATCH(E$4,T0ligne,0)) -> 591 | F17: =INDEX(Table0,MATCH($A$1&"_"&$A17,T0colonne,0),MATCH(F$4,T0ligne,0)) -> 608 | G17: =INDEX(Table0,MATCH($A$1&"_"&$A17,T0colonne,0),MATCH(G$4,T0ligne,0)) -> 97 | H17: =INDEX(Table0,MATCH($A$1&"_"&$A17,T0colonne,0),MATCH(H$4,T0ligne,0)) -> s
A18: 109 | B18: 109 | C18: Fabrication d'aliments pour animaux | D18: =INDEX(Table0,MATCH($A$1&"_"&$A18,T0colonne,0),MATCH(D$4,T0ligne,0)) -> s | E18: =INDEX(Table0,MATCH($A$1&"_"&$A18,T0colonne,0),MATCH(E$4,T0ligne,0)) -> s | F18: =INDEX(Table0,MATCH($A$1&"_"&$A18,T0colonne,0),MATCH(F$4,T0ligne,0)) -> s | G18: =INDEX(Table0,MATCH($A$1&"_"&$A18,T0colonne,0),MATCH(G$4,T0ligne,0)) -> s | H18: =INDEX(Table0,MATCH($A$1&"_"&$A18,T0colonne,0),MATCH(H$4,T0ligne,0)) -> 0
A19: 11 | B19: 11 | C19: Fabrication de boissons | D19: =INDEX(Table0,MATCH($A$1&"_"&$A19,T0colonne,0),MATCH(D$4,T0ligne,0)) -> 39 | E19: =INDEX(Table0,MATCH($A$1&"_"&$A19,T0colonne,0),MATCH(E$4,T0ligne,0)) -> 386 | F19: =INDEX(Table0,MATCH($A$1&"_"&$A19,T0colonne,0),MATCH(F$4,T0ligne,0)) -> 386 | G19: =INDEX(Table0,MATCH($A$1&"_"&$A19,T0colonne,0),MATCH(G$4,T0ligne,0)) -> 100 | H19: =INDEX(Table0,MATCH($A$1&"_"&$A19,T0colonne,0),MATCH(H$4,T0ligne,0)) -> 0
A20: 10y | B20: 10y | C20: Artisanat commercial | D20: =INDEX(Table0,MATCH($A$1&"_"&$A20,T0colonne,0),MATCH(D$4,T0ligne,0)) -> 289 | E20: =INDEX(Table0,MATCH($A$1&"_"&$A20,T0colonne,0),MATCH(E$4,T0ligne,0)) -> 1104 | F20: =INDEX(Table0,MATCH($A$1&"_"&$A20,T0colonne,0),MATCH(F$4,T0ligne,0)) -> 1104 | G20: =INDEX(Table0,MATCH($A$1&"_"&$A20,T0colonne,0),MATCH(G$4,T0ligne,0)) -> 100 | H20: =INDEX(Table0,MATCH($A$1&"_"&$A20,T0colonne,0),MATCH(H$4,T0ligne,0)) -> 0
A21: CGA | B21: CGA | C21: Commerce de gros de produits agroalimentaires | D21: =INDEX(Table0,MATCH($A$1&"_"&$A21,T0colonne,0),MATCH(D$4,T0ligne,0)) -> 184 | E21: =INDEX(Table0,MATCH($A$1&"_"&$A21,T0colonne,0),MATCH(E$4,T0ligne,0)) -> 874 | F21: =INDEX(Table0,MATCH($A$1&"_"&$A21,T0colonne,0),MATCH(F$4,T0ligne,0)) -> 957 | G21: =INDEX(Table0,MATCH($A$1&"_"&$A21,T0colonne,0),MATCH(G$4,T0ligne,0)) -> 91 | H21: =INDEX(Table0,MATCH($A$1&"_"&$A21,T0colonne,0),MATCH(H$4,T0ligne,0)) -> 15
A22: 462 | B22: 462 | C22: Commerce de gros de produits agricoles bruts et d'animaux vivants | D22: =INDEX(Table0,MATCH($A$1&"_"&$A22,T0colonne,0),MATCH(D$4,T0ligne,0)) -> 19 | E22: =INDEX(Table0,MATCH($A$1&"_"&$A22,T0colonne,0),MATCH(E$4,T0ligne,0)) -> 25 | F22: =INDEX(Table0,MATCH($A$1&"_"&$A22,T0colonne,0),MATCH(F$4,T0ligne,0)) -> 25 | G22: =INDEX(Table0,MATCH($A$1&"_"&$A22,T0colonne,0),MATCH(G$4,T0ligne,0)) -> 100 | H22: =INDEX(Table0,MATCH($A$1&"_"&$A22,T0colonne,0),MATCH(H$4,T0ligne,0)) -> 0
A23: 463_h4635Z | B23: 463_h4635Z | C23: Commerce de gros de produits alimentaires, de boissons hors tabac | D23: =INDEX(Table0,MATCH($A$1&"_"&$A23,T0colonne,0),MATCH(D$4,T0ligne,0)) -> 165 | E23: =INDEX(Table0,MATCH($A$1&"_"&$A23,T0colonne,0),MATCH(E$4,T0ligne,0)) -> 849 | F23: =INDEX(Table0,MATCH($A$1&"_"&$A23,T0colonne,0),MATCH(F$4,T0ligne,0)) -> 932 | G23: =INDEX(Table0,MATCH($A$1&"_"&$A23,T0colonne,0),MATCH(G$4,T0ligne,0)) -> 91 | H23: =INDEX(Table0,MATCH($A$1&"_"&$A23,T0colonne,0),MATCH(H$4,T0ligne,0)) -> 15
B24: NB : Ce tableau permet d'apprécier la représentativité des entreprises régionales pour un secteur donné. Si la part des salariés des entreprises régionales parmi les salariés de la région (a/A) avoisine les 80%, on peut considérer que les entreprises régionales représentent suffisament le secteur dans la région pour diffuser leurs résultats économiques.
B25: Champ : France (hors Mayotte) - unités légales des secteurs marchands non agricoles et non financiers (y compris micro-entrepreneurs) - secteurs agroalimentaires (industries alimentaires et fabrication de boissons (division 10 et 11 de NAF rév. 2 ) et commerce de gros de produits agroalimentaires (groupe 462 et groupe 463, hors sous-classe 4635Z : commerce de gros de produits à base de tabac)
B26: *Salariés en équivalent temps plein. **Entreprise polyrégionale : entreprise ayant moins de 80% de ses salariés dans la région
B27: =Comparatif!B29 -> Sources : Esane 2021 à méthode 2022, Flores 2022, Sirus, Insee - traitements SSP
B29: Tableau 2. Chiffres clés des entreprises agroalimentaires régionales en 2021 | Q29: Organisation et débouchés de la production | U29: Partage de la VA | W29: Ratios de rentabilité | Y29: Ratios d'endettement, de solvabilité et de liquidité | AA29: Ratios d'investissement
E30: nb_ul_secret | F30: redi_e200_secret | G30: E300_tot | H30: redi_r310_secret | I30: redi_r410_secret | J30: redi_r003_secret | K30: fraispers_secret | L30: redi_r005_secret | M30: redi_r008_secret | N30: redi_r103_secret | O30: r100_tot_secret | P30: inv_corp_b_ha_secret | Q30: TX_EX_secret | R30: TX_VA_secret | S30: PROD_TRAV_secret | T30: INT_CAPITAL_secret | U30: TX_FP_secret | V30: TX_MARGE_secret | W30: RENT_ECO_secret | X30: RENT_FIN_secret | Y30: LEVIER_FIN_secret | Z30: TAUX_PRELEV_secret | AA30: TX_INV_secret | AB30: TX_AUTOFIN_secret
A31: R_T2 | B31: Code d'activité | C31: Secteur d'activité | D31: Catégorie d'entreprise (*) | E31: Nombre d'unités légales | F31: Effectifs salariés en équivalent temps plein | G31: Effectifs salariés au 31 décembre | H31: Chiffre d'affaires Hors Taxes | I31: Chiffre d'affaires à l'exportation hors taxes | J31: Valeur ajoutée - y compris autres produits et autres charges | K31: Frais de personnel | L31: Excédent brut d'exploitation | M31: Capacité d'autofinancement | N31: Résultat courant avant impôts | O31: Résultat net comptable | P31: Investissements corporels bruts hors apports | Q31: Taux d'exportation | R31: Taux de valeur ajoutée | S31: Productivité apparente du travail par tête | T31: Intensité capitalistique | U31: Part des frais de personnel | V31: Taux de marge | W31: Rentabilité économique | X31: Rentabilité financière | Y31: Levier financier | Z31: Taux de prélèvement financier | AA31: Taux d'investissement | AB31: Taux d'autofinancement
E32: nombre | H32: milliers d'euros | Q32: % | S32: milliers d'euros | U32: %
A33: IAA_CGA_AC | B33: IAA_CGA_AC | C33: Ensemble des entreprises agroalimentaires de la région | E33: =INDEX(table,MATCH($A$1&"_"&$A33,Tcolonne,0),MATCH(E$30,Tligne,0)) -> 954 | F33: =INDEX(table,MATCH($A$1&"_"&$A33,Tcolonne,0),MATCH(F$30,Tligne,0)) -> 3690.13 | G33: =INDEX(table,MATCH($A$1&"_"&$A33,Tcolonne,0),MATCH(G$30,Tligne,0)) -> 4006 | H33: =INDEX(table,MATCH($A$1&"_"&$A33,Tcolonne,0),MATCH(H$30,Tligne,0)) -> 1390072.7 | I33: =INDEX(table,MATCH($A$1&"_"&$A33,Tcolonne,0),MATCH(I$30,Tligne,0)) -> 167396.15 | J33: =INDEX(table,MATCH($A$1&"_"&$A33,Tcolonne,0),MATCH(J$30,Tligne,0)) -> 196390.97 | K33: =INDEX(table,MATCH($A$1&"_"&$A33,Tcolonne,0),MATCH(K$30,Tligne,0)) -> 154052.21 | L33: =INDEX(table,MATCH($A$1&"_"&$A33,Tcolonne,0),MATCH(L$30,Tligne,0)) -> 75596.179 | ... AB33: =INDEX(table,MATCH($A$1&"_"&$A33,Tcolonne,0),MATCH(AB$30,Tligne,0)) -> 170.7648
A34: p_IAA_CGA_AC_BN_horsKZ | C34: Poids dans l'économie marchande non agricole et non financière de la région (%) | E34: =E33/E69*100 -> 3.8932419 | F34: =F33/F69*100 -> 9.4544513 | G34: =G33/G69*100 -> 8.5993345 | H34: =H33/H69*100 -> 12.771539 | I34: =I33/I69*100 -> 36.455976 | J34: =J33/J69*100 -> 7.0353644 | K34: =K33/K69*100 -> 8.3375483 | L34: =L33/L69*100 -> 8.1303857 | ... P34: =P33/P69*100 -> 4.7039598
A36: IAA_hac | B36: IAA_hac | C36: IAA : Industries alimentaires (hors artisanat commercial) et boissons | E36: =INDEX(table,MATCH($A$1&"_"&$A36,Tcolonne,0),MATCH(E$30,Tligne,0)) -> 481 | F36: =INDEX(table,MATCH($A$1&"_"&$A36,Tcolonne,0),MATCH(F$30,Tligne,0)) -> 1712.23 | G36: =INDEX(table,MATCH($A$1&"_"&$A36,Tcolonne,0),MATCH(G$30,Tligne,0)) -> 1834 | H36: =INDEX(table,MATCH($A$1&"_"&$A36,Tcolonne,0),MATCH(H$30,Tligne,0)) -> 385723.64 | I36: =INDEX(table,MATCH($A$1&"_"&$A36,Tcolonne,0),MATCH(I$30,Tligne,0)) -> 14028.967 | J36: =INDEX(table,MATCH($A$1&"_"&$A36,Tcolonne,0),MATCH(J$30,Tligne,0)) -> 83307.914 | K36: =INDEX(table,MATCH($A$1&"_"&$A36,Tcolonne,0),MATCH(K$30,Tligne,0)) -> 77750.838 | L36: =INDEX(table,MATCH($A$1&"_"&$A36,Tcolonne,0),MATCH(L$30,Tligne,0)) -> 42352.577 | ... AB36: =INDEX(table,MATCH($A$1&"_"&$A36,Tcolonne,0),MATCH(AB$30,Tligne,0)) -> 143.54025
A37: p_IAA_hac_C_hac | C37: Poids dans l'industrie manufacturière (hors artisanat commercial) de la région (%) | E37: =E36/E66*100 -> 26.766834 | F37: =F36/F66*100 -> 39.368035 | G37: =G36/G66*100 -> 39.029581 | H37: =H36/H66*100 -> 39.642525 | I37: =I36/I66*100 -> 43.447527 | J37: =J36/J66*100 -> 33.371013 | K37: =K36/K66*100 -> 37.875638 | L37: =L36/L66*100 -> 52.999289 | ... P37: =P36/P66*100 -> 65.818069
A38: IAA_hac_Micro | D38: Micro | E38: =INDEX(table,MATCH($A$1&"_"&$A38,Tcolonne,0),MATCH(E$30,Tligne,0)) -> 432 | F38: =INDEX(table,MATCH($A$1&"_"&$A38,Tcolonne,0),MATCH(F$30,Tligne,0)) -> 507.63 | G38: =INDEX(table,MATCH($A$1&"_"&$A38,Tcolonne,0),MATCH(G$30,Tligne,0)) -> 645 | H38: =INDEX(table,MATCH($A$1&"_"&$A38,Tcolonne,0),MATCH(H$30,Tligne,0)) -> 89296.72 | I38: =INDEX(table,MATCH($A$1&"_"&$A38,Tcolonne,0),MATCH(I$30,Tligne,0)) -> 2276.275 | J38: =INDEX(table,MATCH($A$1&"_"&$A38,Tcolonne,0),MATCH(J$30,Tligne,0)) -> 18260.57 | K38: =INDEX(table,MATCH($A$1&"_"&$A38,Tcolonne,0),MATCH(K$30,Tligne,0)) -> 16826.662 | L38: =INDEX(table,MATCH($A$1&"_"&$A38,Tcolonne,0),MATCH(L$30,Tligne,0)) -> 4363.653 | ... AB38: =INDEX(table,MATCH($A$1&"_"&$A38,Tcolonne,0),MATCH(AB$30,Tligne,0)) -> 61.136355
A39: IAA_hac_PME | D39: PME | E39: =INDEX(table,MATCH($A$1&"_"&$A39,Tcolonne,0),MATCH(E$30,Tligne,0)) -> 35 | F39: =INDEX(table,MATCH($A$1&"_"&$A39,Tcolonne,0),MATCH(F$30,Tligne,0)) -> 550.93 | G39: =INDEX(table,MATCH($A$1&"_"&$A39,Tcolonne,0),MATCH(G$30,Tligne,0)) -> 589 | H39: =INDEX(table,MATCH($A$1&"_"&$A39,Tcolonne,0),MATCH(H$30,Tligne,0)) -> 131641.59 | I39: =INDEX(table,MATCH($A$1&"_"&$A39,Tcolonne,0),MATCH(I$30,Tligne,0)) -> 8015.191 | J39: =INDEX(table,MATCH($A$1&"_"&$A39,Tcolonne,0),MATCH(J$30,Tligne,0)) -> 46755.888 | K39: =INDEX(table,MATCH($A$1&"_"&$A39,Tcolonne,0),MATCH(K$30,Tligne,0)) -> 23955.697 | L39: =INDEX(table,MATCH($A$1&"_"&$A39,Tcolonne,0),MATCH(L$30,Tligne,0)) -> 23873.299 | ... AB39: =INDEX(table,MATCH($A$1&"_"&$A39,Tcolonne,0),MATCH(AB$30,Tligne,0)) -> 317.23971
A40: IAA_hac_ETI | D40: ETI | E40: =INDEX(table,MATCH($A$1&"_"&$A40,Tcolonne,0),MATCH(E$30,Tligne,0)) -> 14 | F40: =INDEX(table,MATCH($A$1&"_"&$A40,Tcolonne,0),MATCH(F$30,Tligne,0)) -> 653.67 | G40: =INDEX(table,MATCH($A$1&"_"&$A40,Tcolonne,0),MATCH(G$30,Tligne,0)) -> 600 | H40: =INDEX(table,MATCH($A$1&"_"&$A40,Tcolonne,0),MATCH(H$30,Tligne,0)) -> 164785.33 | I40: =INDEX(table,MATCH($A$1&"_"&$A40,Tcolonne,0),MATCH(I$30,Tligne,0)) -> 3737.501 | J40: =INDEX(table,MATCH($A$1&"_"&$A40,Tcolonne,0),MATCH(J$30,Tligne,0)) -> 18291.456 | K40: =INDEX(table,MATCH($A$1&"_"&$A40,Tcolonne,0),MATCH(K$30,Tligne,0)) -> 36968.479 | L40: =INDEX(table,MATCH($A$1&"_"&$A40,Tcolonne,0),MATCH(L$30,Tligne,0)) -> 14115.625 | ... AB40: =INDEX(table,MATCH($A$1&"_"&$A40,Tcolonne,0),MATCH(AB$30,Tligne,0)) -> 116.97826
A41: IAA_hac_GE | D41: GE | E41: =INDEX(table,MATCH($A$1&"_"&$A41,Tcolonne,0),MATCH(E$30,Tligne,0)) -> #N/A | F41: =INDEX(table,MATCH($A$1&"_"&$A41,Tcolonne,0),MATCH(F$30,Tligne,0)) -> #N/A | G41: =INDEX(table,MATCH($A$1&"_"&$A41,Tcolonne,0),MATCH(G$30,Tligne,0)) -> #N/A | H41: =INDEX(table,MATCH($A$1&"_"&$A41,Tcolonne,0),MATCH(H$30,Tligne,0)) -> #N/A | I41: =INDEX(table,MATCH($A$1&"_"&$A41,Tcolonne,0),MATCH(I$30,Tligne,0)) -> #N/A | J41: =INDEX(table,MATCH($A$1&"_"&$A41,Tcolonne,0),MATCH(J$30,Tligne,0)) -> #N/A | K41: =INDEX(table,MATCH($A$1&"_"&$A41,Tcolonne,0),MATCH(K$30,Tligne,0)) -> #N/A | L41: =INDEX(table,MATCH($A$1&"_"&$A41,Tcolonne,0),MATCH(L$30,Tligne,0)) -> #N/A | ... AB41: =INDEX(table,MATCH($A$1&"_"&$A41,Tcolonne,0),MATCH(AB$30,Tligne,0)) -> #N/A
A42: 10_hac | B42: 10_hac | C42: Industries alimentaires hors artisanat commercial | E42: =INDEX(table,MATCH($A$1&"_"&$A42,Tcolonne,0),MATCH(E$30,Tligne,0)) -> 442 | F42: =INDEX(table,MATCH($A$1&"_"&$A42,Tcolonne,0),MATCH(F$30,Tligne,0)) -> 1325.84 | G42: =INDEX(table,MATCH($A$1&"_"&$A42,Tcolonne,0),MATCH(G$30,Tligne,0)) -> 1444 | H42: =INDEX(table,MATCH($A$1&"_"&$A42,Tcolonne,0),MATCH(H$30,Tligne,0)) -> 282294.47 | I42: =INDEX(table,MATCH($A$1&"_"&$A42,Tcolonne,0),MATCH(I$30,Tligne,0)) -> 6528.031 | J42: =INDEX(table,MATCH($A$1&"_"&$A42,Tcolonne,0),MATCH(J$30,Tligne,0)) -> 41899.036 | K42: =INDEX(table,MATCH($A$1&"_"&$A42,Tcolonne,0),MATCH(K$30,Tligne,0)) -> 57466.321 | L42: =INDEX(table,MATCH($A$1&"_"&$A42,Tcolonne,0),MATCH(L$30,Tligne,0)) -> 19041.977 | ... AB42: =INDEX(table,MATCH($A$1&"_"&$A42,Tcolonne,0),MATCH(AB$30,Tligne,0)) -> 98.973829
A43: 101_hac | B43: 101_hac | C43: Transformation et conservation de la viande et préparation de produits à base de viande hors charcuterie | E43: =INDEX(table,MATCH($A$1&"_"&$A43,Tcolonne,0),MATCH(E$30,Tligne,0)) -> 84 | F43: =INDEX(table,MATCH($A$1&"_"&$A43,Tcolonne,0),MATCH(F$30,Tligne,0)) -> 214.25 | G43: =INDEX(table,MATCH($A$1&"_"&$A43,Tcolonne,0),MATCH(G$30,Tligne,0)) -> 256 | H43: =INDEX(table,MATCH($A$1&"_"&$A43,Tcolonne,0),MATCH(H$30,Tligne,0)) -> 76032.53 | I43: =INDEX(table,MATCH($A$1&"_"&$A43,Tcolonne,0),MATCH(I$30,Tligne,0)) -> 85.08 | J43: =INDEX(table,MATCH($A$1&"_"&$A43,Tcolonne,0),MATCH(J$30,Tligne,0)) -> 7864.206 | K43: =INDEX(table,MATCH($A$1&"_"&$A43,Tcolonne,0),MATCH(K$30,Tligne,0)) -> 7890.663 | L43: =INDEX(table,MATCH($A$1&"_"&$A43,Tcolonne,0),MATCH(L$30,Tligne,0)) -> 2194.838 | ... AB43: =INDEX(table,MATCH($A$1&"_"&$A43,Tcolonne,0),MATCH(AB$30,Tligne,0)) -> 81.50614
A44: 102 | B44: 102 | C44: Transformation et conservation de poisson, de crustacés et de mollusques | E44: =INDEX(table,MATCH($A$1&"_"&$A44,Tcolonne,0),MATCH(E$30,Tligne,0)) -> 15 | F44: =INDEX(table,MATCH($A$1&"_"&$A44,Tcolonne,0),MATCH(F$30,Tligne,0)) -> 36.88 | G44: =INDEX(table,MATCH($A$1&"_"&$A44,Tcolonne,0),MATCH(G$30,Tligne,0)) -> 42 | H44: =INDEX(table,MATCH($A$1&"_"&$A44,Tcolonne,0),MATCH(H$30,Tligne,0)) -> 6969.48 | I44: =INDEX(table,MATCH($A$1&"_"&$A44,Tcolonne,0),MATCH(I$30,Tligne,0)) -> 0 | J44: =INDEX(table,MATCH($A$1&"_"&$A44,Tcolonne,0),MATCH(J$30,Tligne,0)) -> 1566.736 | K44: =INDEX(table,MATCH($A$1&"_"&$A44,Tcolonne,0),MATCH(K$30,Tligne,0)) -> 1272.8 | L44: =INDEX(table,MATCH($A$1&"_"&$A44,Tcolonne,0),MATCH(L$30,Tligne,0)) -> 540.259 | ... AB44: =INDEX(table,MATCH($A$1&"_"&$A44,Tcolonne,0),MATCH(AB$30,Tligne,0)) -> 40.548972
A45: 103 | B45: 103 | C45: Transformation et conservation de fruits et légumes | E45: =INDEX(table,MATCH($A$1&"_"&$A45,Tcolonne,0),MATCH(E$30,Tligne,0)) -> 84 | F45: =INDEX(table,MATCH($A$1&"_"&$A45,Tcolonne,0),MATCH(F$30,Tligne,0)) -> 130.97 | G45: =INDEX(table,MATCH($A$1&"_"&$A45,Tcolonne,0),MATCH(G$30,Tligne,0)) -> 161 | H45: =INDEX(table,MATCH($A$1&"_"&$A45,Tcolonne,0),MATCH(H$30,Tligne,0)) -> 35701.23 | I45: =INDEX(table,MATCH($A$1&"_"&$A45,Tcolonne,0),MATCH(I$30,Tligne,0)) -> s | J45: =INDEX(table,MATCH($A$1&"_"&$A45,Tcolonne,0),MATCH(J$30,Tligne,0)) -> 7157.476 | K45: =INDEX(table,MATCH($A$1&"_"&$A45,Tcolonne,0),MATCH(K$30,Tligne,0)) -> 4494.451 | L45: =INDEX(table,MATCH($A$1&"_"&$A45,Tcolonne,0),MATCH(L$30,Tligne,0)) -> 2943.307 | ... AB45: =INDEX(table,MATCH($A$1&"_"&$A45,Tcolonne,0),MATCH(AB$30,Tligne,0)) -> 102.75287
A46: 104 | B46: 104 | C46: Fabrication d'huiles et graisses végétales et animales | E46: =INDEX(table,MATCH($A$1&"_"&$A46,Tcolonne,0),MATCH(E$30,Tligne,0)) -> s | F46: =INDEX(table,MATCH($A$1&"_"&$A46,Tcolonne,0),MATCH(F$30,Tligne,0)) -> s | G46: =INDEX(table,MATCH($A$1&"_"&$A46,Tcolonne,0),MATCH(G$30,Tligne,0)) -> 7 | H46: =INDEX(table,MATCH($A$1&"_"&$A46,Tcolonne,0),MATCH(H$30,Tligne,0)) -> s | I46: =INDEX(table,MATCH($A$1&"_"&$A46,Tcolonne,0),MATCH(I$30,Tligne,0)) -> 0 | J46: =INDEX(table,MATCH($A$1&"_"&$A46,Tcolonne,0),MATCH(J$30,Tligne,0)) -> s | K46: =INDEX(table,MATCH($A$1&"_"&$A46,Tcolonne,0),MATCH(K$30,Tligne,0)) -> s | L46: =INDEX(table,MATCH($A$1&"_"&$A46,Tcolonne,0),MATCH(L$30,Tligne,0)) -> s | ... AB46: =INDEX(table,MATCH($A$1&"_"&$A46,Tcolonne,0),MATCH(AB$30,Tligne,0)) -> s
A47: 105 | B47: 105 | C47: Fabrication de produits laitiers | E47: =INDEX(table,MATCH($A$1&"_"&$A47,Tcolonne,0),MATCH(E$30,Tligne,0)) -> 36 | F47: =INDEX(table,MATCH($A$1&"_"&$A47,Tcolonne,0),MATCH(F$30,Tligne,0)) -> 149.27 | G47: =INDEX(table,MATCH($A$1&"_"&$A47,Tcolonne,0),MATCH(G$30,Tligne,0)) -> 143 | H47: =INDEX(table,MATCH($A$1&"_"&$A47,Tcolonne,0),MATCH(H$30,Tligne,0)) -> 32656.14 | I47: =INDEX(table,MATCH($A$1&"_"&$A47,Tcolonne,0),MATCH(I$30,Tligne,0)) -> s | J47: =INDEX(table,MATCH($A$1&"_"&$A47,Tcolonne,0),MATCH(J$30,Tligne,0)) -> 8290.5 | K47: =INDEX(table,MATCH($A$1&"_"&$A47,Tcolonne,0),MATCH(K$30,Tligne,0)) -> 6319.123 | L47: =INDEX(table,MATCH($A$1&"_"&$A47,Tcolonne,0),MATCH(L$30,Tligne,0)) -> 1830.514 | ... AB47: =INDEX(table,MATCH($A$1&"_"&$A47,Tcolonne,0),MATCH(AB$30,Tligne,0)) -> 146.07467
A48: 106 | B48: 106 | C48: Travail des grains - fabrication de produits amylacés | E48: =INDEX(table,MATCH($A$1&"_"&$A48,Tcolonne,0),MATCH(E$30,Tligne,0)) -> 9 | F48: =INDEX(table,MATCH($A$1&"_"&$A48,Tcolonne,0),MATCH(F$30,Tligne,0)) -> s | G48: =INDEX(table,MATCH($A$1&"_"&$A48,Tcolonne,0),MATCH(G$30,Tligne,0)) -> 19 | H48: =INDEX(table,MATCH($A$1&"_"&$A48,Tcolonne,0),MATCH(H$30,Tligne,0)) -> s | I48: =INDEX(table,MATCH($A$1&"_"&$A48,Tcolonne,0),MATCH(I$30,Tligne,0)) -> 0 | J48: =INDEX(table,MATCH($A$1&"_"&$A48,Tcolonne,0),MATCH(J$30,Tligne,0)) -> s | K48: =INDEX(table,MATCH($A$1&"_"&$A48,Tcolonne,0),MATCH(K$30,Tligne,0)) -> s | L48: =INDEX(table,MATCH($A$1&"_"&$A48,Tcolonne,0),MATCH(L$30,Tligne,0)) -> 313.772 | ... AB48: =INDEX(table,MATCH($A$1&"_"&$A48,Tcolonne,0),MATCH(AB$30,Tligne,0)) -> 170.39174
A49: 107_hac | B49: 107_hac | C49: Fabrication de produits de boulangerie-pâtisserie et de pâtes alimentaires hors artisanat commercial | E49: =INDEX(table,MATCH($A$1&"_"&$A49,Tcolonne,0),MATCH(E$30,Tligne,0)) -> 23 | F49: =INDEX(table,MATCH($A$1&"_"&$A49,Tcolonne,0),MATCH(F$30,Tligne,0)) -> 115.03 | G49: =INDEX(table,MATCH($A$1&"_"&$A49,Tcolonne,0),MATCH(G$30,Tligne,0)) -> 129 | H49: =INDEX(table,MATCH($A$1&"_"&$A49,Tcolonne,0),MATCH(H$30,Tligne,0)) -> 21586.65 | I49: =INDEX(table,MATCH($A$1&"_"&$A49,Tcolonne,0),MATCH(I$30,Tligne,0)) -> 0 | J49: =INDEX(table,MATCH($A$1&"_"&$A49,Tcolonne,0),MATCH(J$30,Tligne,0)) -> 5269.043 | K49: =INDEX(table,MATCH($A$1&"_"&$A49,Tcolonne,0),MATCH(K$30,Tligne,0)) -> 3405.203 | L49: =INDEX(table,MATCH($A$1&"_"&$A49,Tcolonne,0),MATCH(L$30,Tligne,0)) -> 1915.545 | ... AB49: =INDEX(table,MATCH($A$1&"_"&$A49,Tcolonne,0),MATCH(AB$30,Tligne,0)) -> 332.91495
A50: 108 | B50: 108 | C50: Fabrication d'autres produits alimentaires | E50: =INDEX(table,MATCH($A$1&"_"&$A50,Tcolonne,0),MATCH(E$30,Tligne,0)) -> 184 | F50: =INDEX(table,MATCH($A$1&"_"&$A50,Tcolonne,0),MATCH(F$30,Tligne,0)) -> 591.86 | G50: =INDEX(table,MATCH($A$1&"_"&$A50,Tcolonne,0),MATCH(G$30,Tligne,0)) -> 622 | H50: =INDEX(table,MATCH($A$1&"_"&$A50,Tcolonne,0),MATCH(H$30,Tligne,0)) -> 68323.64 | I50: =INDEX(table,MATCH($A$1&"_"&$A50,Tcolonne,0),MATCH(I$30,Tligne,0)) -> 4134.645 | J50: =INDEX(table,MATCH($A$1&"_"&$A50,Tcolonne,0),MATCH(J$30,Tligne,0)) -> 7360.714 | K50: =INDEX(table,MATCH($A$1&"_"&$A50,Tcolonne,0),MATCH(K$30,Tligne,0)) -> 27686.253 | L50: =INDEX(table,MATCH($A$1&"_"&$A50,Tcolonne,0),MATCH(L$30,Tligne,0)) -> 7864.315 | ... AB50: =INDEX(table,MATCH($A$1&"_"&$A50,Tcolonne,0),MATCH(AB$30,Tligne,0)) -> 88.463709
A51: 109 | B51: 109 | C51: Fabrication d'aliments pour animaux | E51: =INDEX(table,MATCH($A$1&"_"&$A51,Tcolonne,0),MATCH(E$30,Tligne,0)) -> s | F51: =INDEX(table,MATCH($A$1&"_"&$A51,Tcolonne,0),MATCH(F$30,Tligne,0)) -> s | G51: =INDEX(table,MATCH($A$1&"_"&$A51,Tcolonne,0),MATCH(G$30,Tligne,0)) -> 65 | H51: =INDEX(table,MATCH($A$1&"_"&$A51,Tcolonne,0),MATCH(H$30,Tligne,0)) -> s | I51: =INDEX(table,MATCH($A$1&"_"&$A51,Tcolonne,0),MATCH(I$30,Tligne,0)) -> s | J51: =INDEX(table,MATCH($A$1&"_"&$A51,Tcolonne,0),MATCH(J$30,Tligne,0)) -> s | K51: =INDEX(table,MATCH($A$1&"_"&$A51,Tcolonne,0),MATCH(K$30,Tligne,0)) -> s | L51: =INDEX(table,MATCH($A$1&"_"&$A51,Tcolonne,0),MATCH(L$30,Tligne,0)) -> s | ... AB51: =INDEX(table,MATCH($A$1&"_"&$A51,Tcolonne,0),MATCH(AB$30,Tligne,0)) -> s
A52: 11 | B52: 11 | C52: Fabrication de boissons | E52: =INDEX(table,MATCH($A$1&"_"&$A52,Tcolonne,0),MATCH(E$30,Tligne,0)) -> 39 | F52: =INDEX(table,MATCH($A$1&"_"&$A52,Tcolonne,0),MATCH(F$30,Tligne,0)) -> 386.39 | G52: =INDEX(table,MATCH($A$1&"_"&$A52,Tcolonne,0),MATCH(G$30,Tligne,0)) -> 390 | H52: =INDEX(table,MATCH($A$1&"_"&$A52,Tcolonne,0),MATCH(H$30,Tligne,0)) -> 103429.17 | I52: =INDEX(table,MATCH($A$1&"_"&$A52,Tcolonne,0),MATCH(I$30,Tligne,0)) -> 7500.936 | J52: =INDEX(table,MATCH($A$1&"_"&$A52,Tcolonne,0),MATCH(J$30,Tligne,0)) -> 41408.878 | K52: =INDEX(table,MATCH($A$1&"_"&$A52,Tcolonne,0),MATCH(K$30,Tligne,0)) -> 20284.517 | L52: =INDEX(table,MATCH($A$1&"_"&$A52,Tcolonne,0),MATCH(L$30,Tligne,0)) -> 23310.6 | ... AB52: =INDEX(table,MATCH($A$1&"_"&$A52,Tcolonne,0),MATCH(AB$30,Tligne,0)) -> 215.71885
A54: CGA | B54: CGA | C54: Commerce de gros de produits agroalimentaires | E54: =INDEX(table,MATCH($A$1&"_"&$A54,Tcolonne,0),MATCH(E$30,Tligne,0)) -> 184 | F54: =INDEX(table,MATCH($A$1&"_"&$A54,Tcolonne,0),MATCH(F$30,Tligne,0)) -> 873.83 | G54: =INDEX(table,MATCH($A$1&"_"&$A54,Tcolonne,0),MATCH(G$30,Tligne,0)) -> 942 | H54: =INDEX(table,MATCH($A$1&"_"&$A54,Tcolonne,0),MATCH(H$30,Tligne,0)) -> 899531.73 | I54: =INDEX(table,MATCH($A$1&"_"&$A54,Tcolonne,0),MATCH(I$30,Tligne,0)) -> 146948.56 | J54: =INDEX(table,MATCH($A$1&"_"&$A54,Tcolonne,0),MATCH(J$30,Tligne,0)) -> 78329.774 | K54: =INDEX(table,MATCH($A$1&"_"&$A54,Tcolonne,0),MATCH(K$30,Tligne,0)) -> 45393.855 | L54: =INDEX(table,MATCH($A$1&"_"&$A54,Tcolonne,0),MATCH(L$30,Tligne,0)) -> 28871.705 | ... AB54: =INDEX(table,MATCH($A$1&"_"&$A54,Tcolonne,0),MATCH(AB$30,Tligne,0)) -> 344.27022
A55: p_CGA_46 | C55: Poids dans le commerce de gros de la région (%) | E55: =E54/E67*100 -> 17.846751 | F55: =F54/F67*100 -> 30.854816 | G55: =G54/G67*100 -> 30.328397 | H55: =H54/H67*100 -> 44.375285 | I55: =I54/I67*100 -> 94.367913 | J55: =J54/J67*100 -> 32.119852 | K55: =K54/K67*100 -> 30.178887 | L55: =L54/L67*100 -> 34.475926 | ... P55: =P54/P67*100 -> 32.895887
A56: CGA_Micro | D56: Micro | E56: =INDEX(table,MATCH($A$1&"_"&$A56,Tcolonne,0),MATCH(E$30,Tligne,0)) -> 128 | F56: =INDEX(table,MATCH($A$1&"_"&$A56,Tcolonne,0),MATCH(F$30,Tligne,0)) -> 133.38 | G56: =INDEX(table,MATCH($A$1&"_"&$A56,Tcolonne,0),MATCH(G$30,Tligne,0)) -> 154 | H56: =INDEX(table,MATCH($A$1&"_"&$A56,Tcolonne,0),MATCH(H$30,Tligne,0)) -> 57645.04 | I56: =INDEX(table,MATCH($A$1&"_"&$A56,Tcolonne,0),MATCH(I$30,Tligne,0)) -> s | J56: =INDEX(table,MATCH($A$1&"_"&$A56,Tcolonne,0),MATCH(J$30,Tligne,0)) -> 6949.712 | K56: =INDEX(table,MATCH($A$1&"_"&$A56,Tcolonne,0),MATCH(K$30,Tligne,0)) -> 5868.371 | L56: =INDEX(table,MATCH($A$1&"_"&$A56,Tcolonne,0),MATCH(L$30,Tligne,0)) -> 1896.904 | ... AB56: =INDEX(table,MATCH($A$1&"_"&$A56,Tcolonne,0),MATCH(AB$30,Tligne,0)) -> 123.70288
A57: CGA_PME | D57: PME | E57: =INDEX(table,MATCH($A$1&"_"&$A57,Tcolonne,0),MATCH(E$30,Tligne,0)) -> 40 | F57: =INDEX(table,MATCH($A$1&"_"&$A57,Tcolonne,0),MATCH(F$30,Tligne,0)) -> 371.56 | G57: =INDEX(table,MATCH($A$1&"_"&$A57,Tcolonne,0),MATCH(G$30,Tligne,0)) -> 406 | H57: =INDEX(table,MATCH($A$1&"_"&$A57,Tcolonne,0),MATCH(H$30,Tligne,0)) -> 363400.86 | I57: =INDEX(table,MATCH($A$1&"_"&$A57,Tcolonne,0),MATCH(I$30,Tligne,0)) -> s | J57: =INDEX(table,MATCH($A$1&"_"&$A57,Tcolonne,0),MATCH(J$30,Tligne,0)) -> 31485.793 | K57: =INDEX(table,MATCH($A$1&"_"&$A57,Tcolonne,0),MATCH(K$30,Tligne,0)) -> 17041.907 | L57: =INDEX(table,MATCH($A$1&"_"&$A57,Tcolonne,0),MATCH(L$30,Tligne,0)) -> 12867.377 | ... AB57: =INDEX(table,MATCH($A$1&"_"&$A57,Tcolonne,0),MATCH(AB$30,Tligne,0)) -> 417.43258
A58: CGA_ETI | D58: ETI | E58: =INDEX(table,MATCH($A$1&"_"&$A58,Tcolonne,0),MATCH(E$30,Tligne,0)) -> s | F58: =INDEX(table,MATCH($A$1&"_"&$A58,Tcolonne,0),MATCH(F$30,Tligne,0)) -> s | G58: =INDEX(table,MATCH($A$1&"_"&$A58,Tcolonne,0),MATCH(G$30,Tligne,0)) -> 356 | H58: =INDEX(table,MATCH($A$1&"_"&$A58,Tcolonne,0),MATCH(H$30,Tligne,0)) -> s | I58: =INDEX(table,MATCH($A$1&"_"&$A58,Tcolonne,0),MATCH(I$30,Tligne,0)) -> s | J58: =INDEX(table,MATCH($A$1&"_"&$A58,Tcolonne,0),MATCH(J$30,Tligne,0)) -> s | K58: =INDEX(table,MATCH($A$1&"_"&$A58,Tcolonne,0),MATCH(K$30,Tligne,0)) -> s | L58: =INDEX(table,MATCH($A$1&"_"&$A58,Tcolonne,0),MATCH(L$30,Tligne,0)) -> s | ... AB58: =INDEX(table,MATCH($A$1&"_"&$A58,Tcolonne,0),MATCH(AB$30,Tligne,0)) -> s
A59: CGA_GE | D59: GE | E59: =INDEX(table,MATCH($A$1&"_"&$A59,Tcolonne,0),MATCH(E$30,Tligne,0)) -> s | F59: =INDEX(table,MATCH($A$1&"_"&$A59,Tcolonne,0),MATCH(F$30,Tligne,0)) -> s | G59: =INDEX(table,MATCH($A$1&"_"&$A59,Tcolonne,0),MATCH(G$30,Tligne,0)) -> 26 | H59: =INDEX(table,MATCH($A$1&"_"&$A59,Tcolonne,0),MATCH(H$30,Tligne,0)) -> s | I59: =INDEX(table,MATCH($A$1&"_"&$A59,Tcolonne,0),MATCH(I$30,Tligne,0)) -> s | J59: =INDEX(table,MATCH($A$1&"_"&$A59,Tcolonne,0),MATCH(J$30,Tligne,0)) -> s | K59: =INDEX(table,MATCH($A$1&"_"&$A59,Tcolonne,0),MATCH(K$30,Tligne,0)) -> s | L59: =INDEX(table,MATCH($A$1&"_"&$A59,Tcolonne,0),MATCH(L$30,Tligne,0)) -> s | ... AB59: =INDEX(table,MATCH($A$1&"_"&$A59,Tcolonne,0),MATCH(AB$30,Tligne,0)) -> s
A60: 462 | B60: 462 | C60: Commerce de gros de produits agricoles bruts et d'animaux vivants | E60: =INDEX(table,MATCH($A$1&"_"&$A60,Tcolonne,0),MATCH(E$30,Tligne,0)) -> 19 | F60: =INDEX(table,MATCH($A$1&"_"&$A60,Tcolonne,0),MATCH(F$30,Tligne,0)) -> 25.01 | G60: =INDEX(table,MATCH($A$1&"_"&$A60,Tcolonne,0),MATCH(G$30,Tligne,0)) -> 28 | H60: =INDEX(table,MATCH($A$1&"_"&$A60,Tcolonne,0),MATCH(H$30,Tligne,0)) -> 10836.8 | I60: =INDEX(table,MATCH($A$1&"_"&$A60,Tcolonne,0),MATCH(I$30,Tligne,0)) -> 0 | J60: =INDEX(table,MATCH($A$1&"_"&$A60,Tcolonne,0),MATCH(J$30,Tligne,0)) -> 1704.534 | K60: =INDEX(table,MATCH($A$1&"_"&$A60,Tcolonne,0),MATCH(K$30,Tligne,0)) -> 1183.609 | L60: =INDEX(table,MATCH($A$1&"_"&$A60,Tcolonne,0),MATCH(L$30,Tligne,0)) -> 474.525 | ... AB60: =INDEX(table,MATCH($A$1&"_"&$A60,Tcolonne,0),MATCH(AB$30,Tligne,0)) -> 156.05249
A61: 463_h4635Z | B61: 463_h4635Z | C61: Commerce de gros de produits alimentaires, de boissons hors tabac | E61: =INDEX(table,MATCH($A$1&"_"&$A61,Tcolonne,0),MATCH(E$30,Tligne,0)) -> 165 | F61: =INDEX(table,MATCH($A$1&"_"&$A61,Tcolonne,0),MATCH(F$30,Tligne,0)) -> 848.82 | G61: =INDEX(table,MATCH($A$1&"_"&$A61,Tcolonne,0),MATCH(G$30,Tligne,0)) -> 914 | H61: =INDEX(table,MATCH($A$1&"_"&$A61,Tcolonne,0),MATCH(H$30,Tligne,0)) -> 888694.93 | I61: =INDEX(table,MATCH($A$1&"_"&$A61,Tcolonne,0),MATCH(I$30,Tligne,0)) -> 146948.56 | J61: =INDEX(table,MATCH($A$1&"_"&$A61,Tcolonne,0),MATCH(J$30,Tligne,0)) -> 76625.24 | K61: =INDEX(table,MATCH($A$1&"_"&$A61,Tcolonne,0),MATCH(K$30,Tligne,0)) -> 44210.246 | L61: =INDEX(table,MATCH($A$1&"_"&$A61,Tcolonne,0),MATCH(L$30,Tligne,0)) -> 28397.18 | ... AB61: =INDEX(table,MATCH($A$1&"_"&$A61,Tcolonne,0),MATCH(AB$30,Tligne,0)) -> 352.41846
A63: 10y | B63: 10y | C63: Artisanat commercial | E63: =INDEX(table,MATCH($A$1&"_"&$A63,Tcolonne,0),MATCH(E$30,Tligne,0)) -> 289 | F63: =INDEX(table,MATCH($A$1&"_"&$A63,Tcolonne,0),MATCH(F$30,Tligne,0)) -> 1104.07 | G63: =INDEX(table,MATCH($A$1&"_"&$A63,Tcolonne,0),MATCH(G$30,Tligne,0)) -> 1230 | H63: =INDEX(table,MATCH($A$1&"_"&$A63,Tcolonne,0),MATCH(H$30,Tligne,0)) -> 104817.31 | I63: =INDEX(table,MATCH($A$1&"_"&$A63,Tcolonne,0),MATCH(I$30,Tligne,0)) -> 6418.618 | J63: =INDEX(table,MATCH($A$1&"_"&$A63,Tcolonne,0),MATCH(J$30,Tligne,0)) -> 34753.28 | K63: =INDEX(table,MATCH($A$1&"_"&$A63,Tcolonne,0),MATCH(K$30,Tligne,0)) -> 30907.518 | L63: =INDEX(table,MATCH($A$1&"_"&$A63,Tcolonne,0),MATCH(L$30,Tligne,0)) -> 4371.897 | ... AB63: =INDEX(table,MATCH($A$1&"_"&$A63,Tcolonne,0),MATCH(AB$30,Tligne,0)) -> 93.255285
A64: p_10y_47_10y | C64: Poids dans le commerce de détail (y c artisanat commercial) de la région (%) | E64: =E63/E68*100 -> 7.565445 | F64: =F63/F68*100 -> 12.638728 | G64: =G63/G68*100 -> 11.931322 | H64: =H63/H68*100 -> 3.4459243 | I64: =I63/I68*100 -> 3.6146213 | J64: =J63/J68*100 -> 6.7123309 | K64: =K63/K68*100 -> 8.7774637 | L64: =L63/L68*100 -> 2.7122481 | ... P64: =P63/P68*100 -> 7.3158132
C65: Secteurs de comparaison :
A66: ='01'!B66 -> C_hac | B66: C_hac | C66: Industrie manufacturière hors artisanat commercial | E66: =INDEX(table,MATCH($A$1&"_"&$A66,Tcolonne,0),MATCH(E$30,Tligne,0)) -> 1797 | F66: =INDEX(table,MATCH($A$1&"_"&$A66,Tcolonne,0),MATCH(F$30,Tligne,0)) -> 4349.29 | G66: =INDEX(table,MATCH($A$1&"_"&$A66,Tcolonne,0),MATCH(G$30,Tligne,0)) -> 4699 | H66: =INDEX(table,MATCH($A$1&"_"&$A66,Tcolonne,0),MATCH(H$30,Tligne,0)) -> 973004.73 | I66: =INDEX(table,MATCH($A$1&"_"&$A66,Tcolonne,0),MATCH(I$30,Tligne,0)) -> 32289.449 | J66: =INDEX(table,MATCH($A$1&"_"&$A66,Tcolonne,0),MATCH(J$30,Tligne,0)) -> 249641.55 | K66: =INDEX(table,MATCH($A$1&"_"&$A66,Tcolonne,0),MATCH(K$30,Tligne,0)) -> 205279.28 | L66: =INDEX(table,MATCH($A$1&"_"&$A66,Tcolonne,0),MATCH(L$30,Tligne,0)) -> 79911.594 | ... AB66: =INDEX(table,MATCH($A$1&"_"&$A66,Tcolonne,0),MATCH(AB$30,Tligne,0)) -> 168.03857
A67: ='01'!B67 -> 46 | B67: 46 | C67: Commerce de gros, à l'exception des automobiles et des motocycles | E67: =INDEX(table,MATCH($A$1&"_"&$A67,Tcolonne,0),MATCH(E$30,Tligne,0)) -> 1031 | F67: =INDEX(table,MATCH($A$1&"_"&$A67,Tcolonne,0),MATCH(F$30,Tligne,0)) -> 2832.07 | G67: =INDEX(table,MATCH($A$1&"_"&$A67,Tcolonne,0),MATCH(G$30,Tligne,0)) -> 3106 | H67: =INDEX(table,MATCH($A$1&"_"&$A67,Tcolonne,0),MATCH(H$30,Tligne,0)) -> 2027100.7 | I67: =INDEX(table,MATCH($A$1&"_"&$A67,Tcolonne,0),MATCH(I$30,Tligne,0)) -> 155718.78 | J67: =INDEX(table,MATCH($A$1&"_"&$A67,Tcolonne,0),MATCH(J$30,Tligne,0)) -> 243867.17 | K67: =INDEX(table,MATCH($A$1&"_"&$A67,Tcolonne,0),MATCH(K$30,Tligne,0)) -> 150415.94 | L67: =INDEX(table,MATCH($A$1&"_"&$A67,Tcolonne,0),MATCH(L$30,Tligne,0)) -> 83744.538 | ... AB67: =INDEX(table,MATCH($A$1&"_"&$A67,Tcolonne,0),MATCH(AB$30,Tligne,0)) -> 314.28014
A68: ='01'!B68 -> 47_10y | B68: 47_10y | C68: Commerce de détail, à l'exception des automobiles et des motocycles, y compris artisanat commercial | E68: =INDEX(table,MATCH($A$1&"_"&$A68,Tcolonne,0),MATCH(E$30,Tligne,0)) -> 3820 | F68: =INDEX(table,MATCH($A$1&"_"&$A68,Tcolonne,0),MATCH(F$30,Tligne,0)) -> 8735.61 | G68: =INDEX(table,MATCH($A$1&"_"&$A68,Tcolonne,0),MATCH(G$30,Tligne,0)) -> 10309 | H68: =INDEX(table,MATCH($A$1&"_"&$A68,Tcolonne,0),MATCH(H$30,Tligne,0)) -> 3041776.4 | I68: =INDEX(table,MATCH($A$1&"_"&$A68,Tcolonne,0),MATCH(I$30,Tligne,0)) -> 177573.74 | J68: =INDEX(table,MATCH($A$1&"_"&$A68,Tcolonne,0),MATCH(J$30,Tligne,0)) -> 517752.78 | K68: =INDEX(table,MATCH($A$1&"_"&$A68,Tcolonne,0),MATCH(K$30,Tligne,0)) -> 352123.57 | L68: =INDEX(table,MATCH($A$1&"_"&$A68,Tcolonne,0),MATCH(L$30,Tligne,0)) -> 161190.9 | ... AB68: =INDEX(table,MATCH($A$1&"_"&$A68,Tcolonne,0),MATCH(AB$30,Tligne,0)) -> 223.39158
A69: ='01'!B69 -> BN_horsKZ | B69: BN_horsKZ | C69: Ensemble des unités légales des secteurs marchands non agricoles et non financiers | E69: =INDEX(table,MATCH($A$1&"_"&$A69,Tcolonne,0),MATCH(E$30,Tligne,0)) -> 24504 | F69: =INDEX(table,MATCH($A$1&"_"&$A69,Tcolonne,0),MATCH(F$30,Tligne,0)) -> 39030.61 | G69: =INDEX(table,MATCH($A$1&"_"&$A69,Tcolonne,0),MATCH(G$30,Tligne,0)) -> 46585 | H69: =INDEX(table,MATCH($A$1&"_"&$A69,Tcolonne,0),MATCH(H$30,Tligne,0)) -> 10884144 | I69: =INDEX(table,MATCH($A$1&"_"&$A69,Tcolonne,0),MATCH(I$30,Tligne,0)) -> 459173.41 | J69: =INDEX(table,MATCH($A$1&"_"&$A69,Tcolonne,0),MATCH(J$30,Tligne,0)) -> 2791482.5 | K69: =INDEX(table,MATCH($A$1&"_"&$A69,Tcolonne,0),MATCH(K$30,Tligne,0)) -> 1847692 | L69: =INDEX(table,MATCH($A$1&"_"&$A69,Tcolonne,0),MATCH(L$30,Tligne,0)) -> 929798.19 | ... AB69: =INDEX(table,MATCH($A$1&"_"&$A69,Tcolonne,0),MATCH(AB$30,Tligne,0)) -> 95.965277
B70: (*) Catégorie d'entreprise : il s'agit de la catégorie de l'entreprise profilée à laquelle appartient l'unité légale. Une unité légale de petite taille peut être de catégorie Grande Entreprise si elle est détenue par une Grande Entreprise.
B71: Micro : micro entreprises, PME : petites et moyennes entreprises hors micro entreprises, ETI : entreprises de taille intermédiaire, GE : grandes entreprises
B72: (1) Valeur ajoutée hors taxes, y compris autres produits et autres charges (2) Taux d'exportation : Chiffre d'affaires à l'exportation hors taxes / chiffre d'affaires hors taxes (3) Taux de valeur ajoutée : Valeur ajoutée hors taxes (y compris autres produits et autres charges) / chiffre d'affaires hors taxes (4) Productivité apparente du travail par tête : Valeur ajoutée hors taxes (y compris autres produits et autres charges) / effectifs salariés en équivalent temps plein (5) Intensité capitalistique : immobilisations corporelles / effectifs salariés en équivalent temps plein (6) Taux de marge : Excédent brut d'exploitation / valeur ajoutée au coût des facteurs (y compris autres produits et autres charges) (7) Rentabilité économique : Excédent brut d'exploitation / immobilisations (corporelles et incorporelles) et besoin en fonds de roulement (8) Taux d'investissement : Investissements corporels bruts hors apports / valeur ajoutée hors taxes (y compris autres produits et autres charges)
B73: nd : donnée non disponible, s : donnée soumise au secret statistique
B74: Champ : France (hors Mayotte) - unités légales régionales des secteurs marchands non agricoles et non financiers (y compris micro-entrepreneurs)
B75: =Comparatif!B29 -> Sources : Esane 2021 à méthode 2022, Flores 2022, Sirus, Insee - traitements SSP
B78: Tableau 3. Principales unités légales de la région en 2021 (classées par ordre décroissant de salariés dans la région)
B79: imp_reg | C79: denom | D79: E300_tranche | E79: part_eff_ent_reg_imp | F79: ape | G79: l_long
A81: R_T7 | B81: Implantation régionale | C81: Nom de l'unité légale | D81: Effectifs salariés totaux au 31 décembre en France | E81: Taux d'implantation dans la région | F81: Activité principale | G81: Activité principale
D82: nombre | E82: %
A83: 1 | B83: =INDEX(Top!$A$1:$AA$400,MATCH(CONCATENATE($A$1,"_",$A83),Top!$A$1:$A$400,0),MATCH(B$79,Top!$A$1:$AA$1,0)) -> MONO-01 | C83: =INDEX(Top!$A$1:$AA$400,MATCH(CONCATENATE($A$1,"_",$A83),Top!$A$1:$A$400,0),MATCH(C$79,Top!$A$1:$AA$1,0)) -> SA GARDEL | D83: =INDEX(Top!$A$1:$AA$400,MATCH(CONCATENATE($A$1,"_",$A83),Top!$A$1:$A$400,0),MATCH(D$79,Top!$A$1:$AA$1,0)) -> 250 à 499 salariés | E83: =INDEX(Top!$A$1:$AA$400,MATCH(CONCATENATE($A$1,"_",$A83),Top!$A$1:$A$400,0),MATCH(E$79,Top!$A$1:$AA$1,0)) -> 100 | F83: =INDEX(Top!$A$1:$AA$400,MATCH(CONCATENATE($A$1,"_",$A83),Top!$A$1:$A$400,0),MATCH(F$79,Top!$A$1:$AA$1,0)) -> 1081Z | G83: =INDEX(Top!$A$1:$AA$400,MATCH(CONCATENATE($A$1,"_",$A83),Top!$A$1:$A$400,0),MATCH(G$79,Top!$A$1:$AA$1,0)) -> Fabrication de sucre | H83: =INDEX(Top!$A$1:$AA$400,MATCH(CONCATENATE($A$1,"_",$A83),Top!$A$1:$A$400,0),MATCH(H$79,Top!$A$1:$AA$1,0)) -> #N/A | I83: =INDEX(Top!$A$1:$AA$400,MATCH(CONCATENATE($A$1,"_",$A83),Top!$A$1:$A$400,0),MATCH(I$79,Top!$A$1:$AA$1,0)) -> #N/A
A84: 2 | B84: =INDEX(Top!$A$1:$AA$400,MATCH(CONCATENATE($A$1,"_",$A84),Top!$A$1:$A$400,0),MATCH(B$79,Top!$A$1:$AA$1,0)) -> MONO-01 | C84: =INDEX(Top!$A$1:$AA$400,MATCH(CONCATENATE($A$1,"_",$A84),Top!$A$1:$A$400,0),MATCH(C$79,Top!$A$1:$AA$1,0)) -> SOC FABRICATION GLACES CREMES GLACEES | D84: =INDEX(Top!$A$1:$AA$400,MATCH(CONCATENATE($A$1,"_",$A84),Top!$A$1:$A$400,0),MATCH(D$79,Top!$A$1:$AA$1,0)) -> 50 à 99 salariés | E84: =INDEX(Top!$A$1:$AA$400,MATCH(CONCATENATE($A$1,"_",$A84),Top!$A$1:$A$400,0),MATCH(E$79,Top!$A$1:$AA$1,0)) -> 100 | F84: =INDEX(Top!$A$1:$AA$400,MATCH(CONCATENATE($A$1,"_",$A84),Top!$A$1:$A$400,0),MATCH(F$79,Top!$A$1:$AA$1,0)) -> 1051A | G84: =INDEX(Top!$A$1:$AA$400,MATCH(CONCATENATE($A$1,"_",$A84),Top!$A$1:$A$400,0),MATCH(G$79,Top!$A$1:$AA$1,0)) -> Fabrication de lait liquide et de produits frais | H84: =INDEX(Top!$A$1:$AA$400,MATCH(CONCATENATE($A$1,"_",$A84),Top!$A$1:$A$400,0),MATCH(H$79,Top!$A$1:$AA$1,0)) -> #N/A | I84: =INDEX(Top!$A$1:$AA$400,MATCH(CONCATENATE($A$1,"_",$A84),Top!$A$1:$A$400,0),MATCH(I$79,Top!$A$1:$AA$1,0)) -> #N/A
A85: 3 | B85: =INDEX(Top!$A$1:$AA$400,MATCH(CONCATENATE($A$1,"_",$A85),Top!$A$1:$A$400,0),MATCH(B$79,Top!$A$1:$AA$1,0)) -> MONO-01 | C85: =INDEX(Top!$A$1:$AA$400,MATCH(CONCATENATE($A$1,"_",$A85),Top!$A$1:$A$400,0),MATCH(C$79,Top!$A$1:$AA$1,0)) -> SOCIETE DES GRANDS MOULINS DES ANTILLE | D85: =INDEX(Top!$A$1:$AA$400,MATCH(CONCATENATE($A$1,"_",$A85),Top!$A$1:$A$400,0),MATCH(D$79,Top!$A$1:$AA$1,0)) -> 50 à 99 salariés | E85: =INDEX(Top!$A$1:$AA$400,MATCH(CONCATENATE($A$1,"_",$A85),Top!$A$1:$A$400,0),MATCH(E$79,Top!$A$1:$AA$1,0)) -> 100 | F85: =INDEX(Top!$A$1:$AA$400,MATCH(CONCATENATE($A$1,"_",$A85),Top!$A$1:$A$400,0),MATCH(F$79,Top!$A$1:$AA$1,0)) -> 1091Z | G85: =INDEX(Top!$A$1:$AA$400,MATCH(CONCATENATE($A$1,"_",$A85),Top!$A$1:$A$400,0),MATCH(G$79,Top!$A$1:$AA$1,0)) -> Fabrication d'aliments pour animaux de ferme | H85: =INDEX(Top!$A$1:$AA$400,MATCH(CONCATENATE($A$1,"_",$A85),Top!$A$1:$A$400,0),MATCH(H$79,Top!$A$1:$AA$1,0)) -> #N/A | I85: =INDEX(Top!$A$1:$AA$400,MATCH(CONCATENATE($A$1,"_",$A85),Top!$A$1:$A$400,0),MATCH(I$79,Top!$A$1:$AA$1,0)) -> #N/A
A86: 4 | B86: =INDEX(Top!$A$1:$AA$400,MATCH(CONCATENATE($A$1,"_",$A86),Top!$A$1:$A$400,0),MATCH(B$79,Top!$A$1:$AA$1,0)) -> QUASI-MONO-01 | C86: =INDEX(Top!$A$1:$AA$400,MATCH(CONCATENATE($A$1,"_",$A86),Top!$A$1:$A$400,0),MATCH(C$79,Top!$A$1:$AA$1,0)) -> SA SUCRERIES RHUMERIES DE MARIE GALANTE | D86: =INDEX(Top!$A$1:$AA$400,MATCH(CONCATENATE($A$1,"_",$A86),Top!$A$1:$A$400,0),MATCH(D$79,Top!$A$1:$AA$1,0)) -> 50 à 99 salariés | E86: =INDEX(Top!$A$1:$AA$400,MATCH(CONCATENATE($A$1,"_",$A86),Top!$A$1:$A$400,0),MATCH(E$79,Top!$A$1:$AA$1,0)) -> 100 | F86: =INDEX(Top!$A$1:$AA$400,MATCH(CONCATENATE($A$1,"_",$A86),Top!$A$1:$A$400,0),MATCH(F$79,Top!$A$1:$AA$1,0)) -> 1101Z | G86: =INDEX(Top!$A$1:$AA$400,MATCH(CONCATENATE($A$1,"_",$A86),Top!$A$1:$A$400,0),MATCH(G$79,Top!$A$1:$AA$1,0)) -> Production de boissons alcooliques distillées | H86: =INDEX(Top!$A$1:$AA$400,MATCH(CONCATENATE($A$1,"_",$A86),Top!$A$1:$A$400,0),MATCH(H$79,Top!$A$1:$AA$1,0)) -> #N/A | I86: =INDEX(Top!$A$1:$AA$400,MATCH(CONCATENATE($A$1,"_",$A86),Top!$A$1:$A$400,0),MATCH(I$79,Top!$A$1:$AA$1,0)) -> #N/A
A87: 5 | B87: =INDEX(Top!$A$1:$AA$400,MATCH(CONCATENATE($A$1,"_",$A87),Top!$A$1:$A$400,0),MATCH(B$79,Top!$A$1:$AA$1,0)) -> MONO-01 | C87: =INDEX(Top!$A$1:$AA$400,MATCH(CONCATENATE($A$1,"_",$A87),Top!$A$1:$A$400,0),MATCH(C$79,Top!$A$1:$AA$1,0)) -> SOCIETE DES EAUX THERMALES DE CAPES DO | D87: =INDEX(Top!$A$1:$AA$400,MATCH(CONCATENATE($A$1,"_",$A87),Top!$A$1:$A$400,0),MATCH(D$79,Top!$A$1:$AA$1,0)) -> 50 à 99 salariés | E87: =INDEX(Top!$A$1:$AA$400,MATCH(CONCATENATE($A$1,"_",$A87),Top!$A$1:$A$400,0),MATCH(E$79,Top!$A$1:$AA$1,0)) -> 100 | F87: =INDEX(Top!$A$1:$AA$400,MATCH(CONCATENATE($A$1,"_",$A87),Top!$A$1:$A$400,0),MATCH(F$79,Top!$A$1:$AA$1,0)) -> 1107A | G87: =INDEX(Top!$A$1:$AA$400,MATCH(CONCATENATE($A$1,"_",$A87),Top!$A$1:$A$400,0),MATCH(G$79,Top!$A$1:$AA$1,0)) -> Industrie des eaux de table | H87: =INDEX(Top!$A$1:$AA$400,MATCH(CONCATENATE($A$1,"_",$A87),Top!$A$1:$A$400,0),MATCH(H$79,Top!$A$1:$AA$1,0)) -> #N/A | I87: =INDEX(Top!$A$1:$AA$400,MATCH(CONCATENATE($A$1,"_",$A87),Top!$A$1:$A$400,0),MATCH(I$79,Top!$A$1:$AA$1,0)) -> #N/A
A88: 6 | B88: =INDEX(Top!$A$1:$AA$400,MATCH(CONCATENATE($A$1,"_",$A88),Top!$A$1:$A$400,0),MATCH(B$79,Top!$A$1:$AA$1,0)) -> MONO-01 | C88: =INDEX(Top!$A$1:$AA$400,MATCH(CONCATENATE($A$1,"_",$A88),Top!$A$1:$A$400,0),MATCH(C$79,Top!$A$1:$AA$1,0)) -> SOC AGRICOLE DE BOLOGNE SA | D88: =INDEX(Top!$A$1:$AA$400,MATCH(CONCATENATE($A$1,"_",$A88),Top!$A$1:$A$400,0),MATCH(D$79,Top!$A$1:$AA$1,0)) -> 20 à 49 salariés | E88: =INDEX(Top!$A$1:$AA$400,MATCH(CONCATENATE($A$1,"_",$A88),Top!$A$1:$A$400,0),MATCH(E$79,Top!$A$1:$AA$1,0)) -> 100 | F88: =INDEX(Top!$A$1:$AA$400,MATCH(CONCATENATE($A$1,"_",$A88),Top!$A$1:$A$400,0),MATCH(F$79,Top!$A$1:$AA$1,0)) -> 1101Z | G88: =INDEX(Top!$A$1:$AA$400,MATCH(CONCATENATE($A$1,"_",$A88),Top!$A$1:$A$400,0),MATCH(G$79,Top!$A$1:$AA$1,0)) -> Production de boissons alcooliques distillées | H88: =INDEX(Top!$A$1:$AA$400,MATCH(CONCATENATE($A$1,"_",$A88),Top!$A$1:$A$400,0),MATCH(H$79,Top!$A$1:$AA$1,0)) -> #N/A | I88: =INDEX(Top!$A$1:$AA$400,MATCH(CONCATENATE($A$1,"_",$A88),Top!$A$1:$A$400,0),MATCH(I$79,Top!$A$1:$AA$1,0)) -> #N/A
A89: 7 | B89: =INDEX(Top!$A$1:$AA$400,MATCH(CONCATENATE($A$1,"_",$A89),Top!$A$1:$A$400,0),MATCH(B$79,Top!$A$1:$AA$1,0)) -> MONO-01 | C89: =INDEX(Top!$A$1:$AA$400,MATCH(CONCATENATE($A$1,"_",$A89),Top!$A$1:$A$400,0),MATCH(C$79,Top!$A$1:$AA$1,0)) -> SOCIETE CADI | D89: =INDEX(Top!$A$1:$AA$400,MATCH(CONCATENATE($A$1,"_",$A89),Top!$A$1:$A$400,0),MATCH(D$79,Top!$A$1:$AA$1,0)) -> 20 à 49 salariés | E89: =INDEX(Top!$A$1:$AA$400,MATCH(CONCATENATE($A$1,"_",$A89),Top!$A$1:$A$400,0),MATCH(E$79,Top!$A$1:$AA$1,0)) -> 100 | F89: =INDEX(Top!$A$1:$AA$400,MATCH(CONCATENATE($A$1,"_",$A89),Top!$A$1:$A$400,0),MATCH(F$79,Top!$A$1:$AA$1,0)) -> 4639A | G89: =INDEX(Top!$A$1:$AA$400,MATCH(CONCATENATE($A$1,"_",$A89),Top!$A$1:$A$400,0),MATCH(G$79,Top!$A$1:$AA$1,0)) -> Commerce de gros (commerce interentreprises) de produits surgelés | H89: =INDEX(Top!$A$1:$AA$400,MATCH(CONCATENATE($A$1,"_",$A89),Top!$A$1:$A$400,0),MATCH(H$79,Top!$A$1:$AA$1,0)) -> #N/A | I89: =INDEX(Top!$A$1:$AA$400,MATCH(CONCATENATE($A$1,"_",$A89),Top!$A$1:$A$400,0),MATCH(I$79,Top!$A$1:$AA$1,0)) -> #N/A
A90: 8 | B90: =INDEX(Top!$A$1:$AA$400,MATCH(CONCATENATE($A$1,"_",$A90),Top!$A$1:$A$400,0),MATCH(B$79,Top!$A$1:$AA$1,0)) -> MONO-01 | C90: =INDEX(Top!$A$1:$AA$400,MATCH(CONCATENATE($A$1,"_",$A90),Top!$A$1:$A$400,0),MATCH(C$79,Top!$A$1:$AA$1,0)) -> COFRIGO DISTRIBUTION | D90: =INDEX(Top!$A$1:$AA$400,MATCH(CONCATENATE($A$1,"_",$A90),Top!$A$1:$A$400,0),MATCH(D$79,Top!$A$1:$AA$1,0)) -> 20 à 49 salariés | E90: =INDEX(Top!$A$1:$AA$400,MATCH(CONCATENATE($A$1,"_",$A90),Top!$A$1:$A$400,0),MATCH(E$79,Top!$A$1:$AA$1,0)) -> 100 | F90: =INDEX(Top!$A$1:$AA$400,MATCH(CONCATENATE($A$1,"_",$A90),Top!$A$1:$A$400,0),MATCH(F$79,Top!$A$1:$AA$1,0)) -> 4634Z | G90: =INDEX(Top!$A$1:$AA$400,MATCH(CONCATENATE($A$1,"_",$A90),Top!$A$1:$A$400,0),MATCH(G$79,Top!$A$1:$AA$1,0)) -> Commerce de gros (commerce interentreprises) de boissons | H90: =INDEX(Top!$A$1:$AA$400,MATCH(CONCATENATE($A$1,"_",$A90),Top!$A$1:$A$400,0),MATCH(H$79,Top!$A$1:$AA$1,0)) -> #N/A | I90: =INDEX(Top!$A$1:$AA$400,MATCH(CONCATENATE($A$1,"_",$A90),Top!$A$1:$A$400,0),MATCH(I$79,Top!$A$1:$AA$1,0)) -> #N/A
A91: 9 | B91: =INDEX(Top!$A$1:$AA$400,MATCH(CONCATENATE($A$1,"_",$A91),Top!$A$1:$A$400,0),MATCH(B$79,Top!$A$1:$AA$1,0)) -> MONO-01 | C91: =INDEX(Top!$A$1:$AA$400,MATCH(CONCATENATE($A$1,"_",$A91),Top!$A$1:$A$400,0),MATCH(C$79,Top!$A$1:$AA$1,0)) -> VIENNOISERIE PLUS | D91: =INDEX(Top!$A$1:$AA$400,MATCH(CONCATENATE($A$1,"_",$A91),Top!$A$1:$A$400,0),MATCH(D$79,Top!$A$1:$AA$1,0)) -> 20 à 49 salariés | E91: =INDEX(Top!$A$1:$AA$400,MATCH(CONCATENATE($A$1,"_",$A91),Top!$A$1:$A$400,0),MATCH(E$79,Top!$A$1:$AA$1,0)) -> 100 | F91: =INDEX(Top!$A$1:$AA$400,MATCH(CONCATENATE($A$1,"_",$A91),Top!$A$1:$A$400,0),MATCH(F$79,Top!$A$1:$AA$1,0)) -> 1071A | G91: =INDEX(Top!$A$1:$AA$400,MATCH(CONCATENATE($A$1,"_",$A91),Top!$A$1:$A$400,0),MATCH(G$79,Top!$A$1:$AA$1,0)) -> Fabrication industrielle de pain et de pâtisserie fraîche | H91: =INDEX(Top!$A$1:$AA$400,MATCH(CONCATENATE($A$1,"_",$A91),Top!$A$1:$A$400,0),MATCH(H$79,Top!$A$1:$AA$1,0)) -> #N/A | I91: =INDEX(Top!$A$1:$AA$400,MATCH(CONCATENATE($A$1,"_",$A91),Top!$A$1:$A$400,0),MATCH(I$79,Top!$A$1:$AA$1,0)) -> #N/A
A92: 10 | B92: =INDEX(Top!$A$1:$AA$400,MATCH(CONCATENATE($A$1,"_",$A92),Top!$A$1:$A$400,0),MATCH(B$79,Top!$A$1:$AA$1,0)) -> MONO-01 | C92: =INDEX(Top!$A$1:$AA$400,MATCH(CONCATENATE($A$1,"_",$A92),Top!$A$1:$A$400,0),MATCH(C$79,Top!$A$1:$AA$1,0)) -> PRIMANTILLES | D92: =INDEX(Top!$A$1:$AA$400,MATCH(CONCATENATE($A$1,"_",$A92),Top!$A$1:$A$400,0),MATCH(D$79,Top!$A$1:$AA$1,0)) -> 20 à 49 salariés | E92: =INDEX(Top!$A$1:$AA$400,MATCH(CONCATENATE($A$1,"_",$A92),Top!$A$1:$A$400,0),MATCH(E$79,Top!$A$1:$AA$1,0)) -> 100 | F92: =INDEX(Top!$A$1:$AA$400,MATCH(CONCATENATE($A$1,"_",$A92),Top!$A$1:$A$400,0),MATCH(F$79,Top!$A$1:$AA$1,0)) -> 4632A | G92: =INDEX(Top!$A$1:$AA$400,MATCH(CONCATENATE($A$1,"_",$A92),Top!$A$1:$A$400,0),MATCH(G$79,Top!$A$1:$AA$1,0)) -> Commerce de gros (commerce interentreprises) de viandes de boucherie | H92: =INDEX(Top!$A$1:$AA$400,MATCH(CONCATENATE($A$1,"_",$A92),Top!$A$1:$A$400,0),MATCH(H$79,Top!$A$1:$AA$1,0)) -> #N/A | I92: =INDEX(Top!$A$1:$AA$400,MATCH(CONCATENATE($A$1,"_",$A92),Top!$A$1:$A$400,0),MATCH(I$79,Top!$A$1:$AA$1,0)) -> #N/A
A93: 11 | B93: =INDEX(Top!$A$1:$AA$400,MATCH(CONCATENATE($A$1,"_",$A93),Top!$A$1:$A$400,0),MATCH(B$79,Top!$A$1:$AA$1,0)) -> MONO-01 | C93: =INDEX(Top!$A$1:$AA$400,MATCH(CONCATENATE($A$1,"_",$A93),Top!$A$1:$A$400,0),MATCH(C$79,Top!$A$1:$AA$1,0)) -> SOC D'EXPLOITATION DE BERGEVIN | D93: =INDEX(Top!$A$1:$AA$400,MATCH(CONCATENATE($A$1,"_",$A93),Top!$A$1:$A$400,0),MATCH(D$79,Top!$A$1:$AA$1,0)) -> 20 à 49 salariés | E93: =INDEX(Top!$A$1:$AA$400,MATCH(CONCATENATE($A$1,"_",$A93),Top!$A$1:$A$400,0),MATCH(E$79,Top!$A$1:$AA$1,0)) -> 100 | F93: =INDEX(Top!$A$1:$AA$400,MATCH(CONCATENATE($A$1,"_",$A93),Top!$A$1:$A$400,0),MATCH(F$79,Top!$A$1:$AA$1,0)) -> 4632B | G93: =INDEX(Top!$A$1:$AA$400,MATCH(CONCATENATE($A$1,"_",$A93),Top!$A$1:$A$400,0),MATCH(G$79,Top!$A$1:$AA$1,0)) -> Commerce de gros (commerce interentreprises) de produits à base de viande | H93: =INDEX(Top!$A$1:$AA$400,MATCH(CONCATENATE($A$1,"_",$A93),Top!$A$1:$A$400,0),MATCH(H$79,Top!$A$1:$AA$1,0)) -> #N/A | I93: =INDEX(Top!$A$1:$AA$400,MATCH(CONCATENATE($A$1,"_",$A93),Top!$A$1:$A$400,0),MATCH(I$79,Top!$A$1:$AA$1,0)) -> #N/A
A94: 12 | B94: =INDEX(Top!$A$1:$AA$400,MATCH(CONCATENATE($A$1,"_",$A94),Top!$A$1:$A$400,0),MATCH(B$79,Top!$A$1:$AA$1,0)) -> MONO-01 | C94: =INDEX(Top!$A$1:$AA$400,MATCH(CONCATENATE($A$1,"_",$A94),Top!$A$1:$A$400,0),MATCH(C$79,Top!$A$1:$AA$1,0)) -> LP GUADELOUPE | D94: =INDEX(Top!$A$1:$AA$400,MATCH(CONCATENATE($A$1,"_",$A94),Top!$A$1:$A$400,0),MATCH(D$79,Top!$A$1:$AA$1,0)) -> 20 à 49 salariés | E94: =INDEX(Top!$A$1:$AA$400,MATCH(CONCATENATE($A$1,"_",$A94),Top!$A$1:$A$400,0),MATCH(E$79,Top!$A$1:$AA$1,0)) -> 100 | F94: =INDEX(Top!$A$1:$AA$400,MATCH(CONCATENATE($A$1,"_",$A94),Top!$A$1:$A$400,0),MATCH(F$79,Top!$A$1:$AA$1,0)) -> 4639B | G94: =INDEX(Top!$A$1:$AA$400,MATCH(CONCATENATE($A$1,"_",$A94),Top!$A$1:$A$400,0),MATCH(G$79,Top!$A$1:$AA$1,0)) -> Commerce de gros (commerce interentreprises) alimentaire non spécialisé | H94: =INDEX(Top!$A$1:$AA$400,MATCH(CONCATENATE($A$1,"_",$A94),Top!$A$1:$A$400,0),MATCH(H$79,Top!$A$1:$AA$1,0)) -> #N/A | I94: =INDEX(Top!$A$1:$AA$400,MATCH(CONCATENATE($A$1,"_",$A94),Top!$A$1:$A$400,0),MATCH(I$79,Top!$A$1:$AA$1,0)) -> #N/A
... A102: 20 | B102: =INDEX(Top!$A$1:$AA$400,MATCH(CONCATENATE($A$1,"_",$A102),Top!$A$1:$A$400,0),MATCH(B$79,Top!$A$1:$AA$1,0)) -> MONO-01 | C102: =INDEX(Top!$A$1:$AA$400,MATCH(CONCATENATE($A$1,"_",$A102),Top!$A$1:$A$400,0),MATCH(C$79,Top!$A$1:$AA$1,0)) -> NOUVELLE SOPRI | D102: =INDEX(Top!$A$1:$AA$400,MATCH(CONCATENATE($A$1,"_",$A102),Top!$A$1:$A$400,0),MATCH(D$79,Top!$A$1:$AA$1,0)) -> 20 à 49 salariés | E102: =INDEX(Top!$A$1:$AA$400,MATCH(CONCATENATE($A$1,"_",$A102),Top!$A$1:$A$400,0),MATCH(E$79,Top!$A$1:$AA$1,0)) -> 100 | F102: =INDEX(Top!$A$1:$AA$400,MATCH(CONCATENATE($A$1,"_",$A102),Top!$A$1:$A$400,0),MATCH(F$79,Top!$A$1:$AA$1,0)) -> 4639B | G102: =INDEX(Top!$A$1:$AA$400,MATCH(CONCATENATE($A$1,"_",$A102),Top!$A$1:$A$400,0),MATCH(G$79,Top!$A$1:$AA$1,0)) -> Commerce de gros (commerce interentreprises) alimentaire non spécialisé | H102: =INDEX(Top!$A$1:$AA$400,MATCH(CONCATENATE($A$1,"_",$A102),Top!$A$1:$A$400,0),MATCH(H$79,Top!$A$1:$AA$1,0)) -> #N/A | I102: =INDEX(Top!$A$1:$AA$400,MATCH(CONCATENATE($A$1,"_",$A102),Top!$A$1:$A$400,0),MATCH(I$79,Top!$A$1:$AA$1,0)) -> #N/A
B103: Entreprises régionales : Une entreprise monorégionale (MONO) a 100 % de ses effectifs dans la région. Une entreprise quasi mono-régionale (QUASI-MONO) a entre 80 % et moins de 100 % de ses effectifs dans la région.
B104: Entreprises polyrégionales : Une entreprise majoritairement régionale (MAJO) a entre 50 % et moins de 80 % de ses effectifs dans la région. Les autres entreprises polyrégionales (PRINCIPAL-numéro_de_la_région_principale) ont moins de 50 % de leurs effectifs dans la région.
B105: nd : donnée non disponible
B106: Champ : France (hors Mayotte) - unités légales des secteurs marchands non agricoles et non financiers
B107: unités légales des secteurs agroalimentaires (industries alimentaires et fabrication de boissons (division 10 et 11 de NAF rév. 2 ) et commerce de gros de produits agroalimentaires (groupe 462 et groupe 463, hors sous-classe 4635Z : commerce de gros de produits à base de tabac)
B108: =Comparatif!B29 -> Sources : Esane 2021 à méthode 2022, Flores 2022, Sirus, Insee - traitements SSP

Sheet 02
A1: =RIGHT(CELL("nomfichier",A1),LEN(CELL("nomfichier",A1))-FIND("]",CELL("nomfichier",A1))) -> 02 | B1: =VLOOKUP(A1,Sommaire!A15:B31,2,0) -> Martinique
B3: Tableau 1. Représentativité des entreprises régionales
D4: ='01'!D4 -> nb_ul_MONO_secret | E4: ='01'!E4 -> nb_sal_secret | F4: ='01'!F4 -> nb_sal_reg_secret | G4: ='01'!G4 -> part_sal_secret | H4: ='01'!H4 -> nb_ul_POLY_secret
A5: Code d'activité | B5: ='01'!B5 -> Code d'activité | C5: ='01'!C5 -> Secteur d'activité | D5: ='01'!D5 -> Nombre d'entreprises (unités légales) régionales (ayant au moins 80% de leurs salariés dans la région) | E5: Nombre de salariés* dans la région pour les seules entreprises régionales (a) | F5: Nombre total de salariés dans la région (A) | G5: Part des salariés des entreprises régionales parmi les salariés de la région (%) a/A | H5: Nombre d'entreprises (unités légales) implantées dans la région, mais polyrégionales**
D6: nombre | G6: % | H6: nombre
A7: IAA_CGA_AC | B7: IAA_CGA_AC | C7: Ensemble des entreprises agroalimentaires de la région | D7: =INDEX(Table0,MATCH($A$1&"_"&$A7,T0colonne,0),MATCH(D$4,T0ligne,0)) -> 583 | E7: =INDEX(Table0,MATCH($A$1&"_"&$A7,T0colonne,0),MATCH(E$4,T0ligne,0)) -> 3289 | F7: =INDEX(Table0,MATCH($A$1&"_"&$A7,T0colonne,0),MATCH(F$4,T0ligne,0)) -> 3424 | G7: =INDEX(Table0,MATCH($A$1&"_"&$A7,T0colonne,0),MATCH(G$4,T0ligne,0)) -> 96 | H7: =INDEX(Table0,MATCH($A$1&"_"&$A7,T0colonne,0),MATCH(H$4,T0ligne,0)) -> 22
A8: IAA_hac | B8: IAA_hac | C8: IAA : Industries alimentaires (hors artisanat commercial) et boissons | D8: =INDEX(Table0,MATCH($A$1&"_"&$A8,T0colonne,0),MATCH(D$4,T0ligne,0)) -> 236 | E8: =INDEX(Table0,MATCH($A$1&"_"&$A8,T0colonne,0),MATCH(E$4,T0ligne,0)) -> 1590 | F8: =INDEX(Table0,MATCH($A$1&"_"&$A8,T0colonne,0),MATCH(F$4,T0ligne,0)) -> 1613 | G8: =INDEX(Table0,MATCH($A$1&"_"&$A8,T0colonne,0),MATCH(G$4,T0ligne,0)) -> 99 | H8: =INDEX(Table0,MATCH($A$1&"_"&$A8,T0colonne,0),MATCH(H$4,T0ligne,0)) -> 5
A9: 10_hac | B9: 10_hac | C9: Industries alimentaires hors artisanat commercial | D9: =INDEX(Table0,MATCH($A$1&"_"&$A9,T0colonne,0),MATCH(D$4,T0ligne,0)) -> 195 | E9: =INDEX(Table0,MATCH($A$1&"_"&$A9,T0colonne,0),MATCH(E$4,T0ligne,0)) -> 1000 | F9: =INDEX(Table0,MATCH($A$1&"_"&$A9,T0colonne,0),MATCH(F$4,T0ligne,0)) -> 1023 | G9: =INDEX(Table0,MATCH($A$1&"_"&$A9,T0colonne,0),MATCH(G$4,T0ligne,0)) -> 98 | H9: =INDEX(Table0,MATCH($A$1&"_"&$A9,T0colonne,0),MATCH(H$4,T0ligne,0)) -> 5
A10: 101_hac | B10: 101_hac | C10: Transformation et conservation de la viande et préparation de produits à base de viande hors charcuterie | D10: =INDEX(Table0,MATCH($A$1&"_"&$A10,T0colonne,0),MATCH(D$4,T0ligne,0)) -> 18 | E10: =INDEX(Table0,MATCH($A$1&"_"&$A10,T0colonne,0),MATCH(E$4,T0ligne,0)) -> 164 | F10: =INDEX(Table0,MATCH($A$1&"_"&$A10,T0colonne,0),MATCH(F$4,T0ligne,0)) -> 164 | G10: =INDEX(Table0,MATCH($A$1&"_"&$A10,T0colonne,0),MATCH(G$4,T0ligne,0)) -> 100 | H10: =INDEX(Table0,MATCH($A$1&"_"&$A10,T0colonne,0),MATCH(H$4,T0ligne,0)) -> 0
A11: 102 | B11: 102 | C11: Transformation et conservation de poisson, de crustacés et de mollusques | D11: =INDEX(Table0,MATCH($A$1&"_"&$A11,T0colonne,0),MATCH(D$4,T0ligne,0)) -> 10 | E11: =INDEX(Table0,MATCH($A$1&"_"&$A11,T0colonne,0),MATCH(E$4,T0ligne,0)) -> 18 | F11: =INDEX(Table0,MATCH($A$1&"_"&$A11,T0colonne,0),MATCH(F$4,T0ligne,0)) -> 18 | G11: =INDEX(Table0,MATCH($A$1&"_"&$A11,T0colonne,0),MATCH(G$4,T0ligne,0)) -> 100 | H11: =INDEX(Table0,MATCH($A$1&"_"&$A11,T0colonne,0),MATCH(H$4,T0ligne,0)) -> 0
A12: 103 | B12: 103 | C12: Transformation et conservation de fruits et légumes | D12: =INDEX(Table0,MATCH($A$1&"_"&$A12,T0colonne,0),MATCH(D$4,T0ligne,0)) -> 40 | E12: =INDEX(Table0,MATCH($A$1&"_"&$A12,T0colonne,0),MATCH(E$4,T0ligne,0)) -> 83 | F12: =INDEX(Table0,MATCH($A$1&"_"&$A12,T0colonne,0),MATCH(F$4,T0ligne,0)) -> 83 | G12: =INDEX(Table0,MATCH($A$1&"_"&$A12,T0colonne,0),MATCH(G$4,T0ligne,0)) -> 100 | H12: =INDEX(Table0,MATCH($A$1&"_"&$A12,T0colonne,0),MATCH(H$4,T0ligne,0)) -> 0
A13: 104 | B13: 104 | C13: Fabrication d'huiles et graisses végétales et animales | D13: =INDEX(Table0,MATCH($A$1&"_"&$A13,T0colonne,0),MATCH(D$4,T0ligne,0)) -> s | E13: =INDEX(Table0,MATCH($A$1&"_"&$A13,T0colonne,0),MATCH(E$4,T0ligne,0)) -> s | F13: =INDEX(Table0,MATCH($A$1&"_"&$A13,T0colonne,0),MATCH(F$4,T0ligne,0)) -> s | G13: =INDEX(Table0,MATCH($A$1&"_"&$A13,T0colonne,0),MATCH(G$4,T0ligne,0)) -> s | H13: =INDEX(Table0,MATCH($A$1&"_"&$A13,T0colonne,0),MATCH(H$4,T0ligne,0)) -> 0
A14: 105 | B14: 105 | C14: Fabrication de produits laitiers | D14: =INDEX(Table0,MATCH($A$1&"_"&$A14,T0colonne,0),MATCH(D$4,T0ligne,0)) -> 21 | E14: =INDEX(Table0,MATCH($A$1&"_"&$A14,T0colonne,0),MATCH(E$4,T0ligne,0)) -> 218 | F14: =INDEX(Table0,MATCH($A$1&"_"&$A14,T0colonne,0),MATCH(F$4,T0ligne,0)) -> 218 | G14: =INDEX(Table0,MATCH($A$1&"_"&$A14,T0colonne,0),MATCH(G$4,T0ligne,0)) -> 100 | H14: =INDEX(Table0,MATCH($A$1&"_"&$A14,T0colonne,0),MATCH(H$4,T0ligne,0)) -> 0
A15: 106 | B15: 106 | C15: Travail des grains - fabrication de produits amylacés | D15: =INDEX(Table0,MATCH($A$1&"_"&$A15,T0colonne,0),MATCH(D$4,T0ligne,0)) -> 5 | E15: =INDEX(Table0,MATCH($A$1&"_"&$A15,T0colonne,0),MATCH(E$4,T0ligne,0)) -> 64 | F15: =INDEX(Table0,MATCH($A$1&"_"&$A15,T0colonne,0),MATCH(F$4,T0ligne,0)) -> 77 | G15: =INDEX(Table0,MATCH($A$1&"_"&$A15,T0colonne,0),MATCH(G$4,T0ligne,0)) -> 83 | H15: =INDEX(Table0,MATCH($A$1&"_"&$A15,T0colonne,0),MATCH(H$4,T0ligne,0)) -> s
A16: 107_hac | B16: 107_hac | C16: Fabrication de produits de boulangerie-pâtisserie et de pâtes alimentaires hors artisanat commercial | D16: =INDEX(Table0,MATCH($A$1&"_"&$A16,T0colonne,0),MATCH(D$4,T0ligne,0)) -> 21 | E16: =INDEX(Table0,MATCH($A$1&"_"&$A16,T0colonne,0),MATCH(E$4,T0ligne,0)) -> 122 | F16: =INDEX(Table0,MATCH($A$1&"_"&$A16,T0colonne,0),MATCH(F$4,T0ligne,0)) -> 123 | G16: =INDEX(Table0,MATCH($A$1&"_"&$A16,T0colonne,0),MATCH(G$4,T0ligne,0)) -> 99 | H16: =INDEX(Table0,MATCH($A$1&"_"&$A16,T0colonne,0),MATCH(H$4,T0ligne,0)) -> s
A17: 108 | B17: 108 | C17: Fabrication d'autres produits alimentaires | D17: =INDEX(Table0,MATCH($A$1&"_"&$A17,T0colonne,0),MATCH(D$4,T0ligne,0)) -> 75 | E17: =INDEX(Table0,MATCH($A$1&"_"&$A17,T0colonne,0),MATCH(E$4,T0ligne,0)) -> 250 | F17: =INDEX(Table0,MATCH($A$1&"_"&$A17,T0colonne,0),MATCH(F$4,T0ligne,0)) -> 259 | G17: =INDEX(Table0,MATCH($A$1&"_"&$A17,T0colonne,0),MATCH(G$4,T0ligne,0)) -> 97 | H17: =INDEX(Table0,MATCH($A$1&"_"&$A17,T0colonne,0),MATCH(H$4,T0ligne,0)) -> s
A18: 109 | B18: 109 | C18: Fabrication d'aliments pour animaux | D18: =INDEX(Table0,MATCH($A$1&"_"&$A18,T0colonne,0),MATCH(D$4,T0ligne,0)) -> s | E18: =INDEX(Table0,MATCH($A$1&"_"&$A18,T0colonne,0),MATCH(E$4,T0ligne,0)) -> s | F18: =INDEX(Table0,MATCH($A$1&"_"&$A18,T0colonne,0),MATCH(F$4,T0ligne,0)) -> s | G18: =INDEX(Table0,MATCH($A$1&"_"&$A18,T0colonne,0),MATCH(G$4,T0ligne,0)) -> s | H18: =INDEX(Table0,MATCH($A$1&"_"&$A18,T0colonne,0),MATCH(H$4,T0ligne,0)) -> 0
A19: 11 | B19: 11 | C19: Fabrication de boissons | D19: =INDEX(Table0,MATCH($A$1&"_"&$A19,T0colonne,0),MATCH(D$4,T0ligne,0)) -> 41 | E19: =INDEX(Table0,MATCH($A$1&"_"&$A19,T0colonne,0),MATCH(E$4,T0ligne,0)) -> 590 | F19: =INDEX(Table0,MATCH($A$1&"_"&$A19,T0colonne,0),MATCH(F$4,T0ligne,0)) -> 590 | G19: =INDEX(Table0,MATCH($A$1&"_"&$A19,T0colonne,0),MATCH(G$4,T0ligne,0)) -> 100 | H19: =INDEX(Table0,MATCH($A$1&"_"&$A19,T0colonne,0),MATCH(H$4,T0ligne,0)) -> 0
A20: 10y | B20: 10y | C20: Artisanat commercial | D20: =INDEX(Table0,MATCH($A$1&"_"&$A20,T0colonne,0),MATCH(D$4,T0ligne,0)) -> 220 | E20: =INDEX(Table0,MATCH($A$1&"_"&$A20,T0colonne,0),MATCH(E$4,T0ligne,0)) -> 1033 | F20: =INDEX(Table0,MATCH($A$1&"_"&$A20,T0colonne,0),MATCH(F$4,T0ligne,0)) -> 1033 | G20: =INDEX(Table0,MATCH($A$1&"_"&$A20,T0colonne,0),MATCH(G$4,T0ligne,0)) -> 100 | H20: =INDEX(Table0,MATCH($A$1&"_"&$A20,T0colonne,0),MATCH(H$4,T0ligne,0)) -> 0
A21: CGA | B21: CGA | C21: Commerce de gros de produits agroalimentaires | D21: =INDEX(Table0,MATCH($A$1&"_"&$A21,T0colonne,0),MATCH(D$4,T0ligne,0)) -> 127 | E21: =INDEX(Table0,MATCH($A$1&"_"&$A21,T0colonne,0),MATCH(E$4,T0ligne,0)) -> 666 | F21: =INDEX(Table0,MATCH($A$1&"_"&$A21,T0colonne,0),MATCH(F$4,T0ligne,0)) -> 778 | G21: =INDEX(Table0,MATCH($A$1&"_"&$A21,T0colonne,0),MATCH(G$4,T0ligne,0)) -> 86 | H21: =INDEX(Table0,MATCH($A$1&"_"&$A21,T0colonne,0),MATCH(H$4,T0ligne,0)) -> 17
A22: 462 | B22: 462 | C22: Commerce de gros de produits agricoles bruts et d'animaux vivants | D22: =INDEX(Table0,MATCH($A$1&"_"&$A22,T0colonne,0),MATCH(D$4,T0ligne,0)) -> 6 | E22: =INDEX(Table0,MATCH($A$1&"_"&$A22,T0colonne,0),MATCH(E$4,T0ligne,0)) -> 10 | F22: =INDEX(Table0,MATCH($A$1&"_"&$A22,T0colonne,0),MATCH(F$4,T0ligne,0)) -> 10 | G22: =INDEX(Table0,MATCH($A$1&"_"&$A22,T0colonne,0),MATCH(G$4,T0ligne,0)) -> 100 | H22: =INDEX(Table0,MATCH($A$1&"_"&$A22,T0colonne,0),MATCH(H$4,T0ligne,0)) -> 0
A23: 463_h4635Z | B23: 463_h4635Z | C23: Commerce de gros de produits alimentaires, de boissons hors tabac | D23: =INDEX(Table0,MATCH($A$1&"_"&$A23,T0colonne,0),MATCH(D$4,T0ligne,0)) -> 121 | E23: =INDEX(Table0,MATCH($A$1&"_"&$A23,T0colonne,0),MATCH(E$4,T0ligne,0)) -> 656 | F23: =INDEX(Table0,MATCH($A$1&"_"&$A23,T0colonne,0),MATCH(F$4,T0ligne,0)) -> 768 | G23: =INDEX(Table0,MATCH($A$1&"_"&$A23,T0colonne,0),MATCH(G$4,T0ligne,0)) -> 85 | H23: =INDEX(Table0,MATCH($A$1&"_"&$A23,T0colonne,0),MATCH(H$4,T0ligne,0)) -> 17
B24: ='01'!B24 -> NB : Ce tableau permet d'apprécier la représentativité des entreprises régionales pour un secteur donné. Si la part des salariés des entreprises régionales parmi les salariés de la région (a/A) avoisine les 80%, on peut considérer que les entreprises régionales représentent suffisament le secteur dans la région pour diffuser leurs résultats économiques.
B25: Champ : France (hors Mayotte) - unités légales des secteurs marchands non agricoles et non financiers (y compris micro-entrepreneurs) - secteurs agroalimentaires (industries alimentaires et fabrication de boissons (division 10 et 11 de NAF rév. 2 ) et commerce de gros de produits agroalimentaires (groupe 462 et groupe 463, hors sous-classe 4635Z : commerce de gros de produits à base de tabac)
B26: *Salariés en équivalent temps plein. **Entreprise polyrégionale : entreprise ayant moins de 80% de ses salariés dans la région
B27: =Comparatif!B29 -> Sources : Esane 2021 à méthode 2022, Flores 2022, Sirus, Insee - traitements SSP
B29: ='01'!B29 -> Tableau 2. Chiffres clés des entreprises agroalimentaires régionales en 2021 | Q29: Organisation et débouchés de la production | U29: Partage de la VA | W29: Ratios de rentabilité | Y29: Ratios d'endettement, de solvabilité et de liquidité | AA29: Ratios d'investissement
E30: ='01'!E30 -> nb_ul_secret | F30: redi_e200_secret | G30: E300_tot | H30: ='01'!H30 -> redi_r310_secret | I30: ='01'!I30 -> redi_r410_secret | J30: ='01'!J30 -> redi_r003_secret | K30: ='01'!K30 -> fraispers_secret | L30: ='01'!L30 -> redi_r005_secret | M30: ='01'!M30 -> redi_r008_secret | N30: ='01'!N30 -> redi_r103_secret | O30: ='01'!O30 -> r100_tot_secret | ... AB30: ='01'!AB30 -> TX_AUTOFIN_secret
A31: ='01'!A31 -> R_T2 | B31: ='01'!B31 -> Code d'activité | C31: ='01'!C31 -> Secteur d'activité | D31: Catégorie d'entreprise (*) | E31: ='01'!E31 -> Nombre d'unités légales | F31: ='01'!F31 -> Effectifs salariés en équivalent temps plein | G31: ='01'!G31 -> Effectifs salariés au 31 décembre | H31: ='01'!H31 -> Chiffre d'affaires Hors Taxes | I31: ='01'!I31 -> Chiffre d'affaires à l'exportation hors taxes | J31: ='01'!J31 -> Valeur ajoutée - y compris autres produits et autres charges | K31: ='01'!K31 -> Frais de personnel | L31: ='01'!L31 -> Excédent brut d'exploitation | ... AB31: ='01'!AB31 -> Taux d'autofinancement
E32: ='01'!E32 -> nombre | H32: ='01'!H32 -> milliers d'euros | Q32: ='01'!Q32 -> % | S32: ='01'!S32 -> milliers d'euros | U32: ='01'!U32 -> %
A33: ='01'!A33 -> IAA_CGA_AC | B33: ='01'!B33 -> IAA_CGA_AC | C33: ='01'!C33 -> Ensemble des entreprises agroalimentaires de la région | E33: =INDEX(table,MATCH($A$1&"_"&$A33,Tcolonne,0),MATCH(E$30,Tligne,0)) -> 583 | F33: =INDEX(table,MATCH($A$1&"_"&$A33,Tcolonne,0),MATCH(F$30,Tligne,0)) -> 3292.54 | G33: =INDEX(table,MATCH($A$1&"_"&$A33,Tcolonne,0),MATCH(G$30,Tligne,0)) -> 3596 | H33: =INDEX(table,MATCH($A$1&"_"&$A33,Tcolonne,0),MATCH(H$30,Tligne,0)) -> 1312151.2 | I33: =INDEX(table,MATCH($A$1&"_"&$A33,Tcolonne,0),MATCH(I$30,Tligne,0)) -> 105260.77 | J33: =INDEX(table,MATCH($A$1&"_"&$A33,Tcolonne,0),MATCH(J$30,Tligne,0)) -> 217144.68 | K33: =INDEX(table,MATCH($A$1&"_"&$A33,Tcolonne,0),MATCH(K$30,Tligne,0)) -> 138510.78 | L33: =INDEX(table,MATCH($A$1&"_"&$A33,Tcolonne,0),MATCH(L$30,Tligne,0)) -> 76858.932 | ... AB33: =INDEX(table,MATCH($A$1&"_"&$A33,Tcolonne,0),MATCH(AB$30,Tligne,0)) -> 139.42694
A34: ='01'!A34 -> p_IAA_CGA_AC_BN_horsKZ | C34: ='01'!C34 -> Poids dans l'économie marchande non agricole et non financière de la région (%) | E34: =E33/E69*100 -> 1.7979954 | F34: =F33/F69*100 -> 8.322822 | G34: =G33/G69*100 -> 7.6492736 | H34: =H33/H69*100 -> 11.013592 | I34: =I33/I69*100 -> 24.194441 | J34: =J33/J69*100 -> 7.2220993 | K34: =K33/K69*100 -> 7.3292282 | L34: =L33/L69*100 -> 6.9280002 | ... P34: =P33/P69*100 -> 3.5210309
A36: ='01'!A36 -> IAA_hac | B36: ='01'!B36 -> IAA_hac | C36: ='01'!C36 -> IAA : Industries alimentaires (hors artisanat commercial) et boissons | E36: =INDEX(table,MATCH($A$1&"_"&$A36,Tcolonne,0),MATCH(E$30,Tligne,0)) -> 236 | F36: =INDEX(table,MATCH($A$1&"_"&$A36,Tcolonne,0),MATCH(F$30,Tligne,0)) -> 1592.42 | G36: =INDEX(table,MATCH($A$1&"_"&$A36,Tcolonne,0),MATCH(G$30,Tligne,0)) -> 1721 | H36: =INDEX(table,MATCH($A$1&"_"&$A36,Tcolonne,0),MATCH(H$30,Tligne,0)) -> 476090.01 | I36: =INDEX(table,MATCH($A$1&"_"&$A36,Tcolonne,0),MATCH(I$30,Tligne,0)) -> 52618.698 | J36: =INDEX(table,MATCH($A$1&"_"&$A36,Tcolonne,0),MATCH(J$30,Tligne,0)) -> 106598.63 | K36: =INDEX(table,MATCH($A$1&"_"&$A36,Tcolonne,0),MATCH(K$30,Tligne,0)) -> 73079.287 | L36: =INDEX(table,MATCH($A$1&"_"&$A36,Tcolonne,0),MATCH(L$30,Tligne,0)) -> 41240.78 | ... AB36: =INDEX(table,MATCH($A$1&"_"&$A36,Tcolonne,0),MATCH(AB$30,Tligne,0)) -> 102.68008
A37: ='01'!A37 -> p_IAA_hac_C_hac | C37: ='01'!C37 -> Poids dans l'industrie manufacturière (hors artisanat commercial) de la région (%) | E37: =E36/E66*100 -> 17.226277 | F37: =F36/F66*100 -> 36.845795 | G37: =G36/G66*100 -> 36.773504 | H37: =H36/H66*100 -> 27.160586 | I37: =I36/I66*100 -> 22.905111 | J37: =J36/J66*100 -> 31.111321 | K37: =K36/K66*100 -> 33.419352 | L37: =L36/L66*100 -> 32.80345 | ... P37: =P36/P66*100 -> 39.125582
A38: ='01'!A38 -> IAA_hac_Micro | D38: Micro | E38: =INDEX(table,MATCH($A$1&"_"&$A38,Tcolonne,0),MATCH(E$30,Tligne,0)) -> 182 | F38: =INDEX(table,MATCH($A$1&"_"&$A38,Tcolonne,0),MATCH(F$30,Tligne,0)) -> 154.19 | G38: =INDEX(table,MATCH($A$1&"_"&$A38,Tcolonne,0),MATCH(G$30,Tligne,0)) -> 218 | H38: =INDEX(table,MATCH($A$1&"_"&$A38,Tcolonne,0),MATCH(H$30,Tligne,0)) -> 30242 | I38: =INDEX(table,MATCH($A$1&"_"&$A38,Tcolonne,0),MATCH(I$30,Tligne,0)) -> s | J38: =INDEX(table,MATCH($A$1&"_"&$A38,Tcolonne,0),MATCH(J$30,Tligne,0)) -> 5139.603 | K38: =INDEX(table,MATCH($A$1&"_"&$A38,Tcolonne,0),MATCH(K$30,Tligne,0)) -> 5321.305 | L38: =INDEX(table,MATCH($A$1&"_"&$A38,Tcolonne,0),MATCH(L$30,Tligne,0)) -> 1213.145 | ... AB38: =INDEX(table,MATCH($A$1&"_"&$A38,Tcolonne,0),MATCH(AB$30,Tligne,0)) -> 63.282054
A39: ='01'!A39 -> IAA_hac_PME | D39: PME | E39: =INDEX(table,MATCH($A$1&"_"&$A39,Tcolonne,0),MATCH(E$30,Tligne,0)) -> 30 | F39: =INDEX(table,MATCH($A$1&"_"&$A39,Tcolonne,0),MATCH(F$30,Tligne,0)) -> 565.43 | G39: =INDEX(table,MATCH($A$1&"_"&$A39,Tcolonne,0),MATCH(G$30,Tligne,0)) -> 608 | H39: =INDEX(table,MATCH($A$1&"_"&$A39,Tcolonne,0),MATCH(H$30,Tligne,0)) -> 138891.52 | I39: =INDEX(table,MATCH($A$1&"_"&$A39,Tcolonne,0),MATCH(I$30,Tligne,0)) -> s | J39: =INDEX(table,MATCH($A$1&"_"&$A39,Tcolonne,0),MATCH(J$30,Tligne,0)) -> 28024.249 | K39: =INDEX(table,MATCH($A$1&"_"&$A39,Tcolonne,0),MATCH(K$30,Tligne,0)) -> 25027.924 | L39: =INDEX(table,MATCH($A$1&"_"&$A39,Tcolonne,0),MATCH(L$30,Tligne,0)) -> 11079.947 | ... AB39: =INDEX(table,MATCH($A$1&"_"&$A39,Tcolonne,0),MATCH(AB$30,Tligne,0)) -> 67.288709
A40: ='01'!A40 -> IAA_hac_ETI | D40: ETI | E40: =INDEX(table,MATCH($A$1&"_"&$A40,Tcolonne,0),MATCH(E$30,Tligne,0)) -> s | F40: =INDEX(table,MATCH($A$1&"_"&$A40,Tcolonne,0),MATCH(F$30,Tligne,0)) -> s | G40: =INDEX(table,MATCH($A$1&"_"&$A40,Tcolonne,0),MATCH(G$30,Tligne,0)) -> 838 | H40: =INDEX(table,MATCH($A$1&"_"&$A40,Tcolonne,0),MATCH(H$30,Tligne,0)) -> s | I40: =INDEX(table,MATCH($A$1&"_"&$A40,Tcolonne,0),MATCH(I$30,Tligne,0)) -> s | J40: =INDEX(table,MATCH($A$1&"_"&$A40,Tcolonne,0),MATCH(J$30,Tligne,0)) -> s | K40: =INDEX(table,MATCH($A$1&"_"&$A40,Tcolonne,0),MATCH(K$30,Tligne,0)) -> s | L40: =INDEX(table,MATCH($A$1&"_"&$A40,Tcolonne,0),MATCH(L$30,Tligne,0)) -> s | ... AB40: =INDEX(table,MATCH($A$1&"_"&$A40,Tcolonne,0),MATCH(AB$30,Tligne,0)) -> s
A41: ='01'!A41 -> IAA_hac_GE | D41: GE | E41: =INDEX(table,MATCH($A$1&"_"&$A41,Tcolonne,0),MATCH(E$30,Tligne,0)) -> s | F41: =INDEX(table,MATCH($A$1&"_"&$A41,Tcolonne,0),MATCH(F$30,Tligne,0)) -> s | G41: =INDEX(table,MATCH($A$1&"_"&$A41,Tcolonne,0),MATCH(G$30,Tligne,0)) -> 57 | H41: =INDEX(table,MATCH($A$1&"_"&$A41,Tcolonne,0),MATCH(H$30,Tligne,0)) -> s | I41: =INDEX(table,MATCH($A$1&"_"&$A41,Tcolonne,0),MATCH(I$30,Tligne,0)) -> s | J41: =INDEX(table,MATCH($A$1&"_"&$A41,Tcolonne,0),MATCH(J$30,Tligne,0)) -> s | K41: =INDEX(table,MATCH($A$1&"_"&$A41,Tcolonne,0),MATCH(K$30,Tligne,0)) -> s | L41: =INDEX(table,MATCH($A$1&"_"&$A41,Tcolonne,0),MATCH(L$30,Tligne,0)) -> s | ... AB41: =INDEX(table,MATCH($A$1&"_"&$A41,Tcolonne,0),MATCH(AB$30,Tligne,0)) -> s
A42: ='01'!A42 -> 10_hac | B42: ='01'!B42 -> 10_hac | C42: ='01'!C42 -> Industries alimentaires hors artisanat commercial | E42: =INDEX(table,MATCH($A$1&"_"&$A42,Tcolonne,0),MATCH(E$30,Tligne,0)) -> 195 | F42: =INDEX(table,MATCH($A$1&"_"&$A42,Tcolonne,0),MATCH(F$30,Tligne,0)) -> 1000.37 | G42: =INDEX(table,MATCH($A$1&"_"&$A42,Tcolonne,0),MATCH(G$30,Tligne,0)) -> 1113 | H42: =INDEX(table,MATCH($A$1&"_"&$A42,Tcolonne,0),MATCH(H$30,Tligne,0)) -> 224371.6 | I42: =INDEX(table,MATCH($A$1&"_"&$A42,Tcolonne,0),MATCH(I$30,Tligne,0)) -> s | J42: =INDEX(table,MATCH($A$1&"_"&$A42,Tcolonne,0),MATCH(J$30,Tligne,0)) -> 38625.784 | K42: =INDEX(table,MATCH($A$1&"_"&$A42,Tcolonne,0),MATCH(K$30,Tligne,0)) -> 41791.228 | L42: =INDEX(table,MATCH($A$1&"_"&$A42,Tcolonne,0),MATCH(L$30,Tligne,0)) -> 9446.393 | ... AB42: =INDEX(table,MATCH($A$1&"_"&$A42,Tcolonne,0),MATCH(AB$30,Tligne,0)) -> 52.363356
A43: ='01'!A43 -> 101_hac | B43: ='01'!B43 -> 101_hac | C43: ='01'!C43 -> Transformation et conservation de la viande et préparation de produits à base de viande hors charcuterie | E43: =INDEX(table,MATCH($A$1&"_"&$A43,Tcolonne,0),MATCH(E$30,Tligne,0)) -> s | F43: =INDEX(table,MATCH($A$1&"_"&$A43,Tcolonne,0),MATCH(F$30,Tligne,0)) -> s | G43: =INDEX(table,MATCH($A$1&"_"&$A43,Tcolonne,0),MATCH(G$30,Tligne,0)) -> 188 | H43: =INDEX(table,MATCH($A$1&"_"&$A43,Tcolonne,0),MATCH(H$30,Tligne,0)) -> s | I43: =INDEX(table,MATCH($A$1&"_"&$A43,Tcolonne,0),MATCH(I$30,Tligne,0)) -> 0 | J43: =INDEX(table,MATCH($A$1&"_"&$A43,Tcolonne,0),MATCH(J$30,Tligne,0)) -> -381.163 | K43: =INDEX(table,MATCH($A$1&"_"&$A43,Tcolonne,0),MATCH(K$30,Tligne,0)) -> 6444.849 | L43: =INDEX(table,MATCH($A$1&"_"&$A43,Tcolonne,0),MATCH(L$30,Tligne,0)) -> s | ... AB43: =INDEX(table,MATCH($A$1&"_"&$A43,Tcolonne,0),MATCH(AB$30,Tligne,0)) -> -1.3301579
A44: ='01'!A44 -> 102 | B44: ='01'!B44 -> 102 | C44: ='01'!C44 -> Transformation et conservation de poisson, de crustacés et de mollusques | E44: =INDEX(table,MATCH($A$1&"_"&$A44,Tcolonne,0),MATCH(E$30,Tligne,0)) -> 10 | F44: =INDEX(table,MATCH($A$1&"_"&$A44,Tcolonne,0),MATCH(F$30,Tligne,0)) -> 17.88 | G44: =INDEX(table,MATCH($A$1&"_"&$A44,Tcolonne,0),MATCH(G$30,Tligne,0)) -> 21 | H44: =INDEX(table,MATCH($A$1&"_"&$A44,Tcolonne,0),MATCH(H$30,Tligne,0)) -> 3408.44 | I44: =INDEX(table,MATCH($A$1&"_"&$A44,Tcolonne,0),MATCH(I$30,Tligne,0)) -> 0 | J44: =INDEX(table,MATCH($A$1&"_"&$A44,Tcolonne,0),MATCH(J$30,Tligne,0)) -> 657.082 | K44: =INDEX(table,MATCH($A$1&"_"&$A44,Tcolonne,0),MATCH(K$30,Tligne,0)) -> 788.144 | L44: =INDEX(table,MATCH($A$1&"_"&$A44,Tcolonne,0),MATCH(L$30,Tligne,0)) -> -139.161 | ... AB44: =INDEX(table,MATCH($A$1&"_"&$A44,Tcolonne,0),MATCH(AB$30,Tligne,0)) -> s
A45: ='01'!A45 -> 103 | B45: ='01'!B45 -> 103 | C45: ='01'!C45 -> Transformation et conservation de fruits et légumes | E45: =INDEX(table,MATCH($A$1&"_"&$A45,Tcolonne,0),MATCH(E$30,Tligne,0)) -> 40 | F45: =INDEX(table,MATCH($A$1&"_"&$A45,Tcolonne,0),MATCH(F$30,Tligne,0)) -> 83.47 | G45: =INDEX(table,MATCH($A$1&"_"&$A45,Tcolonne,0),MATCH(G$30,Tligne,0)) -> 90 | H45: =INDEX(table,MATCH($A$1&"_"&$A45,Tcolonne,0),MATCH(H$30,Tligne,0)) -> 22539.85 | I45: =INDEX(table,MATCH($A$1&"_"&$A45,Tcolonne,0),MATCH(I$30,Tligne,0)) -> s | J45: =INDEX(table,MATCH($A$1&"_"&$A45,Tcolonne,0),MATCH(J$30,Tligne,0)) -> 2817.233 | K45: =INDEX(table,MATCH($A$1&"_"&$A45,Tcolonne,0),MATCH(K$30,Tligne,0)) -> 3201.189 | L45: =INDEX(table,MATCH($A$1&"_"&$A45,Tcolonne,0),MATCH(L$30,Tligne,0)) -> -59.391 | ... AB45: =INDEX(table,MATCH($A$1&"_"&$A45,Tcolonne,0),MATCH(AB$30,Tligne,0)) -> -18.915223
A46: ='01'!A46 -> 104 | B46: ='01'!B46 -> 104 | C46: ='01'!C46 -> Fabrication d'huiles et graisses végétales et animales | E46: =INDEX(table,MATCH($A$1&"_"&$A46,Tcolonne,0),MATCH(E$30,Tligne,0)) -> s | F46: =INDEX(table,MATCH($A$1&"_"&$A46,Tcolonne,0),MATCH(F$30,Tligne,0)) -> s | G46: =INDEX(table,MATCH($A$1&"_"&$A46,Tcolonne,0),MATCH(G$30,Tligne,0)) -> 7 | H46: =INDEX(table,MATCH($A$1&"_"&$A46,Tcolonne,0),MATCH(H$30,Tligne,0)) -> s | I46: =INDEX(table,MATCH($A$1&"_"&$A46,Tcolonne,0),MATCH(I$30,Tligne,0)) -> s | J46: =INDEX(table,MATCH($A$1&"_"&$A46,Tcolonne,0),MATCH(J$30,Tligne,0)) -> s | K46: =INDEX(table,MATCH($A$1&"_"&$A46,Tcolonne,0),MATCH(K$30,Tligne,0)) -> s | L46: =INDEX(table,MATCH($A$1&"_"&$A46,Tcolonne,0),MATCH(L$30,Tligne,0)) -> s | ... AB46: =INDEX(table,MATCH($A$1&"_"&$A46,Tcolonne,0),MATCH(AB$30,Tligne,0)) -> s
A47: ='01'!A47 -> 105 | B47: ='01'!B47 -> 105 | C47: ='01'!C47 -> Fabrication de produits laitiers | E47: =INDEX(table,MATCH($A$1&"_"&$A47,Tcolonne,0),MATCH(E$30,Tligne,0)) -> 21 | F47: =INDEX(table,MATCH($A$1&"_"&$A47,Tcolonne,0),MATCH(F$30,Tligne,0)) -> 217.8 | G47: =INDEX(table,MATCH($A$1&"_"&$A47,Tcolonne,0),MATCH(G$30,Tligne,0)) -> 230 | H47: =INDEX(table,MATCH($A$1&"_"&$A47,Tcolonne,0),MATCH(H$30,Tligne,0)) -> 53333.2 | I47: =INDEX(table,MATCH($A$1&"_"&$A47,Tcolonne,0),MATCH(I$30,Tligne,0)) -> 17.13 | J47: =INDEX(table,MATCH($A$1&"_"&$A47,Tcolonne,0),MATCH(J$30,Tligne,0)) -> 14498.2 | K47: =INDEX(table,MATCH($A$1&"_"&$A47,Tcolonne,0),MATCH(K$30,Tligne,0)) -> 9775.815 | L47: =INDEX(table,MATCH($A$1&"_"&$A47,Tcolonne,0),MATCH(L$30,Tligne,0)) -> 4771.99 | ... AB47: =INDEX(table,MATCH($A$1&"_"&$A47,Tcolonne,0),MATCH(AB$30,Tligne,0)) -> 179.33221
A48: ='01'!A48 -> 106 | B48: ='01'!B48 -> 106 | C48: ='01'!C48 -> Travail des grains - fabrication de produits amylacés | E48: =INDEX(table,MATCH($A$1&"_"&$A48,Tcolonne,0),MATCH(E$30,Tligne,0)) -> 5 | F48: =INDEX(table,MATCH($A$1&"_"&$A48,Tcolonne,0),MATCH(F$30,Tligne,0)) -> 63.62 | G48: =INDEX(table,MATCH($A$1&"_"&$A48,Tcolonne,0),MATCH(G$30,Tligne,0)) -> 67 | H48: =INDEX(table,MATCH($A$1&"_"&$A48,Tcolonne,0),MATCH(H$30,Tligne,0)) -> 25586.63 | I48: =INDEX(table,MATCH($A$1&"_"&$A48,Tcolonne,0),MATCH(I$30,Tligne,0)) -> s | J48: =INDEX(table,MATCH($A$1&"_"&$A48,Tcolonne,0),MATCH(J$30,Tligne,0)) -> 1810.183 | K48: =INDEX(table,MATCH($A$1&"_"&$A48,Tcolonne,0),MATCH(K$30,Tligne,0)) -> 3155.677 | L48: =INDEX(table,MATCH($A$1&"_"&$A48,Tcolonne,0),MATCH(L$30,Tligne,0)) -> 138.74 | ... AB48: =INDEX(table,MATCH($A$1&"_"&$A48,Tcolonne,0),MATCH(AB$30,Tligne,0)) -> s
A49: ='01'!A49 -> 107_hac | B49: ='01'!B49 -> 107_hac | C49: ='01'!C49 -> Fabrication de produits de boulangerie-pâtisserie et de pâtes alimentaires hors artisanat commercial | E49: =INDEX(table,MATCH($A$1&"_"&$A49,Tcolonne,0),MATCH(E$30,Tligne,0)) -> 21 | F49: =INDEX(table,MATCH($A$1&"_"&$A49,Tcolonne,0),MATCH(F$30,Tligne,0)) -> 122.46 | G49: =INDEX(table,MATCH($A$1&"_"&$A49,Tcolonne,0),MATCH(G$30,Tligne,0)) -> 126 | H49: =INDEX(table,MATCH($A$1&"_"&$A49,Tcolonne,0),MATCH(H$30,Tligne,0)) -> 24997.35 | I49: =INDEX(table,MATCH($A$1&"_"&$A49,Tcolonne,0),MATCH(I$30,Tligne,0)) -> 0 | J49: =INDEX(table,MATCH($A$1&"_"&$A49,Tcolonne,0),MATCH(J$30,Tligne,0)) -> 8141.903 | K49: =INDEX(table,MATCH($A$1&"_"&$A49,Tcolonne,0),MATCH(K$30,Tligne,0)) -> 4852.978 | L49: =INDEX(table,MATCH($A$1&"_"&$A49,Tcolonne,0),MATCH(L$30,Tligne,0)) -> 3125.153 | ... AB49: =INDEX(table,MATCH($A$1&"_"&$A49,Tcolonne,0),MATCH(AB$30,Tligne,0)) -> 94.435633
A50: ='01'!A50 -> 108 | B50: ='01'!B50 -> 108 | C50: ='01'!C50 -> Fabrication d'autres produits alimentaires | E50: =INDEX(table,MATCH($A$1&"_"&$A50,Tcolonne,0),MATCH(E$30,Tligne,0)) -> 75 | F50: =INDEX(table,MATCH($A$1&"_"&$A50,Tcolonne,0),MATCH(F$30,Tligne,0)) -> 250.29 | G50: =INDEX(table,MATCH($A$1&"_"&$A50,Tcolonne,0),MATCH(G$30,Tligne,0)) -> 305 | H50: =INDEX(table,MATCH($A$1&"_"&$A50,Tcolonne,0),MATCH(H$30,Tligne,0)) -> 31593.76 | I50: =INDEX(table,MATCH($A$1&"_"&$A50,Tcolonne,0),MATCH(I$30,Tligne,0)) -> s | J50: =INDEX(table,MATCH($A$1&"_"&$A50,Tcolonne,0),MATCH(J$30,Tligne,0)) -> 9006.79 | K50: =INDEX(table,MATCH($A$1&"_"&$A50,Tcolonne,0),MATCH(K$30,Tligne,0)) -> 9778.135 | L50: =INDEX(table,MATCH($A$1&"_"&$A50,Tcolonne,0),MATCH(L$30,Tligne,0)) -> 1591.796 | ... AB50: =INDEX(table,MATCH($A$1&"_"&$A50,Tcolonne,0),MATCH(AB$30,Tligne,0)) -> 49.455062
A51: ='01'!A51 -> 109 | B51: ='01'!B51 -> 109 | C51: ='01'!C51 -> Fabrication d'aliments pour animaux | E51: =INDEX(table,MATCH($A$1&"_"&$A51,Tcolonne,0),MATCH(E$30,Tligne,0)) -> 3 | F51: =INDEX(table,MATCH($A$1&"_"&$A51,Tcolonne,0),MATCH(F$30,Tligne,0)) -> 75.96 | G51: =INDEX(table,MATCH($A$1&"_"&$A51,Tcolonne,0),MATCH(G$30,Tligne,0)) -> 79 | H51: =INDEX(table,MATCH($A$1&"_"&$A51,Tcolonne,0),MATCH(H$30,Tligne,0)) -> 25587.84 | I51: =INDEX(table,MATCH($A$1&"_"&$A51,Tcolonne,0),MATCH(I$30,Tligne,0)) -> 0 | J51: =INDEX(table,MATCH($A$1&"_"&$A51,Tcolonne,0),MATCH(J$30,Tligne,0)) -> s | K51: =INDEX(table,MATCH($A$1&"_"&$A51,Tcolonne,0),MATCH(K$30,Tligne,0)) -> s | L51: =INDEX(table,MATCH($A$1&"_"&$A51,Tcolonne,0),MATCH(L$30,Tligne,0)) -> 369.913 | ... AB51: =INDEX(table,MATCH($A$1&"_"&$A51,Tcolonne,0),MATCH(AB$30,Tligne,0)) -> s
A52: ='01'!A52 -> 11 | B52: ='01'!B52 -> 11 | C52: ='01'!C52 -> Fabrication de boissons | E52: =INDEX(table,MATCH($A$1&"_"&$A52,Tcolonne,0),MATCH(E$30,Tligne,0)) -> 41 | F52: =INDEX(table,MATCH($A$1&"_"&$A52,Tcolonne,0),MATCH(F$30,Tligne,0)) -> 592.05 | G52: =INDEX(table,MATCH($A$1&"_"&$A52,Tcolonne,0),MATCH(G$30,Tligne,0)) -> 608 | H52: =INDEX(table,MATCH($A$1&"_"&$A52,Tcolonne,0),MATCH(H$30,Tligne,0)) -> 251718.41 | I52: =INDEX(table,MATCH($A$1&"_"&$A52,Tcolonne,0),MATCH(I$30,Tligne,0)) -> s | J52: =INDEX(table,MATCH($A$1&"_"&$A52,Tcolonne,0),MATCH(J$30,Tligne,0)) -> 67972.843 | K52: =INDEX(table,MATCH($A$1&"_"&$A52,Tcolonne,0),MATCH(K$30,Tligne,0)) -> 31288.059 | L52: =INDEX(table,MATCH($A$1&"_"&$A52,Tcolonne,0),MATCH(L$30,Tligne,0)) -> 31794.387 | ... AB52: =INDEX(table,MATCH($A$1&"_"&$A52,Tcolonne,0),MATCH(AB$30,Tligne,0)) -> 155.7303
A54: ='01'!A54 -> CGA | B54: ='01'!B54 -> CGA | C54: ='01'!C54 -> Commerce de gros de produits agroalimentaires | E54: =INDEX(table,MATCH($A$1&"_"&$A54,Tcolonne,0),MATCH(E$30,Tligne,0)) -> 127 | F54: =INDEX(table,MATCH($A$1&"_"&$A54,Tcolonne,0),MATCH(F$30,Tligne,0)) -> 666.67 | G54: =INDEX(table,MATCH($A$1&"_"&$A54,Tcolonne,0),MATCH(G$30,Tligne,0)) -> 692 | H54: =INDEX(table,MATCH($A$1&"_"&$A54,Tcolonne,0),MATCH(H$30,Tligne,0)) -> 746231.33 | I54: =INDEX(table,MATCH($A$1&"_"&$A54,Tcolonne,0),MATCH(I$30,Tligne,0)) -> s | J54: =INDEX(table,MATCH($A$1&"_"&$A54,Tcolonne,0),MATCH(J$30,Tligne,0)) -> 76046.403 | K54: =INDEX(table,MATCH($A$1&"_"&$A54,Tcolonne,0),MATCH(K$30,Tligne,0)) -> 35288.235 | L54: =INDEX(table,MATCH($A$1&"_"&$A54,Tcolonne,0),MATCH(L$30,Tligne,0)) -> 31034.632 | ... AB54: =INDEX(table,MATCH($A$1&"_"&$A54,Tcolonne,0),MATCH(AB$30,Tligne,0)) -> 610.6784
A55: ='01'!A55 -> p_CGA_46 | C55: ='01'!C55 -> Poids dans le commerce de gros de la région (%) | E55: =E54/E67*100 -> 17.001339 | F55: =F54/F67*100 -> 29.749437 | G55: =G54/G67*100 -> 28.689884 | H55: =H54/H67*100 -> 36.034568 | I55: s | J55: =J54/J67*100 -> 33.4081 | K55: =K54/K67*100 -> 28.600949 | L55: =L54/L67*100 -> 34.064373 | M55: =M54/M67*100 -> 28.804516 | N55: =N54/N67*100 -> 30.088921 | O55: =O54/O67*100 -> 28.891779 | P55: =P54/P67*100 -> 22.359095
A56: ='01'!A56 -> CGA_Micro | D56: Micro | E56: =INDEX(table,MATCH($A$1&"_"&$A56,Tcolonne,0),MATCH(E$30,Tligne,0)) -> 87 | F56: =INDEX(table,MATCH($A$1&"_"&$A56,Tcolonne,0),MATCH(F$30,Tligne,0)) -> 104.19 | G56: =INDEX(table,MATCH($A$1&"_"&$A56,Tcolonne,0),MATCH(G$30,Tligne,0)) -> 112 | H56: =INDEX(table,MATCH($A$1&"_"&$A56,Tcolonne,0),MATCH(H$30,Tligne,0)) -> 67969.21 | I56: =INDEX(table,MATCH($A$1&"_"&$A56,Tcolonne,0),MATCH(I$30,Tligne,0)) -> s | J56: =INDEX(table,MATCH($A$1&"_"&$A56,Tcolonne,0),MATCH(J$30,Tligne,0)) -> 5705.688 | K56: =INDEX(table,MATCH($A$1&"_"&$A56,Tcolonne,0),MATCH(K$30,Tligne,0)) -> 4467.328 | L56: =INDEX(table,MATCH($A$1&"_"&$A56,Tcolonne,0),MATCH(L$30,Tligne,0)) -> 1445.778 | ... AB56: =INDEX(table,MATCH($A$1&"_"&$A56,Tcolonne,0),MATCH(AB$30,Tligne,0)) -> 68.991026
A57: ='01'!A57 -> CGA_PME | D57: PME | E57: =INDEX(table,MATCH($A$1&"_"&$A57,Tcolonne,0),MATCH(E$30,Tligne,0)) -> 20 | F57: =INDEX(table,MATCH($A$1&"_"&$A57,Tcolonne,0),MATCH(F$30,Tligne,0)) -> 167.36 | G57: =INDEX(table,MATCH($A$1&"_"&$A57,Tcolonne,0),MATCH(G$30,Tligne,0)) -> 176 | H57: =INDEX(table,MATCH($A$1&"_"&$A57,Tcolonne,0),MATCH(H$30,Tligne,0)) -> 101753.72 | I57: =INDEX(table,MATCH($A$1&"_"&$A57,Tcolonne,0),MATCH(I$30,Tligne,0)) -> s | J57: =INDEX(table,MATCH($A$1&"_"&$A57,Tcolonne,0),MATCH(J$30,Tligne,0)) -> 11401.274 | K57: =INDEX(table,MATCH($A$1&"_"&$A57,Tcolonne,0),MATCH(K$30,Tligne,0)) -> 7595.035 | L57: =INDEX(table,MATCH($A$1&"_"&$A57,Tcolonne,0),MATCH(L$30,Tligne,0)) -> 3407.243 | ... AB57: =INDEX(table,MATCH($A$1&"_"&$A57,Tcolonne,0),MATCH(AB$30,Tligne,0)) -> 342.06778
A58: ='01'!A58 -> CGA_ETI | D58: ETI | E58: =INDEX(table,MATCH($A$1&"_"&$A58,Tcolonne,0),MATCH(E$30,Tligne,0)) -> 17 | F58: =INDEX(table,MATCH($A$1&"_"&$A58,Tcolonne,0),MATCH(F$30,Tligne,0)) -> 347.02 | G58: =INDEX(table,MATCH($A$1&"_"&$A58,Tcolonne,0),MATCH(G$30,Tligne,0)) -> 356 | H58: =INDEX(table,MATCH($A$1&"_"&$A58,Tcolonne,0),MATCH(H$30,Tligne,0)) -> 540810.14 | I58: =INDEX(table,MATCH($A$1&"_"&$A58,Tcolonne,0),MATCH(I$30,Tligne,0)) -> s | J58: =INDEX(table,MATCH($A$1&"_"&$A58,Tcolonne,0),MATCH(J$30,Tligne,0)) -> 54892.933 | K58: =INDEX(table,MATCH($A$1&"_"&$A58,Tcolonne,0),MATCH(K$30,Tligne,0)) -> 19961.688 | L58: =INDEX(table,MATCH($A$1&"_"&$A58,Tcolonne,0),MATCH(L$30,Tligne,0)) -> 25799.215 | ... AB58: =INDEX(table,MATCH($A$1&"_"&$A58,Tcolonne,0),MATCH(AB$30,Tligne,0)) -> 1280.8562
A59: ='01'!A59 -> CGA_GE | D59: GE | E59: =INDEX(table,MATCH($A$1&"_"&$A59,Tcolonne,0),MATCH(E$30,Tligne,0)) -> 3 | F59: =INDEX(table,MATCH($A$1&"_"&$A59,Tcolonne,0),MATCH(F$30,Tligne,0)) -> 48.1 | G59: =INDEX(table,MATCH($A$1&"_"&$A59,Tcolonne,0),MATCH(G$30,Tligne,0)) -> 48 | H59: =INDEX(table,MATCH($A$1&"_"&$A59,Tcolonne,0),MATCH(H$30,Tligne,0)) -> 35698.26 | I59: =INDEX(table,MATCH($A$1&"_"&$A59,Tcolonne,0),MATCH(I$30,Tligne,0)) -> s | J59: =INDEX(table,MATCH($A$1&"_"&$A59,Tcolonne,0),MATCH(J$30,Tligne,0)) -> 4046.508 | K59: =INDEX(table,MATCH($A$1&"_"&$A59,Tcolonne,0),MATCH(K$30,Tligne,0)) -> 3264.184 | L59: =INDEX(table,MATCH($A$1&"_"&$A59,Tcolonne,0),MATCH(L$30,Tligne,0)) -> 382.396 | ... AB59: =INDEX(table,MATCH($A$1&"_"&$A59,Tcolonne,0),MATCH(AB$30,Tligne,0)) -> 41.233554
A60: ='01'!A60 -> 462 | B60: ='01'!B60 -> 462 | C60: ='01'!C60 -> Commerce de gros de produits agricoles bruts et d'animaux vivants | E60: =INDEX(table,MATCH($A$1&"_"&$A60,Tcolonne,0),MATCH(E$30,Tligne,0)) -> 6 | F60: =INDEX(table,MATCH($A$1&"_"&$A60,Tcolonne,0),MATCH(F$30,Tligne,0)) -> 10.17 | G60: =INDEX(table,MATCH($A$1&"_"&$A60,Tcolonne,0),MATCH(G$30,Tligne,0)) -> 8 | H60: =INDEX(table,MATCH($A$1&"_"&$A60,Tcolonne,0),MATCH(H$30,Tligne,0)) -> s | I60: =INDEX(table,MATCH($A$1&"_"&$A60,Tcolonne,0),MATCH(I$30,Tligne,0)) -> s | J60: =INDEX(table,MATCH($A$1&"_"&$A60,Tcolonne,0),MATCH(J$30,Tligne,0)) -> 532.712 | K60: =INDEX(table,MATCH($A$1&"_"&$A60,Tcolonne,0),MATCH(K$30,Tligne,0)) -> 442.351 | L60: =INDEX(table,MATCH($A$1&"_"&$A60,Tcolonne,0),MATCH(L$30,Tligne,0)) -> 81.503 | ... AB60: =INDEX(table,MATCH($A$1&"_"&$A60,Tcolonne,0),MATCH(AB$30,Tligne,0)) -> 52.290053
A61: ='01'!A61 -> 463_h4635Z | B61: ='01'!B61 -> 463_h4635Z | C61: ='01'!C61 -> Commerce de gros de produits alimentaires, de boissons hors tabac | E61: =INDEX(table,MATCH($A$1&"_"&$A61,Tcolonne,0),MATCH(E$30,Tligne,0)) -> 121 | F61: =INDEX(table,MATCH($A$1&"_"&$A61,Tcolonne,0),MATCH(F$30,Tligne,0)) -> 656.5 | G61: =INDEX(table,MATCH($A$1&"_"&$A61,Tcolonne,0),MATCH(G$30,Tligne,0)) -> 684 | H61: =INDEX(table,MATCH($A$1&"_"&$A61,Tcolonne,0),MATCH(H$30,Tligne,0)) -> s | I61: =INDEX(table,MATCH($A$1&"_"&$A61,Tcolonne,0),MATCH(I$30,Tligne,0)) -> s | J61: =INDEX(table,MATCH($A$1&"_"&$A61,Tcolonne,0),MATCH(J$30,Tligne,0)) -> 75513.691 | K61: =INDEX(table,MATCH($A$1&"_"&$A61,Tcolonne,0),MATCH(K$30,Tligne,0)) -> 34845.884 | L61: =INDEX(table,MATCH($A$1&"_"&$A61,Tcolonne,0),MATCH(L$30,Tligne,0)) -> 30953.129 | ... AB61: =INDEX(table,MATCH($A$1&"_"&$A61,Tcolonne,0),MATCH(AB$30,Tligne,0)) -> 620.19655
A63: ='01'!A63 -> 10y | B63: ='01'!B63 -> 10y | C63: ='01'!C63 -> Artisanat commercial | E63: =INDEX(table,MATCH($A$1&"_"&$A63,Tcolonne,0),MATCH(E$30,Tligne,0)) -> 220 | F63: =INDEX(table,MATCH($A$1&"_"&$A63,Tcolonne,0),MATCH(F$30,Tligne,0)) -> 1033.45 | G63: =INDEX(table,MATCH($A$1&"_"&$A63,Tcolonne,0),MATCH(G$30,Tligne,0)) -> 1183 | H63: =INDEX(table,MATCH($A$1&"_"&$A63,Tcolonne,0),MATCH(H$30,Tligne,0)) -> 89829.84 | I63: =INDEX(table,MATCH($A$1&"_"&$A63,Tcolonne,0),MATCH(I$30,Tligne,0)) -> 265.673 | J63: =INDEX(table,MATCH($A$1&"_"&$A63,Tcolonne,0),MATCH(J$30,Tligne,0)) -> 34499.65 | K63: =INDEX(table,MATCH($A$1&"_"&$A63,Tcolonne,0),MATCH(K$30,Tligne,0)) -> 30143.259 | L63: =INDEX(table,MATCH($A$1&"_"&$A63,Tcolonne,0),MATCH(L$30,Tligne,0)) -> 4583.52 | ... AB63: =INDEX(table,MATCH($A$1&"_"&$A63,Tcolonne,0),MATCH(AB$30,Tligne,0)) -> 99.631041
A64: ='01'!A64 -> p_10y_47_10y | C64: ='01'!C64 -> Poids dans le commerce de détail (y c artisanat commercial) de la région (%) | E64: =E63/E68*100 -> 7.5862069 | F64: =F63/F68*100 -> 12.349124 | G64: =G63/G68*100 -> 11.865597 | H64: =H63/H68*100 -> 2.9149625 | I64: =I63/I68*100 -> 0.55040485 | J64: =J63/J68*100 -> 7.109133 | K64: =K63/K68*100 -> 9.1037868 | L64: =L63/L68*100 -> 2.9971257 | ... P64: =P63/P68*100 -> 9.6414651
C65: Secteurs de comparaison :
A66: ='01'!A66 -> C_hac | B66: ='01'!B66 -> C_hac | C66: ='01'!C66 -> Industrie manufacturière hors artisanat commercial | E66: =INDEX(table,MATCH($A$1&"_"&$A66,Tcolonne,0),MATCH(E$30,Tligne,0)) -> 1370 | F66: =INDEX(table,MATCH($A$1&"_"&$A66,Tcolonne,0),MATCH(F$30,Tligne,0)) -> 4321.85 | G66: =INDEX(table,MATCH($A$1&"_"&$A66,Tcolonne,0),MATCH(G$30,Tligne,0)) -> 4680 | H66: =INDEX(table,MATCH($A$1&"_"&$A66,Tcolonne,0),MATCH(H$30,Tligne,0)) -> 1752870.9 | I66: =INDEX(table,MATCH($A$1&"_"&$A66,Tcolonne,0),MATCH(I$30,Tligne,0)) -> 229724.7 | J66: =INDEX(table,MATCH($A$1&"_"&$A66,Tcolonne,0),MATCH(J$30,Tligne,0)) -> 342636.13 | K66: =INDEX(table,MATCH($A$1&"_"&$A66,Tcolonne,0),MATCH(K$30,Tligne,0)) -> 218673.56 | L66: =INDEX(table,MATCH($A$1&"_"&$A66,Tcolonne,0),MATCH(L$30,Tligne,0)) -> 125720.86 | ... AB66: =INDEX(table,MATCH($A$1&"_"&$A66,Tcolonne,0),MATCH(AB$30,Tligne,0)) -> 104.93131
A67: ='01'!A67 -> 46 | B67: ='01'!B67 -> 46 | C67: ='01'!C67 -> Commerce de gros, à l'exception des automobiles et des motocycles | E67: =INDEX(table,MATCH($A$1&"_"&$A67,Tcolonne,0),MATCH(E$30,Tligne,0)) -> 747 | F67: =INDEX(table,MATCH($A$1&"_"&$A67,Tcolonne,0),MATCH(F$30,Tligne,0)) -> 2240.95 | G67: =INDEX(table,MATCH($A$1&"_"&$A67,Tcolonne,0),MATCH(G$30,Tligne,0)) -> 2412 | H67: =INDEX(table,MATCH($A$1&"_"&$A67,Tcolonne,0),MATCH(H$30,Tligne,0)) -> 2070876.3 | I67: =INDEX(table,MATCH($A$1&"_"&$A67,Tcolonne,0),MATCH(I$30,Tligne,0)) -> 57503.31 | J67: =INDEX(table,MATCH($A$1&"_"&$A67,Tcolonne,0),MATCH(J$30,Tligne,0)) -> 227628.64 | K67: =INDEX(table,MATCH($A$1&"_"&$A67,Tcolonne,0),MATCH(K$30,Tligne,0)) -> 123381.35 | L67: =INDEX(table,MATCH($A$1&"_"&$A67,Tcolonne,0),MATCH(L$30,Tligne,0)) -> 91105.837 | ... AB67: =INDEX(table,MATCH($A$1&"_"&$A67,Tcolonne,0),MATCH(AB$30,Tligne,0)) -> 474.0304
A68: ='01'!A68 -> 47_10y | B68: ='01'!B68 -> 47_10y | C68: ='01'!C68 -> Commerce de détail, à l'exception des automobiles et des motocycles, y compris artisanat commercial | E68: =INDEX(table,MATCH($A$1&"_"&$A68,Tcolonne,0),MATCH(E$30,Tligne,0)) -> 2900 | F68: =INDEX(table,MATCH($A$1&"_"&$A68,Tcolonne,0),MATCH(F$30,Tligne,0)) -> 8368.61 | G68: =INDEX(table,MATCH($A$1&"_"&$A68,Tcolonne,0),MATCH(G$30,Tligne,0)) -> 9970 | H68: =INDEX(table,MATCH($A$1&"_"&$A68,Tcolonne,0),MATCH(H$30,Tligne,0)) -> 3081680.8 | I68: =INDEX(table,MATCH($A$1&"_"&$A68,Tcolonne,0),MATCH(I$30,Tligne,0)) -> 48268.652 | J68: =INDEX(table,MATCH($A$1&"_"&$A68,Tcolonne,0),MATCH(J$30,Tligne,0)) -> 485286.32 | K68: =INDEX(table,MATCH($A$1&"_"&$A68,Tcolonne,0),MATCH(K$30,Tligne,0)) -> 331106.82 | L68: =INDEX(table,MATCH($A$1&"_"&$A68,Tcolonne,0),MATCH(L$30,Tligne,0)) -> 152930.52 | ... AB68: =INDEX(table,MATCH($A$1&"_"&$A68,Tcolonne,0),MATCH(AB$30,Tligne,0)) -> 221.23513
A69: ='01'!A69 -> BN_horsKZ | B69: ='01'!B69 -> BN_horsKZ | C69: ='01'!C69 -> Ensemble des unités légales des secteurs marchands non agricoles et non financiers | E69: =INDEX(table,MATCH($A$1&"_"&$A69,Tcolonne,0),MATCH(E$30,Tligne,0)) -> 32425 | F69: =INDEX(table,MATCH($A$1&"_"&$A69,Tcolonne,0),MATCH(F$30,Tligne,0)) -> 39560.38 | G69: =INDEX(table,MATCH($A$1&"_"&$A69,Tcolonne,0),MATCH(G$30,Tligne,0)) -> 47011 | H69: =INDEX(table,MATCH($A$1&"_"&$A69,Tcolonne,0),MATCH(H$30,Tligne,0)) -> 11913926 | I69: =INDEX(table,MATCH($A$1&"_"&$A69,Tcolonne,0),MATCH(I$30,Tligne,0)) -> 435061.79 | J69: =INDEX(table,MATCH($A$1&"_"&$A69,Tcolonne,0),MATCH(J$30,Tligne,0)) -> 3006669.8 | K69: =INDEX(table,MATCH($A$1&"_"&$A69,Tcolonne,0),MATCH(K$30,Tligne,0)) -> 1889841.3 | L69: =INDEX(table,MATCH($A$1&"_"&$A69,Tcolonne,0),MATCH(L$30,Tligne,0)) -> 1109395.6 | ... AB69: =INDEX(table,MATCH($A$1&"_"&$A69,Tcolonne,0),MATCH(AB$30,Tligne,0)) -> 73.333119
B70: (*) Catégorie d'entreprise : il s'agit de la catégorie de l'entreprise profilée à laquelle appartient l'unité légale. Une unité légale de petite taille peut être de catégorie Grande Entreprise si elle est détenue par une Grande Entreprise.
B71: Micro : micro entreprises, PME : petites et moyennes entreprises hors micro entreprises, ETI : entreprises de taille intermédiaire, GE : grandes entreprises
B72: (1) Valeur ajoutée hors taxes, y compris autres produits et autres charges (2) Taux d'exportation : Chiffre d'affaires à l'exportation hors taxes / chiffre d'affaires hors taxes (3) Taux de valeur ajoutée : Valeur ajoutée hors taxes (y compris autres produits et autres charges) / chiffre d'affaires hors taxes (4) Productivité apparente du travail par tête : Valeur ajoutée hors taxes (y compris autres produits et autres charges) / effectifs salariés en équivalent temps plein (5) Intensité capitalistique : immobilisations corporelles / effectifs salariés en équivalent temps plein (6) Taux de marge : Excédent brut d'exploitation / valeur ajoutée au coût des facteurs (y compris autres produits et autres charges) (7) Rentabilité économique : Excédent brut d'exploitation / immobilisations (corporelles et incorporelles) et besoin en fonds de roulement (8) Taux d'investissement : Investissements corporels bruts hors apports / valeur ajoutée hors taxes (y compris autres produits et autres charges)
B73: nd : donnée non disponible, s : donnée soumise au secret statistique
B74: Champ : France (hors Mayotte) - unités légales régionales des secteurs marchands non agricoles et non financiers (y compris micro-entrepreneurs)
B75: =Comparatif!B29 -> Sources : Esane 2021 à méthode 2022, Flores 2022, Sirus, Insee - traitements SSP
B78: ='01'!B78 -> Tableau 3. Principales unités légales de la région en 2021 (classées par ordre décroissant de salariés dans la région)
B79: ='01'!B79 -> imp_reg | C79: ='01'!C79 -> denom | D79: E300_tranche | E79: part_eff_ent_reg_imp | F79: ='01'!F79 -> ape | G79: l_long
A81: ='01'!A81 -> R_T7 | B81: ='01'!B81 -> Implantation régionale | C81: ='01'!C81 -> Nom de l'unité légale | D81: Effectifs salariés totaux au 31 décembre en France | E81: Taux d'implantation dans la région | F81: ='01'!F81 -> Activité principale | G81: Activité principale
D82: ='01'!D82 -> nombre | E82: %
A83: ='01'!A83 -> 1 | B83: =INDEX(Top!$A$1:$AA$400,MATCH(CONCATENATE($A$1,"_",$A83),Top!$A$1:$A$400,0),MATCH(B$79,Top!$A$1:$AA$1,0)) -> MONO-02 | C83: =INDEX(Top!$A$1:$AA$400,MATCH(CONCATENATE($A$1,"_",$A83),Top!$A$1:$A$400,0),MATCH(C$79,Top!$A$1:$AA$1,0)) -> SOC NOUVELLE DES YAOURTS LITTEE | D83: =INDEX(Top!$A$1:$AA$400,MATCH(CONCATENATE($A$1,"_",$A83),Top!$A$1:$A$400,0),MATCH(D$79,Top!$A$1:$AA$1,0)) -> 100 à 199 salariés | E83: =INDEX(Top!$A$1:$AA$400,MATCH(CONCATENATE($A$1,"_",$A83),Top!$A$1:$A$400,0),MATCH(E$79,Top!$A$1:$AA$1,0)) -> 100 | F83: =INDEX(Top!$A$1:$AA$400,MATCH(CONCATENATE($A$1,"_",$A83),Top!$A$1:$A$400,0),MATCH(F$79,Top!$A$1:$AA$1,0)) -> 1051A | G83: =INDEX(Top!$A$1:$AA$400,MATCH(CONCATENATE($A$1,"_",$A83),Top!$A$1:$A$400,0),MATCH(G$79,Top!$A$1:$AA$1,0)) -> Fabrication de lait liquide et de produits frais | H83: =INDEX(Top!$A$1:$AA$400,MATCH(CONCATENATE($A$1,"_",$A83),Top!$A$1:$A$400,0),MATCH(H$79,Top!$A$1:$AA$1,0)) -> #N/A | I83: =INDEX(Top!$A$1:$AA$400,MATCH(CONCATENATE($A$1,"_",$A83),Top!$A$1:$A$400,0),MATCH(I$79,Top!$A$1:$AA$1,0)) -> #N/A
A84: ='01'!A84 -> 2 | B84: =INDEX(Top!$A$1:$AA$400,MATCH(CONCATENATE($A$1,"_",$A84),Top!$A$1:$A$400,0),MATCH(B$79,Top!$A$1:$AA$1,0)) -> MONO-02 | C84: =INDEX(Top!$A$1:$AA$400,MATCH(CONCATENATE($A$1,"_",$A84),Top!$A$1:$A$400,0),MATCH(C$79,Top!$A$1:$AA$1,0)) -> SOCIETE NOUVELLE EMBG | D84: =INDEX(Top!$A$1:$AA$400,MATCH(CONCATENATE($A$1,"_",$A84),Top!$A$1:$A$400,0),MATCH(D$79,Top!$A$1:$AA$1,0)) -> 50 à 99 salariés | E84: =INDEX(Top!$A$1:$AA$400,MATCH(CONCATENATE($A$1,"_",$A84),Top!$A$1:$A$400,0),MATCH(E$79,Top!$A$1:$AA$1,0)) -> 100 | F84: =INDEX(Top!$A$1:$AA$400,MATCH(CONCATENATE($A$1,"_",$A84),Top!$A$1:$A$400,0),MATCH(F$79,Top!$A$1:$AA$1,0)) -> 1107B | G84: =INDEX(Top!$A$1:$AA$400,MATCH(CONCATENATE($A$1,"_",$A84),Top!$A$1:$A$400,0),MATCH(G$79,Top!$A$1:$AA$1,0)) -> Production de boissons rafraîchissantes | H84: =INDEX(Top!$A$1:$AA$400,MATCH(CONCATENATE($A$1,"_",$A84),Top!$A$1:$A$400,0),MATCH(H$79,Top!$A$1:$AA$1,0)) -> #N/A | I84: =INDEX(Top!$A$1:$AA$400,MATCH(CONCATENATE($A$1,"_",$A84),Top!$A$1:$A$400,0),MATCH(I$79,Top!$A$1:$AA$1,0)) -> #N/A
A85: ='01'!A85 -> 3 | B85: =INDEX(Top!$A$1:$AA$400,MATCH(CONCATENATE($A$1,"_",$A85),Top!$A$1:$A$400,0),MATCH(B$79,Top!$A$1:$AA$1,0)) -> MONO-02 | C85: =INDEX(Top!$A$1:$AA$400,MATCH(CONCATENATE($A$1,"_",$A85),Top!$A$1:$A$400,0),MATCH(C$79,Top!$A$1:$AA$1,0)) -> MARTINIQUE VIANDES | D85: =INDEX(Top!$A$1:$AA$400,MATCH(CONCATENATE($A$1,"_",$A85),Top!$A$1:$A$400,0),MATCH(D$79,Top!$A$1:$AA$1,0)) -> 50 à 99 salariés | E85: =INDEX(Top!$A$1:$AA$400,MATCH(CONCATENATE($A$1,"_",$A85),Top!$A$1:$A$400,0),MATCH(E$79,Top!$A$1:$AA$1,0)) -> 100 | F85: =INDEX(Top!$A$1:$AA$400,MATCH(CONCATENATE($A$1,"_",$A85),Top!$A$1:$A$400,0),MATCH(F$79,Top!$A$1:$AA$1,0)) -> 4639A | G85: =INDEX(Top!$A$1:$AA$400,MATCH(CONCATENATE($A$1,"_",$A85),Top!$A$1:$A$400,0),MATCH(G$79,Top!$A$1:$AA$1,0)) -> Commerce de gros (commerce interentreprises) de produits surgelés | H85: =INDEX(Top!$A$1:$AA$400,MATCH(CONCATENATE($A$1,"_",$A85),Top!$A$1:$A$400,0),MATCH(H$79,Top!$A$1:$AA$1,0)) -> #N/A | I85: =INDEX(Top!$A$1:$AA$400,MATCH(CONCATENATE($A$1,"_",$A85),Top!$A$1:$A$400,0),MATCH(I$79,Top!$A$1:$AA$1,0)) -> #N/A
A86: ='01'!A86 -> 4 | B86: =INDEX(Top!$A$1:$AA$400,MATCH(CONCATENATE($A$1,"_",$A86),Top!$A$1:$A$400,0),MATCH(B$79,Top!$A$1:$AA$1,0)) -> QUASI-MONO-02 | C86: =INDEX(Top!$A$1:$AA$400,MATCH(CONCATENATE($A$1,"_",$A86),Top!$A$1:$A$400,0),MATCH(C$79,Top!$A$1:$AA$1,0)) -> BELLONIE ET BOURDILLON SUCCESSEURS | D86: =INDEX(Top!$A$1:$AA$400,MATCH(CONCATENATE($A$1,"_",$A86),Top!$A$1:$A$400,0),MATCH(D$79,Top!$A$1:$AA$1,0)) -> 50 à 99 salariés | E86: =INDEX(Top!$A$1:$AA$400,MATCH(CONCATENATE($A$1,"_",$A86),Top!$A$1:$A$400,0),MATCH(E$79,Top!$A$1:$AA$1,0)) -> 98 | F86: =INDEX(Top!$A$1:$AA$400,MATCH(CONCATENATE($A$1,"_",$A86),Top!$A$1:$A$400,0),MATCH(F$79,Top!$A$1:$AA$1,0)) -> 1101Z | G86: =INDEX(Top!$A$1:$AA$400,MATCH(CONCATENATE($A$1,"_",$A86),Top!$A$1:$A$400,0),MATCH(G$79,Top!$A$1:$AA$1,0)) -> Production de boissons alcooliques distillées | H86: =INDEX(Top!$A$1:$AA$400,MATCH(CONCATENATE($A$1,"_",$A86),Top!$A$1:$A$400,0),MATCH(H$79,Top!$A$1:$AA$1,0)) -> #N/A | I86: =INDEX(Top!$A$1:$AA$400,MATCH(CONCATENATE($A$1,"_",$A86),Top!$A$1:$A$400,0),MATCH(I$79,Top!$A$1:$AA$1,0)) -> #N/A
A87: ='01'!A87 -> 5 | B87: =INDEX(Top!$A$1:$AA$400,MATCH(CONCATENATE($A$1,"_",$A87),Top!$A$1:$A$400,0),MATCH(B$79,Top!$A$1:$AA$1,0)) -> MONO-02 | C87: =INDEX(Top!$A$1:$AA$400,MATCH(CONCATENATE($A$1,"_",$A87),Top!$A$1:$A$400,0),MATCH(C$79,Top!$A$1:$AA$1,0)) -> SOFRIMA DISTRIBUTION | D87: =INDEX(Top!$A$1:$AA$400,MATCH(CONCATENATE($A$1,"_",$A87),Top!$A$1:$A$400,0),MATCH(D$79,Top!$A$1:$AA$1,0)) -> 50 à 99 salariés | E87: =INDEX(Top!$A$1:$AA$400,MATCH(CONCATENATE($A$1,"_",$A87),Top!$A$1:$A$400,0),MATCH(E$79,Top!$A$1:$AA$1,0)) -> 100 | F87: =INDEX(Top!$A$1:$AA$400,MATCH(CONCATENATE($A$1,"_",$A87),Top!$A$1:$A$400,0),MATCH(F$79,Top!$A$1:$AA$1,0)) -> 4639A | G87: =INDEX(Top!$A$1:$AA$400,MATCH(CONCATENATE($A$1,"_",$A87),Top!$A$1:$A$400,0),MATCH(G$79,Top!$A$1:$AA$1,0)) -> Commerce de gros (commerce interentreprises) de produits surgelés | H87: =INDEX(Top!$A$1:$AA$400,MATCH(CONCATENATE($A$1,"_",$A87),Top!$A$1:$A$400,0),MATCH(H$79,Top!$A$1:$AA$1,0)) -> #N/A | I87: =INDEX(Top!$A$1:$AA$400,MATCH(CONCATENATE($A$1,"_",$A87),Top!$A$1:$A$400,0),MATCH(I$79,Top!$A$1:$AA$1,0)) -> #N/A
A88: ='01'!A88 -> 6 | B88: =INDEX(Top!$A$1:$AA$400,MATCH(CONCATENATE($A$1,"_",$A88),Top!$A$1:$A$400,0),MATCH(B$79,Top!$A$1:$AA$1,0)) -> MONO-02 | C88: =INDEX(Top!$A$1:$AA$400,MATCH(CONCATENATE($A$1,"_",$A88),Top!$A$1:$A$400,0),MATCH(C$79,Top!$A$1:$AA$1,0)) -> SA ECONOM MIXTE PROD SUCR RHUM MARTINI | D88: =INDEX(Top!$A$1:$AA$400,MATCH(CONCATENATE($A$1,"_",$A88),Top!$A$1:$A$400,0),MATCH(D$79,Top!$A$1:$AA$1,0)) -> 50 à 99 salariés | E88: =INDEX(Top!$A$1:$AA$400,MATCH(CONCATENATE($A$1,"_",$A88),Top!$A$1:$A$400,0),MATCH(E$79,Top!$A$1:$AA$1,0)) -> 100 | F88: =INDEX(Top!$A$1:$AA$400,MATCH(CONCATENATE($A$1,"_",$A88),Top!$A$1:$A$400,0),MATCH(F$79,Top!$A$1:$AA$1,0)) -> 1081Z | G88: =INDEX(Top!$A$1:$AA$400,MATCH(CONCATENATE($A$1,"_",$A88),Top!$A$1:$A$400,0),MATCH(G$79,Top!$A$1:$AA$1,0)) -> Fabrication de sucre | H88: =INDEX(Top!$A$1:$AA$400,MATCH(CONCATENATE($A$1,"_",$A88),Top!$A$1:$A$400,0),MATCH(H$79,Top!$A$1:$AA$1,0)) -> #N/A | I88: =INDEX(Top!$A$1:$AA$400,MATCH(CONCATENATE($A$1,"_",$A88),Top!$A$1:$A$400,0),MATCH(I$79,Top!$A$1:$AA$1,0)) -> #N/A
A89: ='01'!A89 -> 7 | B89: =INDEX(Top!$A$1:$AA$400,MATCH(CONCATENATE($A$1,"_",$A89),Top!$A$1:$A$400,0),MATCH(B$79,Top!$A$1:$AA$1,0)) -> MONO-02 | C89: =INDEX(Top!$A$1:$AA$400,MATCH(CONCATENATE($A$1,"_",$A89),Top!$A$1:$A$400,0),MATCH(C$79,Top!$A$1:$AA$1,0)) -> SOCIETE NOUVELLE SOPROGLACES | D89: =INDEX(Top!$A$1:$AA$400,MATCH(CONCATENATE($A$1,"_",$A89),Top!$A$1:$A$400,0),MATCH(D$79,Top!$A$1:$AA$1,0)) -> 50 à 99 salariés | E89: =INDEX(Top!$A$1:$AA$400,MATCH(CONCATENATE($A$1,"_",$A89),Top!$A$1:$A$400,0),MATCH(E$79,Top!$A$1:$AA$1,0)) -> 100 | F89: =INDEX(Top!$A$1:$AA$400,MATCH(CONCATENATE($A$1,"_",$A89),Top!$A$1:$A$400,0),MATCH(F$79,Top!$A$1:$AA$1,0)) -> 1052Z | G89: =INDEX(Top!$A$1:$AA$400,MATCH(CONCATENATE($A$1,"_",$A89),Top!$A$1:$A$400,0),MATCH(G$79,Top!$A$1:$AA$1,0)) -> Fabrication de glaces et sorbets | H89: =INDEX(Top!$A$1:$AA$400,MATCH(CONCATENATE($A$1,"_",$A89),Top!$A$1:$A$400,0),MATCH(H$79,Top!$A$1:$AA$1,0)) -> #N/A | I89: =INDEX(Top!$A$1:$AA$400,MATCH(CONCATENATE($A$1,"_",$A89),Top!$A$1:$A$400,0),MATCH(I$79,Top!$A$1:$AA$1,0)) -> #N/A
A90: ='01'!A90 -> 8 | B90: =INDEX(Top!$A$1:$AA$400,MATCH(CONCATENATE($A$1,"_",$A90),Top!$A$1:$A$400,0),MATCH(B$79,Top!$A$1:$AA$1,0)) -> MONO-02 | C90: =INDEX(Top!$A$1:$AA$400,MATCH(CONCATENATE($A$1,"_",$A90),Top!$A$1:$A$400,0),MATCH(C$79,Top!$A$1:$AA$1,0)) -> MARTINIQUE NUTRITION ANIMALE | D90: =INDEX(Top!$A$1:$AA$400,MATCH(CONCATENATE($A$1,"_",$A90),Top!$A$1:$A$400,0),MATCH(D$79,Top!$A$1:$AA$1,0)) -> 50 à 99 salariés | E90: =INDEX(Top!$A$1:$AA$400,MATCH(CONCATENATE($A$1,"_",$A90),Top!$A$1:$A$400,0),MATCH(E$79,Top!$A$1:$AA$1,0)) -> 100 | F90: =INDEX(Top!$A$1:$AA$400,MATCH(CONCATENATE($A$1,"_",$A90),Top!$A$1:$A$400,0),MATCH(F$79,Top!$A$1:$AA$1,0)) -> 1091Z | G90: =INDEX(Top!$A$1:$AA$400,MATCH(CONCATENATE($A$1,"_",$A90),Top!$A$1:$A$400,0),MATCH(G$79,Top!$A$1:$AA$1,0)) -> Fabrication d'aliments pour animaux de ferme | H90: =INDEX(Top!$A$1:$AA$400,MATCH(CONCATENATE($A$1,"_",$A90),Top!$A$1:$A$400,0),MATCH(H$79,Top!$A$1:$AA$1,0)) -> #N/A | I90: =INDEX(Top!$A$1:$AA$400,MATCH(CONCATENATE($A$1,"_",$A90),Top!$A$1:$A$400,0),MATCH(I$79,Top!$A$1:$AA$1,0)) -> #N/A
A91: ='01'!A91 -> 9 | B91: =INDEX(Top!$A$1:$AA$400,MATCH(CONCATENATE($A$1,"_",$A91),Top!$A$1:$A$400,0),MATCH(B$79,Top!$A$1:$AA$1,0)) -> QUASI-MONO-02 | C91: =INDEX(Top!$A$1:$AA$400,MATCH(CONCATENATE($A$1,"_",$A91),Top!$A$1:$A$400,0),MATCH(C$79,Top!$A$1:$AA$1,0)) -> DISTILLERIE DILLON | D91: =INDEX(Top!$A$1:$AA$400,MATCH(CONCATENATE($A$1,"_",$A91),Top!$A$1:$A$400,0),MATCH(D$79,Top!$A$1:$AA$1,0)) -> 50 à 99 salariés | E91: =INDEX(Top!$A$1:$AA$400,MATCH(CONCATENATE($A$1,"_",$A91),Top!$A$1:$A$400,0),MATCH(E$79,Top!$A$1:$AA$1,0)) -> 100 | F91: =INDEX(Top!$A$1:$AA$400,MATCH(CONCATENATE($A$1,"_",$A91),Top!$A$1:$A$400,0),MATCH(F$79,Top!$A$1:$AA$1,0)) -> 1101Z | G91: =INDEX(Top!$A$1:$AA$400,MATCH(CONCATENATE($A$1,"_",$A91),Top!$A$1:$A$400,0),MATCH(G$79,Top!$A$1:$AA$1,0)) -> Production de boissons alcooliques distillées | H91: =INDEX(Top!$A$1:$AA$400,MATCH(CONCATENATE($A$1,"_",$A91),Top!$A$1:$A$400,0),MATCH(H$79,Top!$A$1:$AA$1,0)) -> #N/A | I91: =INDEX(Top!$A$1:$AA$400,MATCH(CONCATENATE($A$1,"_",$A91),Top!$A$1:$A$400,0),MATCH(I$79,Top!$A$1:$AA$1,0)) -> #N/A
A92: ='01'!A92 -> 10 | B92: =INDEX(Top!$A$1:$AA$400,MATCH(CONCATENATE($A$1,"_",$A92),Top!$A$1:$A$400,0),MATCH(B$79,Top!$A$1:$AA$1,0)) -> MONO-02 | C92: =INDEX(Top!$A$1:$AA$400,MATCH(CONCATENATE($A$1,"_",$A92),Top!$A$1:$A$400,0),MATCH(C$79,Top!$A$1:$AA$1,0)) -> BRIOCHE BIG'IN | D92: =INDEX(Top!$A$1:$AA$400,MATCH(CONCATENATE($A$1,"_",$A92),Top!$A$1:$A$400,0),MATCH(D$79,Top!$A$1:$AA$1,0)) -> 50 à 99 salariés | E92: =INDEX(Top!$A$1:$AA$400,MATCH(CONCATENATE($A$1,"_",$A92),Top!$A$1:$A$400,0),MATCH(E$79,Top!$A$1:$AA$1,0)) -> 100 | F92: =INDEX(Top!$A$1:$AA$400,MATCH(CONCATENATE($A$1,"_",$A92),Top!$A$1:$A$400,0),MATCH(F$79,Top!$A$1:$AA$1,0)) -> 1071A | G92: =INDEX(Top!$A$1:$AA$400,MATCH(CONCATENATE($A$1,"_",$A92),Top!$A$1:$A$400,0),MATCH(G$79,Top!$A$1:$AA$1,0)) -> Fabrication industrielle de pain et de pâtisserie fraîche | H92: =INDEX(Top!$A$1:$AA$400,MATCH(CONCATENATE($A$1,"_",$A92),Top!$A$1:$A$400,0),MATCH(H$79,Top!$A$1:$AA$1,0)) -> #N/A | I92: =INDEX(Top!$A$1:$AA$400,MATCH(CONCATENATE($A$1,"_",$A92),Top!$A$1:$A$400,0),MATCH(I$79,Top!$A$1:$AA$1,0)) -> #N/A
A93: ='01'!A93 -> 11 | B93: =INDEX(Top!$A$1:$AA$400,MATCH(CONCATENATE($A$1,"_",$A93),Top!$A$1:$A$400,0),MATCH(B$79,Top!$A$1:$AA$1,0)) -> MONO-02 | C93: =INDEX(Top!$A$1:$AA$400,MATCH(CONCATENATE($A$1,"_",$A93),Top!$A$1:$A$400,0),MATCH(C$79,Top!$A$1:$AA$1,0)) -> RHUMS MARTINIQUAIS SAINT-JAMES | D93: =INDEX(Top!$A$1:$AA$400,MATCH(CONCATENATE($A$1,"_",$A93),Top!$A$1:$A$400,0),MATCH(D$79,Top!$A$1:$AA$1,0)) -> 50 à 99 salariés | E93: =INDEX(Top!$A$1:$AA$400,MATCH(CONCATENATE($A$1,"_",$A93),Top!$A$1:$A$400,0),MATCH(E$79,Top!$A$1:$AA$1,0)) -> 100 | F93: =INDEX(Top!$A$1:$AA$400,MATCH(CONCATENATE($A$1,"_",$A93),Top!$A$1:$A$400,0),MATCH(F$79,Top!$A$1:$AA$1,0)) -> 1101Z | G93: =INDEX(Top!$A$1:$AA$400,MATCH(CONCATENATE($A$1,"_",$A93),Top!$A$1:$A$400,0),MATCH(G$79,Top!$A$1:$AA$1,0)) -> Production de boissons alcooliques distillées | H93: =INDEX(Top!$A$1:$AA$400,MATCH(CONCATENATE($A$1,"_",$A93),Top!$A$1:$A$400,0),MATCH(H$79,Top!$A$1:$AA$1,0)) -> #N/A | I93: =INDEX(Top!$A$1:$AA$400,MATCH(CONCATENATE($A$1,"_",$A93),Top!$A$1:$A$400,0),MATCH(I$79,Top!$A$1:$AA$1,0)) -> #N/A
A94: ='01'!A94 -> 12 | B94: =INDEX(Top!$A$1:$AA$400,MATCH(CONCATENATE($A$1,"_",$A94),Top!$A$1:$A$400,0),MATCH(B$79,Top!$A$1:$AA$1,0)) -> MONO-02 | C94: =INDEX(Top!$A$1:$AA$400,MATCH(CONCATENATE($A$1,"_",$A94),Top!$A$1:$A$400,0),MATCH(C$79,Top!$A$1:$AA$1,0)) -> LE MOULIN | D94: =INDEX(Top!$A$1:$AA$400,MATCH(CONCATENATE($A$1,"_",$A94),Top!$A$1:$A$400,0),MATCH(D$79,Top!$A$1:$AA$1,0)) -> 50 à 99 salariés | E94: =INDEX(Top!$A$1:$AA$400,MATCH(CONCATENATE($A$1,"_",$A94),Top!$A$1:$A$400,0),MATCH(E$79,Top!$A$1:$AA$1,0)) -> 100 | F94: =INDEX(Top!$A$1:$AA$400,MATCH(CONCATENATE($A$1,"_",$A94),Top!$A$1:$A$400,0),MATCH(F$79,Top!$A$1:$AA$1,0)) -> 1061A | G94: =INDEX(Top!$A$1:$AA$400,MATCH(CONCATENATE($A$1,"_",$A94),Top!$A$1:$A$400,0),MATCH(G$79,Top!$A$1:$AA$1,0)) -> Meunerie | H94: =INDEX(Top!$A$1:$AA$400,MATCH(CONCATENATE($A$1,"_",$A94),Top!$A$1:$A$400,0),MATCH(H$79,Top!$A$1:$AA$1,0)) -> #N/A | I94: =INDEX(Top!$A$1:$AA$400,MATCH(CONCATENATE($A$1,"_",$A94),Top!$A$1:$A$400,0),MATCH(I$79,Top!$A$1:$AA$1,0)) -> #N/A
... A102: ='01'!A102 -> 20 | B102: =INDEX(Top!$A$1:$AA$400,MATCH(CONCATENATE($A$1,"_",$A102),Top!$A$1:$A$400,0),MATCH(B$79,Top!$A$1:$AA$1,0)) -> MONO-02 | C102: =INDEX(Top!$A$1:$AA$400,MATCH(CONCATENATE($A$1,"_",$A102),Top!$A$1:$A$400,0),MATCH(C$79,Top!$A$1:$AA$1,0)) -> SOCIETE DE DISTRIBUTION CARAIBE | D102: =INDEX(Top!$A$1:$AA$400,MATCH(CONCATENATE($A$1,"_",$A102),Top!$A$1:$A$400,0),MATCH(D$79,Top!$A$1:$AA$1,0)) -> 20 à 49 salariés | E102: =INDEX(Top!$A$1:$AA$400,MATCH(CONCATENATE($A$1,"_",$A102),Top!$A$1:$A$400,0),MATCH(E$79,Top!$A$1:$AA$1,0)) -> 100 | F102: =INDEX(Top!$A$1:$AA$400,MATCH(CONCATENATE($A$1,"_",$A102),Top!$A$1:$A$400,0),MATCH(F$79,Top!$A$1:$AA$1,0)) -> 4639B | G102: =INDEX(Top!$A$1:$AA$400,MATCH(CONCATENATE($A$1,"_",$A102),Top!$A$1:$A$400,0),MATCH(G$79,Top!$A$1:$AA$1,0)) -> Commerce de gros (commerce interentreprises) alimentaire non spécialisé | H102: =INDEX(Top!$A$1:$AA$400,MATCH(CONCATENATE($A$1,"_",$A102),Top!$A$1:$A$400,0),MATCH(H$79,Top!$A$1:$AA$1,0)) -> #N/A | I102: =INDEX(Top!$A$1:$AA$400,MATCH(CONCATENATE($A$1,"_",$A102),Top!$A$1:$A$400,0),MATCH(I$79,Top!$A$1:$AA$1,0)) -> #N/A
B103: ='01'!B103 -> Entreprises régionales : Une entreprise monorégionale (MONO) a 100 % de ses effectifs dans la région. Une entreprise quasi mono-régionale (QUASI-MONO) a entre 80 % et moins de 100 % de ses effectifs dans la région.
B104: ='01'!B104 -> Entreprises polyrégionales : Une entreprise majoritairement régionale (MAJO) a entre 50 % et moins de 80 % de ses effectifs dans la région. Les autres entreprises polyrégionales (PRINCIPAL-numéro_de_la_région_principale) ont moins de 50 % de leurs effectifs dans la région.
B105: nd : donnée non disponible
B106: ='01'!B106 -> Champ : France (hors Mayotte) - unités légales des secteurs marchands non agricoles et non financiers
B107: ='01'!B107 -> unités légales des secteurs agroalimentaires (industries alimentaires et fabrication de boissons (division 10 et 11 de NAF rév. 2 ) et commerce de gros de produits agroalimentaires (groupe 462 et groupe 463, hors sous-classe 4635Z : commerce de gros de produits à base de tabac)
B108: =Comparatif!B29 -> Sources : Esane 2021 à méthode 2022, Flores 2022, Sirus, Insee - traitements SSP

Sheet 03
A1: =RIGHT(CELL("nomfichier",A1),LEN(CELL("nomfichier",A1))-FIND("]",CELL("nomfichier",A1))) -> 03 | B1: =VLOOKUP(A1,Sommaire!A15:B31,2,0) -> Guyane
B3: Tableau 1. Représentativité des entreprises régionales
D4: ='02'!D4 -> nb_ul_MONO_secret | E4: ='02'!E4 -> nb_sal_secret | F4: ='02'!F4 -> nb_sal_reg_secret | G4: ='02'!G4 -> part_sal_secret | H4: ='02'!H4 -> nb_ul_POLY_secret
A5: Code d'activité | B5: ='02'!B5 -> Code d'activité | C5: ='02'!C5 -> Secteur d'activité | D5: ='02'!D5 -> Nombre d'entreprises (unités légales) régionales (ayant au moins 80% de leurs salariés dans la région) | E5: Nombre de salariés* dans la région pour les seules entreprises régionales (a) | F5: Nombre total de salariés dans la région (A) | G5: Part des salariés des entreprises régionales parmi les salariés de la région (%) a/A | H5: Nombre d'entreprises (unités légales) implantées dans la région, mais polyrégionales**
D6: nombre | G6: % | H6: nombre
A7: IAA_CGA_AC | B7: IAA_CGA_AC | C7: Ensemble des entreprises agroalimentaires de la région | D7: =INDEX(Table0,MATCH($A$1&"_"&$A7,T0colonne,0),MATCH(D$4,T0ligne,0)) -> 256 | E7: =INDEX(Table0,MATCH($A$1&"_"&$A7,T0colonne,0),MATCH(E$4,T0ligne,0)) -> 935 | F7: =INDEX(Table0,MATCH($A$1&"_"&$A7,T0colonne,0),MATCH(F$4,T0ligne,0)) -> 941 | G7: =INDEX(Table0,MATCH($A$1&"_"&$A7,T0colonne,0),MATCH(G$4,T0ligne,0)) -> 99 | H7: =INDEX(Table0,MATCH($A$1&"_"&$A7,T0colonne,0),MATCH(H$4,T0ligne,0)) -> 7
A8: IAA_hac | B8: IAA_hac | C8: IAA : Industries alimentaires (hors artisanat commercial) et boissons | D8: =INDEX(Table0,MATCH($A$1&"_"&$A8,T0colonne,0),MATCH(D$4,T0ligne,0)) -> 119 | E8: =INDEX(Table0,MATCH($A$1&"_"&$A8,T0colonne,0),MATCH(E$4,T0ligne,0)) -> 297 | F8: =INDEX(Table0,MATCH($A$1&"_"&$A8,T0colonne,0),MATCH(F$4,T0ligne,0)) -> 297 | G8: =INDEX(Table0,MATCH($A$1&"_"&$A8,T0colonne,0),MATCH(G$4,T0ligne,0)) -> 100 | H8: =INDEX(Table0,MATCH($A$1&"_"&$A8,T0colonne,0),MATCH(H$4,T0ligne,0)) -> 1
A9: 10_hac | B9: 10_hac | C9: Industries alimentaires hors artisanat commercial | D9: =INDEX(Table0,MATCH($A$1&"_"&$A9,T0colonne,0),MATCH(D$4,T0ligne,0)) -> 113 | E9: =INDEX(Table0,MATCH($A$1&"_"&$A9,T0colonne,0),MATCH(E$4,T0ligne,0)) -> 244 | F9: =INDEX(Table0,MATCH($A$1&"_"&$A9,T0colonne,0),MATCH(F$4,T0ligne,0)) -> 244 | G9: =INDEX(Table0,MATCH($A$1&"_"&$A9,T0colonne,0),MATCH(G$4,T0ligne,0)) -> 100 | H9: =INDEX(Table0,MATCH($A$1&"_"&$A9,T0colonne,0),MATCH(H$4,T0ligne,0)) -> 1
A10: 101_hac | B10: 101_hac | C10: Transformation et conservation de la viande et préparation de produits à base de viande hors charcuterie | D10: =INDEX(Table0,MATCH($A$1&"_"&$A10,T0colonne,0),MATCH(D$4,T0ligne,0)) -> 14 | E10: =INDEX(Table0,MATCH($A$1&"_"&$A10,T0colonne,0),MATCH(E$4,T0ligne,0)) -> 24 | F10: =INDEX(Table0,MATCH($A$1&"_"&$A10,T0colonne,0),MATCH(F$4,T0ligne,0)) -> 24 | G10: =INDEX(Table0,MATCH($A$1&"_"&$A10,T0colonne,0),MATCH(G$4,T0ligne,0)) -> 100 | H10: =INDEX(Table0,MATCH($A$1&"_"&$A10,T0colonne,0),MATCH(H$4,T0ligne,0)) -> 0
A11: 102 | B11: 102 | C11: Transformation et conservation de poisson, de crustacés et de mollusques | D11: =INDEX(Table0,MATCH($A$1&"_"&$A11,T0colonne,0),MATCH(D$4,T0ligne,0)) -> 10 | E11: =INDEX(Table0,MATCH($A$1&"_"&$A11,T0colonne,0),MATCH(E$4,T0ligne,0)) -> 82 | F11: =INDEX(Table0,MATCH($A$1&"_"&$A11,T0colonne,0),MATCH(F$4,T0ligne,0)) -> 82 | G11: =INDEX(Table0,MATCH($A$1&"_"&$A11,T0colonne,0),MATCH(G$4,T0ligne,0)) -> 100 | H11: =INDEX(Table0,MATCH($A$1&"_"&$A11,T0colonne,0),MATCH(H$4,T0ligne,0)) -> 0
A12: 103 | B12: 103 | C12: Transformation et conservation de fruits et légumes | D12: =INDEX(Table0,MATCH($A$1&"_"&$A12,T0colonne,0),MATCH(D$4,T0ligne,0)) -> 29 | E12: =INDEX(Table0,MATCH($A$1&"_"&$A12,T0colonne,0),MATCH(E$4,T0ligne,0)) -> 26 | F12: =INDEX(Table0,MATCH($A$1&"_"&$A12,T0colonne,0),MATCH(F$4,T0ligne,0)) -> 26 | G12: =INDEX(Table0,MATCH($A$1&"_"&$A12,T0colonne,0),MATCH(G$4,T0ligne,0)) -> 100 | H12: =INDEX(Table0,MATCH($A$1&"_"&$A12,T0colonne,0),MATCH(H$4,T0ligne,0)) -> 0
A13: 104 | B13: 104 | C13: Fabrication d'huiles et graisses végétales et animales | D13: =INDEX(Table0,MATCH($A$1&"_"&$A13,T0colonne,0),MATCH(D$4,T0ligne,0)) -> s | E13: =INDEX(Table0,MATCH($A$1&"_"&$A13,T0colonne,0),MATCH(E$4,T0ligne,0)) -> 0 | F13: =INDEX(Table0,MATCH($A$1&"_"&$A13,T0colonne,0),MATCH(F$4,T0ligne,0)) -> 0 | G13: =INDEX(Table0,MATCH($A$1&"_"&$A13,T0colonne,0),MATCH(G$4,T0ligne,0)) -> #N/A | H13: =INDEX(Table0,MATCH($A$1&"_"&$A13,T0colonne,0),MATCH(H$4,T0ligne,0)) -> 0
A14: 105 | B14: 105 | C14: Fabrication de produits laitiers | D14: =INDEX(Table0,MATCH($A$1&"_"&$A14,T0colonne,0),MATCH(D$4,T0ligne,0)) -> 9 | E14: =INDEX(Table0,MATCH($A$1&"_"&$A14,T0colonne,0),MATCH(E$4,T0ligne,0)) -> 64 | F14: =INDEX(Table0,MATCH($A$1&"_"&$A14,T0colonne,0),MATCH(F$4,T0ligne,0)) -> 64 | G14: =INDEX(Table0,MATCH($A$1&"_"&$A14,T0colonne,0),MATCH(G$4,T0ligne,0)) -> 100 | H14: =INDEX(Table0,MATCH($A$1&"_"&$A14,T0colonne,0),MATCH(H$4,T0ligne,0)) -> 0
A15: 106 | B15: 106 | C15: Travail des grains - fabrication de produits amylacés | D15: =INDEX(Table0,MATCH($A$1&"_"&$A15,T0colonne,0),MATCH(D$4,T0ligne,0)) -> 5 | E15: =INDEX(Table0,MATCH($A$1&"_"&$A15,T0colonne,0),MATCH(E$4,T0ligne,0)) -> 0 | F15: =INDEX(Table0,MATCH($A$1&"_"&$A15,T0colonne,0),MATCH(F$4,T0ligne,0)) -> 0 | G15: =INDEX(Table0,MATCH($A$1&"_"&$A15,T0colonne,0),MATCH(G$4,T0ligne,0)) -> #N/A | H15: =INDEX(Table0,MATCH($A$1&"_"&$A15,T0colonne,0),MATCH(H$4,T0ligne,0)) -> 0
A16: 107_hac | B16: 107_hac | C16: Fabrication de produits de boulangerie-pâtisserie et de pâtes alimentaires hors artisanat commercial | D16: =INDEX(Table0,MATCH($A$1&"_"&$A16,T0colonne,0),MATCH(D$4,T0ligne,0)) -> 8 | E16: =INDEX(Table0,MATCH($A$1&"_"&$A16,T0colonne,0),MATCH(E$4,T0ligne,0)) -> s | F16: =INDEX(Table0,MATCH($A$1&"_"&$A16,T0colonne,0),MATCH(F$4,T0ligne,0)) -> s | G16: =INDEX(Table0,MATCH($A$1&"_"&$A16,T0colonne,0),MATCH(G$4,T0ligne,0)) -> s | H16: =INDEX(Table0,MATCH($A$1&"_"&$A16,T0colonne,0),MATCH(H$4,T0ligne,0)) -> 0
A17: 108 | B17: 108 | C17: Fabrication d'autres produits alimentaires | D17: =INDEX(Table0,MATCH($A$1&"_"&$A17,T0colonne,0),MATCH(D$4,T0ligne,0)) -> 33 | E17: =INDEX(Table0,MATCH($A$1&"_"&$A17,T0colonne,0),MATCH(E$4,T0ligne,0)) -> 26 | F17: =INDEX(Table0,MATCH($A$1&"_"&$A17,T0colonne,0),MATCH(F$4,T0ligne,0)) -> 26 | G17: =INDEX(Table0,MATCH($A$1&"_"&$A17,T0colonne,0),MATCH(G$4,T0ligne,0)) -> 100 | H17: =INDEX(Table0,MATCH($A$1&"_"&$A17,T0colonne,0),MATCH(H$4,T0ligne,0)) -> s
A18: 109 | B18: 109 | C18: Fabrication d'aliments pour animaux | D18: =INDEX(Table0,MATCH($A$1&"_"&$A18,T0colonne,0),MATCH(D$4,T0ligne,0)) -> s | E18: =INDEX(Table0,MATCH($A$1&"_"&$A18,T0colonne,0),MATCH(E$4,T0ligne,0)) -> s | F18: =INDEX(Table0,MATCH($A$1&"_"&$A18,T0colonne,0),MATCH(F$4,T0ligne,0)) -> s | G18: =INDEX(Table0,MATCH($A$1&"_"&$A18,T0colonne,0),MATCH(G$4,T0ligne,0)) -> s | H18: =INDEX(Table0,MATCH($A$1&"_"&$A18,T0colonne,0),MATCH(H$4,T0ligne,0)) -> s
A19: 11 | B19: 11 | C19: Fabrication de boissons | D19: =INDEX(Table0,MATCH($A$1&"_"&$A19,T0colonne,0),MATCH(D$4,T0ligne,0)) -> 6 | E19: =INDEX(Table0,MATCH($A$1&"_"&$A19,T0colonne,0),MATCH(E$4,T0ligne,0)) -> 53 | F19: =INDEX(Table0,MATCH($A$1&"_"&$A19,T0colonne,0),MATCH(F$4,T0ligne,0)) -> 53 | G19: =INDEX(Table0,MATCH($A$1&"_"&$A19,T0colonne,0),MATCH(G$4,T0ligne,0)) -> 100 | H19: =INDEX(Table0,MATCH($A$1&"_"&$A19,T0colonne,0),MATCH(H$4,T0ligne,0)) -> 0
A20: 10y | B20: 10y | C20: Artisanat commercial | D20: =INDEX(Table0,MATCH($A$1&"_"&$A20,T0colonne,0),MATCH(D$4,T0ligne,0)) -> 76 | E20: =INDEX(Table0,MATCH($A$1&"_"&$A20,T0colonne,0),MATCH(E$4,T0ligne,0)) -> 333 | F20: =INDEX(Table0,MATCH($A$1&"_"&$A20,T0colonne,0),MATCH(F$4,T0ligne,0)) -> 333 | G20: =INDEX(Table0,MATCH($A$1&"_"&$A20,T0colonne,0),MATCH(G$4,T0ligne,0)) -> 100 | H20: =INDEX(Table0,MATCH($A$1&"_"&$A20,T0colonne,0),MATCH(H$4,T0ligne,0)) -> 0
A21: CGA | B21: CGA | C21: Commerce de gros de produits agroalimentaires | D21: =INDEX(Table0,MATCH($A$1&"_"&$A21,T0colonne,0),MATCH(D$4,T0ligne,0)) -> 61 | E21: =INDEX(Table0,MATCH($A$1&"_"&$A21,T0colonne,0),MATCH(E$4,T0ligne,0)) -> 305 | F21: =INDEX(Table0,MATCH($A$1&"_"&$A21,T0colonne,0),MATCH(F$4,T0ligne,0)) -> 311 | G21: =INDEX(Table0,MATCH($A$1&"_"&$A21,T0colonne,0),MATCH(G$4,T0ligne,0)) -> 98 | H21: =INDEX(Table0,MATCH($A$1&"_"&$A21,T0colonne,0),MATCH(H$4,T0ligne,0)) -> 6
A22: 462 | B22: 462 | C22: Commerce de gros de produits agricoles bruts et d'animaux vivants | D22: =INDEX(Table0,MATCH($A$1&"_"&$A22,T0colonne,0),MATCH(D$4,T0ligne,0)) -> 4 | E22: =INDEX(Table0,MATCH($A$1&"_"&$A22,T0colonne,0),MATCH(E$4,T0ligne,0)) -> s | F22: =INDEX(Table0,MATCH($A$1&"_"&$A22,T0colonne,0),MATCH(F$4,T0ligne,0)) -> s | G22: =INDEX(Table0,MATCH($A$1&"_"&$A22,T0colonne,0),MATCH(G$4,T0ligne,0)) -> s | H22: =INDEX(Table0,MATCH($A$1&"_"&$A22,T0colonne,0),MATCH(H$4,T0ligne,0)) -> 0
A23: 463_h4635Z | B23: 463_h4635Z | C23: Commerce de gros de produits alimentaires, de boissons hors tabac | D23: =INDEX(Table0,MATCH($A$1&"_"&$A23,T0colonne,0),MATCH(D$4,T0ligne,0)) -> 57 | E23: =INDEX(Table0,MATCH($A$1&"_"&$A23,T0colonne,0),MATCH(E$4,T0ligne,0)) -> s | F23: =INDEX(Table0,MATCH($A$1&"_"&$A23,T0colonne,0),MATCH(F$4,T0ligne,0)) -> s | G23: =INDEX(Table0,MATCH($A$1&"_"&$A23,T0colonne,0),MATCH(G$4,T0ligne,0)) -> s | H23: =INDEX(Table0,MATCH($A$1&"_"&$A23,T0colonne,0),MATCH(H$4,T0ligne,0)) -> 6
B24: ='01'!B24 -> NB : Ce tableau permet d'apprécier la représentativité des entreprises régionales pour un secteur donné. Si la part des salariés des entreprises régionales parmi les salariés de la région (a/A) avoisine les 80%, on peut considérer que les entreprises régionales représentent suffisament le secteur dans la région pour diffuser leurs résultats économiques.
B25: Champ : France (hors Mayotte) - unités légales des secteurs marchands non agricoles et non financiers (y compris micro-entrepreneurs) - secteurs agroalimentaires (industries alimentaires et fabrication de boissons (division 10 et 11 de NAF rév. 2 ) et commerce de gros de produits agroalimentaires (groupe 462 et groupe 463, hors sous-classe 4635Z : commerce de gros de produits à base de tabac)
B26: *Salariés en équivalent temps plein. **Entreprise polyrégionale : entreprise ayant moins de 80% de ses salariés dans la région
B27: =Comparatif!B29 -> Sources : Esane 2021 à méthode 2022, Flores 2022, Sirus, Insee - traitements SSP
B29: ='01'!B29 -> Tableau 2. Chiffres clés des entreprises agroalimentaires régionales en 2021 | Q29: Organisation et débouchés de la production | U29: Partage de la VA | W29: Ratios de rentabilité | Y29: Ratios d'endettement, de solvabilité et de liquidité | AA29: Ratios d'investissement
E30: ='02'!E30 -> nb_ul_secret | F30: redi_e200_secret | G30: E300_tot | H30: ='02'!H30 -> redi_r310_secret | I30: ='02'!I30 -> redi_r410_secret | J30: ='02'!J30 -> redi_r003_secret | K30: ='02'!K30 -> fraispers_secret | L30: ='02'!L30 -> redi_r005_secret | M30: ='02'!M30 -> redi_r008_secret | N30: ='02'!N30 -> redi_r103_secret | O30: ='02'!O30 -> r100_tot_secret | ... AB30: ='02'!AB30 -> TX_AUTOFIN_secret
A31: ='02'!A31 -> R_T2 | B31: ='02'!B31 -> Code d'activité | C31: ='02'!C31 -> Secteur d'activité | D31: Catégorie d'entreprise (*) | E31: ='02'!E31 -> Nombre d'unités légales | F31: ='02'!F31 -> Effectifs salariés en équivalent temps plein | G31: ='02'!G31 -> Effectifs salariés au 31 décembre | H31: ='02'!H31 -> Chiffre d'affaires Hors Taxes | I31: ='02'!I31 -> Chiffre d'affaires à l'exportation hors taxes | J31: ='02'!J31 -> Valeur ajoutée - y compris autres produits et autres charges | K31: ='02'!K31 -> Frais de personnel | L31: ='02'!L31 -> Excédent brut d'exploitation | ... AB31: ='02'!AB31 -> Taux d'autofinancement
E32: ='02'!E32 -> nombre | H32: ='02'!H32 -> milliers d'euros | Q32: ='02'!Q32 -> % | S32: ='02'!S32 -> milliers d'euros | U32: ='02'!U32 -> %
A33: ='02'!A33 -> IAA_CGA_AC | B33: ='02'!B33 -> IAA_CGA_AC | C33: ='02'!C33 -> Ensemble des entreprises agroalimentaires de la région | E33: =INDEX(table,MATCH($A$1&"_"&$A33,Tcolonne,0),MATCH(E$30,Tligne,0)) -> 256 | F33: =INDEX(table,MATCH($A$1&"_"&$A33,Tcolonne,0),MATCH(F$30,Tligne,0)) -> 935.23 | G33: =INDEX(table,MATCH($A$1&"_"&$A33,Tcolonne,0),MATCH(G$30,Tligne,0)) -> 1054 | H33: =INDEX(table,MATCH($A$1&"_"&$A33,Tcolonne,0),MATCH(H$30,Tligne,0)) -> 407775.9 | I33: =INDEX(table,MATCH($A$1&"_"&$A33,Tcolonne,0),MATCH(I$30,Tligne,0)) -> 1466.714 | J33: =INDEX(table,MATCH($A$1&"_"&$A33,Tcolonne,0),MATCH(J$30,Tligne,0)) -> 55501.539 | K33: =INDEX(table,MATCH($A$1&"_"&$A33,Tcolonne,0),MATCH(K$30,Tligne,0)) -> 36695.257 | L33: =INDEX(table,MATCH($A$1&"_"&$A33,Tcolonne,0),MATCH(L$30,Tligne,0)) -> 21060.092 | ... AB33: =INDEX(table,MATCH($A$1&"_"&$A33,Tcolonne,0),MATCH(AB$30,Tligne,0)) -> 138.65954
A34: ='02'!A34 -> p_IAA_CGA_AC_BN_horsKZ | C34: ='02'!C34 -> Poids dans l'économie marchande non agricole et non financière de la région (%) | E34: =E33/E69*100 -> 2.938813 | F34: =F33/F69*100 -> 5.0017595 | G34: =G33/G69*100 -> 4.8787262 | H34: =H33/H69*100 -> 7.3738016 | I34: =I33/I69*100 -> 1.5016666 | J34: =J33/J69*100 -> 3.7492916 | K34: =K33/K69*100 -> 3.9548281 | L34: =L33/L69*100 -> 4.0577005 | ... P34: =P33/P69*100 -> 1.7195225
A36: ='02'!A36 -> IAA_hac | B36: ='02'!B36 -> IAA_hac | C36: ='02'!C36 -> IAA : Industries alimentaires (hors artisanat commercial) et boissons | E36: =INDEX(table,MATCH($A$1&"_"&$A36,Tcolonne,0),MATCH(E$30,Tligne,0)) -> 119 | F36: =INDEX(table,MATCH($A$1&"_"&$A36,Tcolonne,0),MATCH(F$30,Tligne,0)) -> 297.46 | G36: =INDEX(table,MATCH($A$1&"_"&$A36,Tcolonne,0),MATCH(G$30,Tligne,0)) -> 333 | H36: =INDEX(table,MATCH($A$1&"_"&$A36,Tcolonne,0),MATCH(H$30,Tligne,0)) -> 59561.04 | I36: =INDEX(table,MATCH($A$1&"_"&$A36,Tcolonne,0),MATCH(I$30,Tligne,0)) -> s | J36: =INDEX(table,MATCH($A$1&"_"&$A36,Tcolonne,0),MATCH(J$30,Tligne,0)) -> 13304.098 | K36: =INDEX(table,MATCH($A$1&"_"&$A36,Tcolonne,0),MATCH(K$30,Tligne,0)) -> 12108.478 | L36: =INDEX(table,MATCH($A$1&"_"&$A36,Tcolonne,0),MATCH(L$30,Tligne,0)) -> 4677.343 | ... AB36: =INDEX(table,MATCH($A$1&"_"&$A36,Tcolonne,0),MATCH(AB$30,Tligne,0)) -> 63.394941
A37: ='02'!A37 -> p_IAA_hac_C_hac | C37: ='02'!C37 -> Poids dans l'industrie manufacturière (hors artisanat commercial) de la région (%) | E37: =E36/E66*100 -> 18.195719 | F37: =F36/F66*100 -> 13.875491 | G37: =G36/G66*100 -> 14.328744 | H37: =H36/H66*100 -> 11.897243 | I37: =I36/I66*100 -> #VALUE! | J37: =J36/J66*100 -> 8.7030985 | K37: =K36/K66*100 -> 10.493737 | L37: =L36/L66*100 -> 11.739294 | ... P37: =P36/P66*100 -> 26.96863
A38: ='02'!A38 -> IAA_hac_Micro | D38: Micro | E38: =INDEX(table,MATCH($A$1&"_"&$A38,Tcolonne,0),MATCH(E$30,Tligne,0)) -> 107 | F38: =INDEX(table,MATCH($A$1&"_"&$A38,Tcolonne,0),MATCH(F$30,Tligne,0)) -> 86.28 | G38: =INDEX(table,MATCH($A$1&"_"&$A38,Tcolonne,0),MATCH(G$30,Tligne,0)) -> 107 | H38: =INDEX(table,MATCH($A$1&"_"&$A38,Tcolonne,0),MATCH(H$30,Tligne,0)) -> 16174.53 | I38: =INDEX(table,MATCH($A$1&"_"&$A38,Tcolonne,0),MATCH(I$30,Tligne,0)) -> s | J38: =INDEX(table,MATCH($A$1&"_"&$A38,Tcolonne,0),MATCH(J$30,Tligne,0)) -> 3202.175 | K38: =INDEX(table,MATCH($A$1&"_"&$A38,Tcolonne,0),MATCH(K$30,Tligne,0)) -> 3248.434 | L38: =INDEX(table,MATCH($A$1&"_"&$A38,Tcolonne,0),MATCH(L$30,Tligne,0)) -> 874.949 | ... AB38: =INDEX(table,MATCH($A$1&"_"&$A38,Tcolonne,0),MATCH(AB$30,Tligne,0)) -> -2.6935122
A39: ='02'!A39 -> IAA_hac_PME | D39: PME | E39: =INDEX(table,MATCH($A$1&"_"&$A39,Tcolonne,0),MATCH(E$30,Tligne,0)) -> 7 | F39: =INDEX(table,MATCH($A$1&"_"&$A39,Tcolonne,0),MATCH(F$30,Tligne,0)) -> 189.79 | G39: =INDEX(table,MATCH($A$1&"_"&$A39,Tcolonne,0),MATCH(G$30,Tligne,0)) -> 203 | H39: =INDEX(table,MATCH($A$1&"_"&$A39,Tcolonne,0),MATCH(H$30,Tligne,0)) -> 38459.93 | I39: =INDEX(table,MATCH($A$1&"_"&$A39,Tcolonne,0),MATCH(I$30,Tligne,0)) -> s | J39: =INDEX(table,MATCH($A$1&"_"&$A39,Tcolonne,0),MATCH(J$30,Tligne,0)) -> 10737.012 | K39: =INDEX(table,MATCH($A$1&"_"&$A39,Tcolonne,0),MATCH(K$30,Tligne,0)) -> 7971.668 | L39: =INDEX(table,MATCH($A$1&"_"&$A39,Tcolonne,0),MATCH(L$30,Tligne,0)) -> 4178.951 | ... AB39: =INDEX(table,MATCH($A$1&"_"&$A39,Tcolonne,0),MATCH(AB$30,Tligne,0)) -> 134.04071
A40: ='02'!A40 -> IAA_hac_ETI | D40: ETI | E40: =INDEX(table,MATCH($A$1&"_"&$A40,Tcolonne,0),MATCH(E$30,Tligne,0)) -> 5 | F40: =INDEX(table,MATCH($A$1&"_"&$A40,Tcolonne,0),MATCH(F$30,Tligne,0)) -> 21.39 | G40: =INDEX(table,MATCH($A$1&"_"&$A40,Tcolonne,0),MATCH(G$30,Tligne,0)) -> 23 | H40: =INDEX(table,MATCH($A$1&"_"&$A40,Tcolonne,0),MATCH(H$30,Tligne,0)) -> 4926.58 | I40: =INDEX(table,MATCH($A$1&"_"&$A40,Tcolonne,0),MATCH(I$30,Tligne,0)) -> 0 | J40: =INDEX(table,MATCH($A$1&"_"&$A40,Tcolonne,0),MATCH(J$30,Tligne,0)) -> -635.089 | K40: =INDEX(table,MATCH($A$1&"_"&$A40,Tcolonne,0),MATCH(K$30,Tligne,0)) -> 888.376 | L40: =INDEX(table,MATCH($A$1&"_"&$A40,Tcolonne,0),MATCH(L$30,Tligne,0)) -> -376.557 | ... AB40: =INDEX(table,MATCH($A$1&"_"&$A40,Tcolonne,0),MATCH(AB$30,Tligne,0)) -> -179.93524
A41: ='02'!A41 -> IAA_hac_GE | D41: GE | E41: =INDEX(table,MATCH($A$1&"_"&$A41,Tcolonne,0),MATCH(E$30,Tligne,0)) -> #N/A | F41: =INDEX(table,MATCH($A$1&"_"&$A41,Tcolonne,0),MATCH(F$30,Tligne,0)) -> #N/A | G41: =INDEX(table,MATCH($A$1&"_"&$A41,Tcolonne,0),MATCH(G$30,Tligne,0)) -> #N/A | H41: =INDEX(table,MATCH($A$1&"_"&$A41,Tcolonne,0),MATCH(H$30,Tligne,0)) -> #N/A | I41: =INDEX(table,MATCH($A$1&"_"&$A41,Tcolonne,0),MATCH(I$30,Tligne,0)) -> #N/A | J41: =INDEX(table,MATCH($A$1&"_"&$A41,Tcolonne,0),MATCH(J$30,Tligne,0)) -> #N/A | K41: =INDEX(table,MATCH($A$1&"_"&$A41,Tcolonne,0),MATCH(K$30,Tligne,0)) -> #N/A | L41: =INDEX(table,MATCH($A$1&"_"&$A41,Tcolonne,0),MATCH(L$30,Tligne,0)) -> #N/A | ... AB41: =INDEX(table,MATCH($A$1&"_"&$A41,Tcolonne,0),MATCH(AB$30,Tligne,0)) -> #N/A
A42: ='02'!A42 -> 10_hac | B42: ='02'!B42 -> 10_hac | C42: ='02'!C42 -> Industries alimentaires hors artisanat commercial | E42: =INDEX(table,MATCH($A$1&"_"&$A42,Tcolonne,0),MATCH(E$30,Tligne,0)) -> 113 | F42: =INDEX(table,MATCH($A$1&"_"&$A42,Tcolonne,0),MATCH(F$30,Tligne,0)) -> 244.8 | G42: =INDEX(table,MATCH($A$1&"_"&$A42,Tcolonne,0),MATCH(G$30,Tligne,0)) -> 274 | H42: =INDEX(table,MATCH($A$1&"_"&$A42,Tcolonne,0),MATCH(H$30,Tligne,0)) -> 49505.68 | I42: =INDEX(table,MATCH($A$1&"_"&$A42,Tcolonne,0),MATCH(I$30,Tligne,0)) -> s | J42: =INDEX(table,MATCH($A$1&"_"&$A42,Tcolonne,0),MATCH(J$30,Tligne,0)) -> 9108.281 | K42: =INDEX(table,MATCH($A$1&"_"&$A42,Tcolonne,0),MATCH(K$30,Tligne,0)) -> 10033.262 | L42: =INDEX(table,MATCH($A$1&"_"&$A42,Tcolonne,0),MATCH(L$30,Tligne,0)) -> 2771.12 | ... AB42: =INDEX(table,MATCH($A$1&"_"&$A42,Tcolonne,0),MATCH(AB$30,Tligne,0)) -> 36.315644
A43: ='02'!A43 -> 101_hac | B43: ='02'!B43 -> 101_hac | C43: ='02'!C43 -> Transformation et conservation de la viande et préparation de produits à base de viande hors charcuterie | E43: =INDEX(table,MATCH($A$1&"_"&$A43,Tcolonne,0),MATCH(E$30,Tligne,0)) -> 14 | F43: =INDEX(table,MATCH($A$1&"_"&$A43,Tcolonne,0),MATCH(F$30,Tligne,0)) -> 23.94 | G43: =INDEX(table,MATCH($A$1&"_"&$A43,Tcolonne,0),MATCH(G$30,Tligne,0)) -> 24 | H43: =INDEX(table,MATCH($A$1&"_"&$A43,Tcolonne,0),MATCH(H$30,Tligne,0)) -> 6610.21 | I43: =INDEX(table,MATCH($A$1&"_"&$A43,Tcolonne,0),MATCH(I$30,Tligne,0)) -> 0 | J43: =INDEX(table,MATCH($A$1&"_"&$A43,Tcolonne,0),MATCH(J$30,Tligne,0)) -> 822.539 | K43: =INDEX(table,MATCH($A$1&"_"&$A43,Tcolonne,0),MATCH(K$30,Tligne,0)) -> 969.763 | L43: =INDEX(table,MATCH($A$1&"_"&$A43,Tcolonne,0),MATCH(L$30,Tligne,0)) -> 403.027 | ... AB43: =INDEX(table,MATCH($A$1&"_"&$A43,Tcolonne,0),MATCH(AB$30,Tligne,0)) -> 269.14592
A44: ='02'!A44 -> 102 | B44: ='02'!B44 -> 102 | C44: ='02'!C44 -> Transformation et conservation de poisson, de crustacés et de mollusques | E44: =INDEX(table,MATCH($A$1&"_"&$A44,Tcolonne,0),MATCH(E$30,Tligne,0)) -> 10 | F44: =INDEX(table,MATCH($A$1&"_"&$A44,Tcolonne,0),MATCH(F$30,Tligne,0)) -> 82.1 | G44: =INDEX(table,MATCH($A$1&"_"&$A44,Tcolonne,0),MATCH(G$30,Tligne,0)) -> 79 | H44: =INDEX(table,MATCH($A$1&"_"&$A44,Tcolonne,0),MATCH(H$30,Tligne,0)) -> 17273.39 | I44: =INDEX(table,MATCH($A$1&"_"&$A44,Tcolonne,0),MATCH(I$30,Tligne,0)) -> 0 | J44: =INDEX(table,MATCH($A$1&"_"&$A44,Tcolonne,0),MATCH(J$30,Tligne,0)) -> 2583.27 | K44: =INDEX(table,MATCH($A$1&"_"&$A44,Tcolonne,0),MATCH(K$30,Tligne,0)) -> 3151.632 | L44: =INDEX(table,MATCH($A$1&"_"&$A44,Tcolonne,0),MATCH(L$30,Tligne,0)) -> 1187.929 | ... AB44: =INDEX(table,MATCH($A$1&"_"&$A44,Tcolonne,0),MATCH(AB$30,Tligne,0)) -> 92.162224
A45: ='02'!A45 -> 103 | B45: ='02'!B45 -> 103 | C45: ='02'!C45 -> Transformation et conservation de fruits et légumes | E45: =INDEX(table,MATCH($A$1&"_"&$A45,Tcolonne,0),MATCH(E$30,Tligne,0)) -> 29 | F45: =INDEX(table,MATCH($A$1&"_"&$A45,Tcolonne,0),MATCH(F$30,Tligne,0)) -> 26.42 | G45: =INDEX(table,MATCH($A$1&"_"&$A45,Tcolonne,0),MATCH(G$30,Tligne,0)) -> 42 | H45: =INDEX(table,MATCH($A$1&"_"&$A45,Tcolonne,0),MATCH(H$30,Tligne,0)) -> 5564.91 | I45: =INDEX(table,MATCH($A$1&"_"&$A45,Tcolonne,0),MATCH(I$30,Tligne,0)) -> s | J45: =INDEX(table,MATCH($A$1&"_"&$A45,Tcolonne,0),MATCH(J$30,Tligne,0)) -> 1658.387 | K45: =INDEX(table,MATCH($A$1&"_"&$A45,Tcolonne,0),MATCH(K$30,Tligne,0)) -> 1137.926 | L45: =INDEX(table,MATCH($A$1&"_"&$A45,Tcolonne,0),MATCH(L$30,Tligne,0)) -> 619.434 | ... AB45: =INDEX(table,MATCH($A$1&"_"&$A45,Tcolonne,0),MATCH(AB$30,Tligne,0)) -> 42.99899
A46: ='02'!A46 -> 104 | B46: ='02'!B46 -> 104 | C46: ='02'!C46 -> Fabrication d'huiles et graisses végétales et animales | E46: =INDEX(table,MATCH($A$1&"_"&$A46,Tcolonne,0),MATCH(E$30,Tligne,0)) -> 3 | F46: =INDEX(table,MATCH($A$1&"_"&$A46,Tcolonne,0),MATCH(F$30,Tligne,0)) -> 0 | G46: =INDEX(table,MATCH($A$1&"_"&$A46,Tcolonne,0),MATCH(G$30,Tligne,0)) -> 0 | H46: =INDEX(table,MATCH($A$1&"_"&$A46,Tcolonne,0),MATCH(H$30,Tligne,0)) -> 20.31 | I46: =INDEX(table,MATCH($A$1&"_"&$A46,Tcolonne,0),MATCH(I$30,Tligne,0)) -> 0 | J46: =INDEX(table,MATCH($A$1&"_"&$A46,Tcolonne,0),MATCH(J$30,Tligne,0)) -> 5.108 | K46: =INDEX(table,MATCH($A$1&"_"&$A46,Tcolonne,0),MATCH(K$30,Tligne,0)) -> 1.445 | L46: =INDEX(table,MATCH($A$1&"_"&$A46,Tcolonne,0),MATCH(L$30,Tligne,0)) -> 2.981 | ... AB46: =INDEX(table,MATCH($A$1&"_"&$A46,Tcolonne,0),MATCH(AB$30,Tligne,0)) -> 7.8877713
A47: ='02'!A47 -> 105 | B47: ='02'!B47 -> 105 | C47: ='02'!C47 -> Fabrication de produits laitiers | E47: =INDEX(table,MATCH($A$1&"_"&$A47,Tcolonne,0),MATCH(E$30,Tligne,0)) -> 9 | F47: =INDEX(table,MATCH($A$1&"_"&$A47,Tcolonne,0),MATCH(F$30,Tligne,0)) -> 64.41 | G47: =INDEX(table,MATCH($A$1&"_"&$A47,Tcolonne,0),MATCH(G$30,Tligne,0)) -> 72 | H47: =INDEX(table,MATCH($A$1&"_"&$A47,Tcolonne,0),MATCH(H$30,Tligne,0)) -> s | I47: =INDEX(table,MATCH($A$1&"_"&$A47,Tcolonne,0),MATCH(I$30,Tligne,0)) -> 0 | J47: =INDEX(table,MATCH($A$1&"_"&$A47,Tcolonne,0),MATCH(J$30,Tligne,0)) -> s | K47: =INDEX(table,MATCH($A$1&"_"&$A47,Tcolonne,0),MATCH(K$30,Tligne,0)) -> s | L47: =INDEX(table,MATCH($A$1&"_"&$A47,Tcolonne,0),MATCH(L$30,Tligne,0)) -> 958.838 | ... AB47: =INDEX(table,MATCH($A$1&"_"&$A47,Tcolonne,0),MATCH(AB$30,Tligne,0)) -> s
A48: ='02'!A48 -> 106 | B48: ='02'!B48 -> 106 | C48: ='02'!C48 -> Travail des grains - fabrication de produits amylacés | E48: =INDEX(table,MATCH($A$1&"_"&$A48,Tcolonne,0),MATCH(E$30,Tligne,0)) -> s | F48: =INDEX(table,MATCH($A$1&"_"&$A48,Tcolonne,0),MATCH(F$30,Tligne,0)) -> 0 | G48: =INDEX(table,MATCH($A$1&"_"&$A48,Tcolonne,0),MATCH(G$30,Tligne,0)) -> 0 | H48: =INDEX(table,MATCH($A$1&"_"&$A48,Tcolonne,0),MATCH(H$30,Tligne,0)) -> s | I48: =INDEX(table,MATCH($A$1&"_"&$A48,Tcolonne,0),MATCH(I$30,Tligne,0)) -> 0 | J48: =INDEX(table,MATCH($A$1&"_"&$A48,Tcolonne,0),MATCH(J$30,Tligne,0)) -> -30.589 | K48: =INDEX(table,MATCH($A$1&"_"&$A48,Tcolonne,0),MATCH(K$30,Tligne,0)) -> 1.817 | L48: =INDEX(table,MATCH($A$1&"_"&$A48,Tcolonne,0),MATCH(L$30,Tligne,0)) -> -33.607 | ... AB48: =INDEX(table,MATCH($A$1&"_"&$A48,Tcolonne,0),MATCH(AB$30,Tligne,0)) -> s
A49: ='02'!A49 -> 107_hac | B49: ='02'!B49 -> 107_hac | C49: ='02'!C49 -> Fabrication de produits de boulangerie-pâtisserie et de pâtes alimentaires hors artisanat commercial | E49: =INDEX(table,MATCH($A$1&"_"&$A49,Tcolonne,0),MATCH(E$30,Tligne,0)) -> 8 | F49: =INDEX(table,MATCH($A$1&"_"&$A49,Tcolonne,0),MATCH(F$30,Tligne,0)) -> s | G49: =INDEX(table,MATCH($A$1&"_"&$A49,Tcolonne,0),MATCH(G$30,Tligne,0)) -> 14 | H49: =INDEX(table,MATCH($A$1&"_"&$A49,Tcolonne,0),MATCH(H$30,Tligne,0)) -> s | I49: =INDEX(table,MATCH($A$1&"_"&$A49,Tcolonne,0),MATCH(I$30,Tligne,0)) -> 0 | J49: =INDEX(table,MATCH($A$1&"_"&$A49,Tcolonne,0),MATCH(J$30,Tligne,0)) -> s | K49: =INDEX(table,MATCH($A$1&"_"&$A49,Tcolonne,0),MATCH(K$30,Tligne,0)) -> s | L49: =INDEX(table,MATCH($A$1&"_"&$A49,Tcolonne,0),MATCH(L$30,Tligne,0)) -> s | ... AB49: =INDEX(table,MATCH($A$1&"_"&$A49,Tcolonne,0),MATCH(AB$30,Tligne,0)) -> s
A50: ='02'!A50 -> 108 | B50: ='02'!B50 -> 108 | C50: ='02'!C50 -> Fabrication d'autres produits alimentaires | E50: =INDEX(table,MATCH($A$1&"_"&$A50,Tcolonne,0),MATCH(E$30,Tligne,0)) -> 33 | F50: =INDEX(table,MATCH($A$1&"_"&$A50,Tcolonne,0),MATCH(F$30,Tligne,0)) -> 25.72 | G50: =INDEX(table,MATCH($A$1&"_"&$A50,Tcolonne,0),MATCH(G$30,Tligne,0)) -> 32 | H50: =INDEX(table,MATCH($A$1&"_"&$A50,Tcolonne,0),MATCH(H$30,Tligne,0)) -> 3265.31 | I50: =INDEX(table,MATCH($A$1&"_"&$A50,Tcolonne,0),MATCH(I$30,Tligne,0)) -> 0 | J50: =INDEX(table,MATCH($A$1&"_"&$A50,Tcolonne,0),MATCH(J$30,Tligne,0)) -> 1009.904 | K50: =INDEX(table,MATCH($A$1&"_"&$A50,Tcolonne,0),MATCH(K$30,Tligne,0)) -> 1066.477 | L50: =INDEX(table,MATCH($A$1&"_"&$A50,Tcolonne,0),MATCH(L$30,Tligne,0)) -> -24.1 | ... AB50: =INDEX(table,MATCH($A$1&"_"&$A50,Tcolonne,0),MATCH(AB$30,Tligne,0)) -> 9.5964645
A51: ='02'!A51 -> 109 | B51: ='02'!B51 -> 109 | C51: ='02'!C51 -> Fabrication d'aliments pour animaux | E51: =INDEX(table,MATCH($A$1&"_"&$A51,Tcolonne,0),MATCH(E$30,Tligne,0)) -> s | F51: =INDEX(table,MATCH($A$1&"_"&$A51,Tcolonne,0),MATCH(F$30,Tligne,0)) -> s | G51: =INDEX(table,MATCH($A$1&"_"&$A51,Tcolonne,0),MATCH(G$30,Tligne,0)) -> 11 | H51: =INDEX(table,MATCH($A$1&"_"&$A51,Tcolonne,0),MATCH(H$30,Tligne,0)) -> s | I51: =INDEX(table,MATCH($A$1&"_"&$A51,Tcolonne,0),MATCH(I$30,Tligne,0)) -> s | J51: =INDEX(table,MATCH($A$1&"_"&$A51,Tcolonne,0),MATCH(J$30,Tligne,0)) -> s | K51: =INDEX(table,MATCH($A$1&"_"&$A51,Tcolonne,0),MATCH(K$30,Tligne,0)) -> s | L51: =INDEX(table,MATCH($A$1&"_"&$A51,Tcolonne,0),MATCH(L$30,Tligne,0)) -> s | ... AB51: =INDEX(table,MATCH($A$1&"_"&$A51,Tcolonne,0),MATCH(AB$30,Tligne,0)) -> s
A52: ='02'!A52 -> 11 | B52: ='02'!B52 -> 11 | C52: ='02'!C52 -> Fabrication de boissons | E52: =INDEX(table,MATCH($A$1&"_"&$A52,Tcolonne,0),MATCH(E$30,Tligne,0)) -> 6 | F52: =INDEX(table,MATCH($A$1&"_"&$A52,Tcolonne,0),MATCH(F$30,Tligne,0)) -> 52.66 | G52: =INDEX(table,MATCH($A$1&"_"&$A52,Tcolonne,0),MATCH(G$30,Tligne,0)) -> 59 | H52: =INDEX(table,MATCH($A$1&"_"&$A52,Tcolonne,0),MATCH(H$30,Tligne,0)) -> 10055.36 | I52: =INDEX(table,MATCH($A$1&"_"&$A52,Tcolonne,0),MATCH(I$30,Tligne,0)) -> s | J52: =INDEX(table,MATCH($A$1&"_"&$A52,Tcolonne,0),MATCH(J$30,Tligne,0)) -> 4195.817 | K52: =INDEX(table,MATCH($A$1&"_"&$A52,Tcolonne,0),MATCH(K$30,Tligne,0)) -> 2075.216 | L52: =INDEX(table,MATCH($A$1&"_"&$A52,Tcolonne,0),MATCH(L$30,Tligne,0)) -> 1906.223 | ... AB52: =INDEX(table,MATCH($A$1&"_"&$A52,Tcolonne,0),MATCH(AB$30,Tligne,0)) -> 253.73758
A54: ='02'!A54 -> CGA | B54: ='02'!B54 -> CGA | C54: ='02'!C54 -> Commerce de gros de produits agroalimentaires | E54: =INDEX(table,MATCH($A$1&"_"&$A54,Tcolonne,0),MATCH(E$30,Tligne,0)) -> 61 | F54: =INDEX(table,MATCH($A$1&"_"&$A54,Tcolonne,0),MATCH(F$30,Tligne,0)) -> 304.82 | G54: =INDEX(table,MATCH($A$1&"_"&$A54,Tcolonne,0),MATCH(G$30,Tligne,0)) -> 311 | H54: =INDEX(table,MATCH($A$1&"_"&$A54,Tcolonne,0),MATCH(H$30,Tligne,0)) -> 316796.82 | I54: =INDEX(table,MATCH($A$1&"_"&$A54,Tcolonne,0),MATCH(I$30,Tligne,0)) -> s | J54: =INDEX(table,MATCH($A$1&"_"&$A54,Tcolonne,0),MATCH(J$30,Tligne,0)) -> 29569.487 | K54: =INDEX(table,MATCH($A$1&"_"&$A54,Tcolonne,0),MATCH(K$30,Tligne,0)) -> 15021.702 | L54: =INDEX(table,MATCH($A$1&"_"&$A54,Tcolonne,0),MATCH(L$30,Tligne,0)) -> 13416.449 | ... AB54: =INDEX(table,MATCH($A$1&"_"&$A54,Tcolonne,0),MATCH(AB$30,Tligne,0)) -> 366.33816
A55: ='02'!A55 -> p_CGA_46 | C55: ='02'!C55 -> Poids dans le commerce de gros de la région (%) | E55: =E54/E67*100 -> 16.944444 | F55: =F54/F67*100 -> 24.650644 | G55: =G54/G67*100 -> 23.831418 | H55: =H54/H67*100 -> 32.276317 | I55: s | J55: =J54/J67*100 -> 23.464825 | K55: =K54/K67*100 -> 23.529591 | L55: =L54/L67*100 -> 23.014602 | M55: =M54/M67*100 -> 22.391115 | N55: =N54/N67*100 -> 24.562945 | O55: =O54/O67*100 -> 22.892781 | P55: =P54/P67*100 -> 18.943896
A56: ='02'!A56 -> CGA_Micro | D56: Micro | E56: =INDEX(table,MATCH($A$1&"_"&$A56,Tcolonne,0),MATCH(E$30,Tligne,0)) -> 43 | F56: =INDEX(table,MATCH($A$1&"_"&$A56,Tcolonne,0),MATCH(F$30,Tligne,0)) -> 23.27 | G56: =INDEX(table,MATCH($A$1&"_"&$A56,Tcolonne,0),MATCH(G$30,Tligne,0)) -> 25 | H56: =INDEX(table,MATCH($A$1&"_"&$A56,Tcolonne,0),MATCH(H$30,Tligne,0)) -> 11451.05 | I56: =INDEX(table,MATCH($A$1&"_"&$A56,Tcolonne,0),MATCH(I$30,Tligne,0)) -> s | J56: =INDEX(table,MATCH($A$1&"_"&$A56,Tcolonne,0),MATCH(J$30,Tligne,0)) -> 1544.307 | K56: =INDEX(table,MATCH($A$1&"_"&$A56,Tcolonne,0),MATCH(K$30,Tligne,0)) -> 1160.275 | L56: =INDEX(table,MATCH($A$1&"_"&$A56,Tcolonne,0),MATCH(L$30,Tligne,0)) -> 367.608 | ... AB56: =INDEX(table,MATCH($A$1&"_"&$A56,Tcolonne,0),MATCH(AB$30,Tligne,0)) -> -272.59307
A57: ='02'!A57 -> CGA_PME | D57: PME | E57: =INDEX(table,MATCH($A$1&"_"&$A57,Tcolonne,0),MATCH(E$30,Tligne,0)) -> 9 | F57: =INDEX(table,MATCH($A$1&"_"&$A57,Tcolonne,0),MATCH(F$30,Tligne,0)) -> 89.02 | G57: =INDEX(table,MATCH($A$1&"_"&$A57,Tcolonne,0),MATCH(G$30,Tligne,0)) -> 89 | H57: =INDEX(table,MATCH($A$1&"_"&$A57,Tcolonne,0),MATCH(H$30,Tligne,0)) -> 83015.79 | I57: =INDEX(table,MATCH($A$1&"_"&$A57,Tcolonne,0),MATCH(I$30,Tligne,0)) -> s | J57: =INDEX(table,MATCH($A$1&"_"&$A57,Tcolonne,0),MATCH(J$30,Tligne,0)) -> 7969.271 | K57: =INDEX(table,MATCH($A$1&"_"&$A57,Tcolonne,0),MATCH(K$30,Tligne,0)) -> 3973.136 | L57: =INDEX(table,MATCH($A$1&"_"&$A57,Tcolonne,0),MATCH(L$30,Tligne,0)) -> 3743.13 | ... AB57: =INDEX(table,MATCH($A$1&"_"&$A57,Tcolonne,0),MATCH(AB$30,Tligne,0)) -> 398.0744
A58: ='02'!A58 -> CGA_ETI | D58: ETI | E58: =INDEX(table,MATCH($A$1&"_"&$A58,Tcolonne,0),MATCH(E$30,Tligne,0)) -> s | F58: =INDEX(table,MATCH($A$1&"_"&$A58,Tcolonne,0),MATCH(F$30,Tligne,0)) -> s | G58: =INDEX(table,MATCH($A$1&"_"&$A58,Tcolonne,0),MATCH(G$30,Tligne,0)) -> 168 | H58: =INDEX(table,MATCH($A$1&"_"&$A58,Tcolonne,0),MATCH(H$30,Tligne,0)) -> s | I58: =INDEX(table,MATCH($A$1&"_"&$A58,Tcolonne,0),MATCH(I$30,Tligne,0)) -> s | J58: =INDEX(table,MATCH($A$1&"_"&$A58,Tcolonne,0),MATCH(J$30,Tligne,0)) -> s | K58: =INDEX(table,MATCH($A$1&"_"&$A58,Tcolonne,0),MATCH(K$30,Tligne,0)) -> s | L58: =INDEX(table,MATCH($A$1&"_"&$A58,Tcolonne,0),MATCH(L$30,Tligne,0)) -> s | ... AB58: =INDEX(table,MATCH($A$1&"_"&$A58,Tcolonne,0),MATCH(AB$30,Tligne,0)) -> s
A59: ='02'!A59 -> CGA_GE | D59: GE | E59: =INDEX(table,MATCH($A$1&"_"&$A59,Tcolonne,0),MATCH(E$30,Tligne,0)) -> s | F59: =INDEX(table,MATCH($A$1&"_"&$A59,Tcolonne,0),MATCH(F$30,Tligne,0)) -> s | G59: =INDEX(table,MATCH($A$1&"_"&$A59,Tcolonne,0),MATCH(G$30,Tligne,0)) -> 29 | H59: =INDEX(table,MATCH($A$1&"_"&$A59,Tcolonne,0),MATCH(H$30,Tligne,0)) -> s | I59: =INDEX(table,MATCH($A$1&"_"&$A59,Tcolonne,0),MATCH(I$30,Tligne,0)) -> s | J59: =INDEX(table,MATCH($A$1&"_"&$A59,Tcolonne,0),MATCH(J$30,Tligne,0)) -> s | K59: =INDEX(table,MATCH($A$1&"_"&$A59,Tcolonne,0),MATCH(K$30,Tligne,0)) -> s | L59: =INDEX(table,MATCH($A$1&"_"&$A59,Tcolonne,0),MATCH(L$30,Tligne,0)) -> s | ... AB59: =INDEX(table,MATCH($A$1&"_"&$A59,Tcolonne,0),MATCH(AB$30,Tligne,0)) -> s
A60: ='02'!A60 -> 462 | B60: ='02'!B60 -> 462 | C60: ='02'!C60 -> Commerce de gros de produits agricoles bruts et d'animaux vivants | E60: =INDEX(table,MATCH($A$1&"_"&$A60,Tcolonne,0),MATCH(E$30,Tligne,0)) -> 4 | F60: =INDEX(table,MATCH($A$1&"_"&$A60,Tcolonne,0),MATCH(F$30,Tligne,0)) -> s | G60: =INDEX(table,MATCH($A$1&"_"&$A60,Tcolonne,0),MATCH(G$30,Tligne,0)) -> 21 | H60: =INDEX(table,MATCH($A$1&"_"&$A60,Tcolonne,0),MATCH(H$30,Tligne,0)) -> 10217.9 | I60: =INDEX(table,MATCH($A$1&"_"&$A60,Tcolonne,0),MATCH(I$30,Tligne,0)) -> s | J60: =INDEX(table,MATCH($A$1&"_"&$A60,Tcolonne,0),MATCH(J$30,Tligne,0)) -> 489.05 | K60: =INDEX(table,MATCH($A$1&"_"&$A60,Tcolonne,0),MATCH(K$30,Tligne,0)) -> s | L60: =INDEX(table,MATCH($A$1&"_"&$A60,Tcolonne,0),MATCH(L$30,Tligne,0)) -> -277.191 | ... AB60: =INDEX(table,MATCH($A$1&"_"&$A60,Tcolonne,0),MATCH(AB$30,Tligne,0)) -> s
A61: ='02'!A61 -> 463_h4635Z | B61: ='02'!B61 -> 463_h4635Z | C61: ='02'!C61 -> Commerce de gros de produits alimentaires, de boissons hors tabac | E61: =INDEX(table,MATCH($A$1&"_"&$A61,Tcolonne,0),MATCH(E$30,Tligne,0)) -> 57 | F61: =INDEX(table,MATCH($A$1&"_"&$A61,Tcolonne,0),MATCH(F$30,Tligne,0)) -> s | G61: =INDEX(table,MATCH($A$1&"_"&$A61,Tcolonne,0),MATCH(G$30,Tligne,0)) -> 290 | H61: =INDEX(table,MATCH($A$1&"_"&$A61,Tcolonne,0),MATCH(H$30,Tligne,0)) -> 306578.92 | I61: =INDEX(table,MATCH($A$1&"_"&$A61,Tcolonne,0),MATCH(I$30,Tligne,0)) -> s | J61: =INDEX(table,MATCH($A$1&"_"&$A61,Tcolonne,0),MATCH(J$30,Tligne,0)) -> 29080.437 | K61: =INDEX(table,MATCH($A$1&"_"&$A61,Tcolonne,0),MATCH(K$30,Tligne,0)) -> s | L61: =INDEX(table,MATCH($A$1&"_"&$A61,Tcolonne,0),MATCH(L$30,Tligne,0)) -> 13693.64 | ... AB61: =INDEX(table,MATCH($A$1&"_"&$A61,Tcolonne,0),MATCH(AB$30,Tligne,0)) -> s
A63: ='02'!A63 -> 10y | B63: ='02'!B63 -> 10y | C63: ='02'!C63 -> Artisanat commercial | E63: =INDEX(table,MATCH($A$1&"_"&$A63,Tcolonne,0),MATCH(E$30,Tligne,0)) -> 76 | F63: =INDEX(table,MATCH($A$1&"_"&$A63,Tcolonne,0),MATCH(F$30,Tligne,0)) -> 332.95 | G63: =INDEX(table,MATCH($A$1&"_"&$A63,Tcolonne,0),MATCH(G$30,Tligne,0)) -> 410 | H63: =INDEX(table,MATCH($A$1&"_"&$A63,Tcolonne,0),MATCH(H$30,Tligne,0)) -> 31418.04 | I63: =INDEX(table,MATCH($A$1&"_"&$A63,Tcolonne,0),MATCH(I$30,Tligne,0)) -> 0 | J63: =INDEX(table,MATCH($A$1&"_"&$A63,Tcolonne,0),MATCH(J$30,Tligne,0)) -> 12627.954 | K63: =INDEX(table,MATCH($A$1&"_"&$A63,Tcolonne,0),MATCH(K$30,Tligne,0)) -> 9565.077 | L63: =INDEX(table,MATCH($A$1&"_"&$A63,Tcolonne,0),MATCH(L$30,Tligne,0)) -> 2966.3 | ... AB63: =INDEX(table,MATCH($A$1&"_"&$A63,Tcolonne,0),MATCH(AB$30,Tligne,0)) -> 90.867627
A64: ='02'!A64 -> p_10y_47_10y | C64: ='02'!C64 -> Poids dans le commerce de détail (y c artisanat commercial) de la région (%) | E64: =E63/E68*100 -> 5.8461538 | F64: =F63/F68*100 -> 10.871553 | G64: =G63/G68*100 -> 11.34791 | H64: =H63/H68*100 -> 2.4982198 | I64: =I63/I68*100 -> 0 | J64: =J63/J68*100 -> 6.4488282 | K64: =K63/K68*100 -> 8.3975954 | L64: =L63/L68*100 -> 3.928669 | ... P64: =P63/P68*100 -> 12.604495
C65: Secteurs de comparaison :
A66: ='02'!A66 -> C_hac | B66: ='02'!B66 -> C_hac | C66: ='02'!C66 -> Industrie manufacturière hors artisanat commercial | E66: =INDEX(table,MATCH($A$1&"_"&$A66,Tcolonne,0),MATCH(E$30,Tligne,0)) -> 654 | F66: =INDEX(table,MATCH($A$1&"_"&$A66,Tcolonne,0),MATCH(F$30,Tligne,0)) -> 2143.78 | G66: =INDEX(table,MATCH($A$1&"_"&$A66,Tcolonne,0),MATCH(G$30,Tligne,0)) -> 2324 | H66: =INDEX(table,MATCH($A$1&"_"&$A66,Tcolonne,0),MATCH(H$30,Tligne,0)) -> 500628.92 | I66: =INDEX(table,MATCH($A$1&"_"&$A66,Tcolonne,0),MATCH(I$30,Tligne,0)) -> 2781.164 | J66: =INDEX(table,MATCH($A$1&"_"&$A66,Tcolonne,0),MATCH(J$30,Tligne,0)) -> 152866.22 | K66: =INDEX(table,MATCH($A$1&"_"&$A66,Tcolonne,0),MATCH(K$30,Tligne,0)) -> 115387.66 | L66: =INDEX(table,MATCH($A$1&"_"&$A66,Tcolonne,0),MATCH(L$30,Tligne,0)) -> 39843.477 | ... AB66: =INDEX(table,MATCH($A$1&"_"&$A66,Tcolonne,0),MATCH(AB$30,Tligne,0)) -> 170.95689
A67: ='02'!A67 -> 46 | B67: ='02'!B67 -> 46 | C67: ='02'!C67 -> Commerce de gros, à l'exception des automobiles et des motocycles | E67: =INDEX(table,MATCH($A$1&"_"&$A67,Tcolonne,0),MATCH(E$30,Tligne,0)) -> 360 | F67: =INDEX(table,MATCH($A$1&"_"&$A67,Tcolonne,0),MATCH(F$30,Tligne,0)) -> 1236.56 | G67: =INDEX(table,MATCH($A$1&"_"&$A67,Tcolonne,0),MATCH(G$30,Tligne,0)) -> 1305 | H67: =INDEX(table,MATCH($A$1&"_"&$A67,Tcolonne,0),MATCH(H$30,Tligne,0)) -> 981514.77 | I67: =INDEX(table,MATCH($A$1&"_"&$A67,Tcolonne,0),MATCH(I$30,Tligne,0)) -> 3729.121 | J67: =INDEX(table,MATCH($A$1&"_"&$A67,Tcolonne,0),MATCH(J$30,Tligne,0)) -> 126016.22 | K67: =INDEX(table,MATCH($A$1&"_"&$A67,Tcolonne,0),MATCH(K$30,Tligne,0)) -> 63841.746 | L67: =INDEX(table,MATCH($A$1&"_"&$A67,Tcolonne,0),MATCH(L$30,Tligne,0)) -> 58295.377 | ... AB67: =INDEX(table,MATCH($A$1&"_"&$A67,Tcolonne,0),MATCH(AB$30,Tligne,0)) -> 309.93866
A68: ='02'!A68 -> 47_10y | B68: ='02'!B68 -> 47_10y | C68: ='02'!C68 -> Commerce de détail, à l'exception des automobiles et des motocycles, y compris artisanat commercial | E68: =INDEX(table,MATCH($A$1&"_"&$A68,Tcolonne,0),MATCH(E$30,Tligne,0)) -> 1300 | F68: =INDEX(table,MATCH($A$1&"_"&$A68,Tcolonne,0),MATCH(F$30,Tligne,0)) -> 3062.58 | G68: =INDEX(table,MATCH($A$1&"_"&$A68,Tcolonne,0),MATCH(G$30,Tligne,0)) -> 3613 | H68: =INDEX(table,MATCH($A$1&"_"&$A68,Tcolonne,0),MATCH(H$30,Tligne,0)) -> 1257617.1 | I68: =INDEX(table,MATCH($A$1&"_"&$A68,Tcolonne,0),MATCH(I$30,Tligne,0)) -> 6285.88 | J68: =INDEX(table,MATCH($A$1&"_"&$A68,Tcolonne,0),MATCH(J$30,Tligne,0)) -> 195817.81 | K68: =INDEX(table,MATCH($A$1&"_"&$A68,Tcolonne,0),MATCH(K$30,Tligne,0)) -> 113902.57 | L68: =INDEX(table,MATCH($A$1&"_"&$A68,Tcolonne,0),MATCH(L$30,Tligne,0)) -> 75503.942 | ... AB68: =INDEX(table,MATCH($A$1&"_"&$A68,Tcolonne,0),MATCH(AB$30,Tligne,0)) -> 246.44407
A69: ='02'!A69 -> BN_horsKZ | B69: ='02'!B69 -> BN_horsKZ | C69: ='02'!C69 -> Ensemble des unités légales des secteurs marchands non agricoles et non financiers | E69: =INDEX(table,MATCH($A$1&"_"&$A69,Tcolonne,0),MATCH(E$30,Tligne,0)) -> 8711 | F69: =INDEX(table,MATCH($A$1&"_"&$A69,Tcolonne,0),MATCH(F$30,Tligne,0)) -> 18698.02 | G69: =INDEX(table,MATCH($A$1&"_"&$A69,Tcolonne,0),MATCH(G$30,Tligne,0)) -> 21604 | H69: =INDEX(table,MATCH($A$1&"_"&$A69,Tcolonne,0),MATCH(H$30,Tligne,0)) -> 5530063.3 | I69: =INDEX(table,MATCH($A$1&"_"&$A69,Tcolonne,0),MATCH(I$30,Tligne,0)) -> 97672.416 | J69: =INDEX(table,MATCH($A$1&"_"&$A69,Tcolonne,0),MATCH(J$30,Tligne,0)) -> 1480320.7 | K69: =INDEX(table,MATCH($A$1&"_"&$A69,Tcolonne,0),MATCH(K$30,Tligne,0)) -> 927859.73 | L69: =INDEX(table,MATCH($A$1&"_"&$A69,Tcolonne,0),MATCH(L$30,Tligne,0)) -> 519015.44 | ... AB69: =INDEX(table,MATCH($A$1&"_"&$A69,Tcolonne,0),MATCH(AB$30,Tligne,0)) -> 68.074512
B70: (*) Catégorie d'entreprise : il s'agit de la catégorie de l'entreprise profilée à laquelle appartient l'unité légale. Une unité légale de petite taille peut être de catégorie Grande Entreprise si elle est détenue par une Grande Entreprise.
B71: Micro : micro entreprises, PME : petites et moyennes entreprises hors micro entreprises, ETI : entreprises de taille intermédiaire, GE : grandes entreprises
B72: (1) Valeur ajoutée hors taxes, y compris autres produits et autres charges (2) Taux d'exportation : Chiffre d'affaires à l'exportation hors taxes / chiffre d'affaires hors taxes (3) Taux de valeur ajoutée : Valeur ajoutée hors taxes (y compris autres produits et autres charges) / chiffre d'affaires hors taxes (4) Productivité apparente du travail par tête : Valeur ajoutée hors taxes (y compris autres produits et autres charges) / effectifs salariés en équivalent temps plein (5) Intensité capitalistique : immobilisations corporelles / effectifs salariés en équivalent temps plein (6) Taux de marge : Excédent brut d'exploitation / valeur ajoutée au coût des facteurs (y compris autres produits et autres charges) (7) Rentabilité économique : Excédent brut d'exploitation / immobilisations (corporelles et incorporelles) et besoin en fonds de roulement (8) Taux d'investissement : Investissements corporels bruts hors apports / valeur ajoutée hors taxes (y compris autres produits et autres charges)
B73: nd : donnée non disponible, s : donnée soumise au secret statistique
B74: Champ : France (hors Mayotte) - unités légales régionales des secteurs marchands non agricoles et non financiers (y compris micro-entrepreneurs)
B75: =Comparatif!B29 -> Sources : Esane 2021 à méthode 2022, Flores 2022, Sirus, Insee - traitements SSP
B78: ='01'!B78 -> Tableau 3. Principales unités légales de la région en 2021 (classées par ordre décroissant de salariés dans la région)
B79: ='02'!B79 -> imp_reg | C79: ='02'!C79 -> denom | D79: E300_tranche | E79: part_eff_ent_reg_imp | F79: ='02'!F79 -> ape | G79: l_long
A81: ='02'!A81 -> R_T7 | B81: ='02'!B81 -> Implantation régionale | C81: ='02'!C81 -> Nom de l'unité légale | D81: Effectifs salariés totaux au 31 décembre en France | E81: Taux d'implantation dans la région | F81: ='02'!F81 -> Activité principale | G81: Activité principale
D82: ='02'!D82 -> nombre | E82: %
A83: ='02'!A83 -> 1 | B83: =INDEX(Top!$A$1:$AA$400,MATCH(CONCATENATE($A$1,"_",$A83),Top!$A$1:$A$400,0),MATCH(B$79,Top!$A$1:$AA$1,0)) -> MONO-03 | C83: =INDEX(Top!$A$1:$AA$400,MATCH(CONCATENATE($A$1,"_",$A83),Top!$A$1:$A$400,0),MATCH(C$79,Top!$A$1:$AA$1,0)) -> SOC FRIGORIFIQUE GUYANAISE | D83: =INDEX(Top!$A$1:$AA$400,MATCH(CONCATENATE($A$1,"_",$A83),Top!$A$1:$A$400,0),MATCH(D$79,Top!$A$1:$AA$1,0)) -> 50 à 99 salariés | E83: =INDEX(Top!$A$1:$AA$400,MATCH(CONCATENATE($A$1,"_",$A83),Top!$A$1:$A$400,0),MATCH(E$79,Top!$A$1:$AA$1,0)) -> 100 | F83: =INDEX(Top!$A$1:$AA$400,MATCH(CONCATENATE($A$1,"_",$A83),Top!$A$1:$A$400,0),MATCH(F$79,Top!$A$1:$AA$1,0)) -> 4639A | G83: =INDEX(Top!$A$1:$AA$400,MATCH(CONCATENATE($A$1,"_",$A83),Top!$A$1:$A$400,0),MATCH(G$79,Top!$A$1:$AA$1,0)) -> Commerce de gros (commerce interentreprises) de produits surgelés | H83: =INDEX(Top!$A$1:$AA$400,MATCH(CONCATENATE($A$1,"_",$A83),Top!$A$1:$A$400,0),MATCH(H$79,Top!$A$1:$AA$1,0)) -> #N/A | I83: =INDEX(Top!$A$1:$AA$400,MATCH(CONCATENATE($A$1,"_",$A83),Top!$A$1:$A$400,0),MATCH(I$79,Top!$A$1:$AA$1,0)) -> #N/A
A84: ='02'!A84 -> 2 | B84: =INDEX(Top!$A$1:$AA$400,MATCH(CONCATENATE($A$1,"_",$A84),Top!$A$1:$A$400,0),MATCH(B$79,Top!$A$1:$AA$1,0)) -> MONO-03 | C84: =INDEX(Top!$A$1:$AA$400,MATCH(CONCATENATE($A$1,"_",$A84),Top!$A$1:$A$400,0),MATCH(C$79,Top!$A$1:$AA$1,0)) -> SOC LAITIERE DE MACOURIA | D84: =INDEX(Top!$A$1:$AA$400,MATCH(CONCATENATE($A$1,"_",$A84),Top!$A$1:$A$400,0),MATCH(D$79,Top!$A$1:$AA$1,0)) -> 50 à 99 salariés | E84: =INDEX(Top!$A$1:$AA$400,MATCH(CONCATENATE($A$1,"_",$A84),Top!$A$1:$A$400,0),MATCH(E$79,Top!$A$1:$AA$1,0)) -> 100 | F84: =INDEX(Top!$A$1:$AA$400,MATCH(CONCATENATE($A$1,"_",$A84),Top!$A$1:$A$400,0),MATCH(F$79,Top!$A$1:$AA$1,0)) -> 1051A | G84: =INDEX(Top!$A$1:$AA$400,MATCH(CONCATENATE($A$1,"_",$A84),Top!$A$1:$A$400,0),MATCH(G$79,Top!$A$1:$AA$1,0)) -> Fabrication de lait liquide et de produits frais | H84: =INDEX(Top!$A$1:$AA$400,MATCH(CONCATENATE($A$1,"_",$A84),Top!$A$1:$A$400,0),MATCH(H$79,Top!$A$1:$AA$1,0)) -> #N/A | I84: =INDEX(Top!$A$1:$AA$400,MATCH(CONCATENATE($A$1,"_",$A84),Top!$A$1:$A$400,0),MATCH(I$79,Top!$A$1:$AA$1,0)) -> #N/A
A85: ='02'!A85 -> 3 | B85: =INDEX(Top!$A$1:$AA$400,MATCH(CONCATENATE($A$1,"_",$A85),Top!$A$1:$A$400,0),MATCH(B$79,Top!$A$1:$AA$1,0)) -> MONO-03 | C85: =INDEX(Top!$A$1:$AA$400,MATCH(CONCATENATE($A$1,"_",$A85),Top!$A$1:$A$400,0),MATCH(C$79,Top!$A$1:$AA$1,0)) -> ANTOINE ABCHEE ET FILS | D85: =INDEX(Top!$A$1:$AA$400,MATCH(CONCATENATE($A$1,"_",$A85),Top!$A$1:$A$400,0),MATCH(D$79,Top!$A$1:$AA$1,0)) -> 20 à 49 salariés | E85: =INDEX(Top!$A$1:$AA$400,MATCH(CONCATENATE($A$1,"_",$A85),Top!$A$1:$A$400,0),MATCH(E$79,Top!$A$1:$AA$1,0)) -> 100 | F85: =INDEX(Top!$A$1:$AA$400,MATCH(CONCATENATE($A$1,"_",$A85),Top!$A$1:$A$400,0),MATCH(F$79,Top!$A$1:$AA$1,0)) -> 1020Z | G85: =INDEX(Top!$A$1:$AA$400,MATCH(CONCATENATE($A$1,"_",$A85),Top!$A$1:$A$400,0),MATCH(G$79,Top!$A$1:$AA$1,0)) -> #N/A | H85: =INDEX(Top!$A$1:$AA$400,MATCH(CONCATENATE($A$1,"_",$A85),Top!$A$1:$A$400,0),MATCH(H$79,Top!$A$1:$AA$1,0)) -> #N/A | I85: =INDEX(Top!$A$1:$AA$400,MATCH(CONCATENATE($A$1,"_",$A85),Top!$A$1:$A$400,0),MATCH(I$79,Top!$A$1:$AA$1,0)) -> #N/A
A86: ='02'!A86 -> 4 | B86: =INDEX(Top!$A$1:$AA$400,MATCH(CONCATENATE($A$1,"_",$A86),Top!$A$1:$A$400,0),MATCH(B$79,Top!$A$1:$AA$1,0)) -> MONO-03 | C86: =INDEX(Top!$A$1:$AA$400,MATCH(CONCATENATE($A$1,"_",$A86),Top!$A$1:$A$400,0),MATCH(C$79,Top!$A$1:$AA$1,0)) -> CIE GUYANAISE TRANSFORMATION PROD MER | D86: =INDEX(Top!$A$1:$AA$400,MATCH(CONCATENATE($A$1,"_",$A86),Top!$A$1:$A$400,0),MATCH(D$79,Top!$A$1:$AA$1,0)) -> 20 à 49 salariés | E86: =INDEX(Top!$A$1:$AA$400,MATCH(CONCATENATE($A$1,"_",$A86),Top!$A$1:$A$400,0),MATCH(E$79,Top!$A$1:$AA$1,0)) -> 100 | F86: =INDEX(Top!$A$1:$AA$400,MATCH(CONCATENATE($A$1,"_",$A86),Top!$A$1:$A$400,0),MATCH(F$79,Top!$A$1:$AA$1,0)) -> 1020Z | G86: =INDEX(Top!$A$1:$AA$400,MATCH(CONCATENATE($A$1,"_",$A86),Top!$A$1:$A$400,0),MATCH(G$79,Top!$A$1:$AA$1,0)) -> #N/A | H86: =INDEX(Top!$A$1:$AA$400,MATCH(CONCATENATE($A$1,"_",$A86),Top!$A$1:$A$400,0),MATCH(H$79,Top!$A$1:$AA$1,0)) -> #N/A | I86: =INDEX(Top!$A$1:$AA$400,MATCH(CONCATENATE($A$1,"_",$A86),Top!$A$1:$A$400,0),MATCH(I$79,Top!$A$1:$AA$1,0)) -> #N/A
A87: ='02'!A87 -> 5 | B87: =INDEX(Top!$A$1:$AA$400,MATCH(CONCATENATE($A$1,"_",$A87),Top!$A$1:$A$400,0),MATCH(B$79,Top!$A$1:$AA$1,0)) -> MONO-03 | C87: =INDEX(Top!$A$1:$AA$400,MATCH(CONCATENATE($A$1,"_",$A87),Top!$A$1:$A$400,0),MATCH(C$79,Top!$A$1:$AA$1,0)) -> DIADOM | D87: =INDEX(Top!$A$1:$AA$400,MATCH(CONCATENATE($A$1,"_",$A87),Top!$A$1:$A$400,0),MATCH(D$79,Top!$A$1:$AA$1,0)) -> 20 à 49 salariés | E87: =INDEX(Top!$A$1:$AA$400,MATCH(CONCATENATE($A$1,"_",$A87),Top!$A$1:$A$400,0),MATCH(E$79,Top!$A$1:$AA$1,0)) -> 100 | F87: =INDEX(Top!$A$1:$AA$400,MATCH(CONCATENATE($A$1,"_",$A87),Top!$A$1:$A$400,0),MATCH(F$79,Top!$A$1:$AA$1,0)) -> 4634Z | G87: =INDEX(Top!$A$1:$AA$400,MATCH(CONCATENATE($A$1,"_",$A87),Top!$A$1:$A$400,0),MATCH(G$79,Top!$A$1:$AA$1,0)) -> Commerce de gros (commerce interentreprises) de boissons | H87: =INDEX(Top!$A$1:$AA$400,MATCH(CONCATENATE($A$1,"_",$A87),Top!$A$1:$A$400,0),MATCH(H$79,Top!$A$1:$AA$1,0)) -> #N/A | I87: =INDEX(Top!$A$1:$AA$400,MATCH(CONCATENATE($A$1,"_",$A87),Top!$A$1:$A$400,0),MATCH(I$79,Top!$A$1:$AA$1,0)) -> #N/A
A88: ='02'!A88 -> 6 | B88: =INDEX(Top!$A$1:$AA$400,MATCH(CONCATENATE($A$1,"_",$A88),Top!$A$1:$A$400,0),MATCH(B$79,Top!$A$1:$AA$1,0)) -> MONO-03 | C88: =INDEX(Top!$A$1:$AA$400,MATCH(CONCATENATE($A$1,"_",$A88),Top!$A$1:$A$400,0),MATCH(C$79,Top!$A$1:$AA$1,0)) -> BAMYRAG | D88: =INDEX(Top!$A$1:$AA$400,MATCH(CONCATENATE($A$1,"_",$A88),Top!$A$1:$A$400,0),MATCH(D$79,Top!$A$1:$AA$1,0)) -> 20 à 49 salariés | E88: =INDEX(Top!$A$1:$AA$400,MATCH(CONCATENATE($A$1,"_",$A88),Top!$A$1:$A$400,0),MATCH(E$79,Top!$A$1:$AA$1,0)) -> 100 | F88: =INDEX(Top!$A$1:$AA$400,MATCH(CONCATENATE($A$1,"_",$A88),Top!$A$1:$A$400,0),MATCH(F$79,Top!$A$1:$AA$1,0)) -> 4639B | G88: =INDEX(Top!$A$1:$AA$400,MATCH(CONCATENATE($A$1,"_",$A88),Top!$A$1:$A$400,0),MATCH(G$79,Top!$A$1:$AA$1,0)) -> Commerce de gros (commerce interentreprises) alimentaire non spécialisé | H88: =INDEX(Top!$A$1:$AA$400,MATCH(CONCATENATE($A$1,"_",$A88),Top!$A$1:$A$400,0),MATCH(H$79,Top!$A$1:$AA$1,0)) -> #N/A | I88: =INDEX(Top!$A$1:$AA$400,MATCH(CONCATENATE($A$1,"_",$A88),Top!$A$1:$A$400,0),MATCH(I$79,Top!$A$1:$AA$1,0)) -> #N/A
A89: ='02'!A89 -> 7 | B89: =INDEX(Top!$A$1:$AA$400,MATCH(CONCATENATE($A$1,"_",$A89),Top!$A$1:$A$400,0),MATCH(B$79,Top!$A$1:$AA$1,0)) -> MONO-03 | C89: =INDEX(Top!$A$1:$AA$400,MATCH(CONCATENATE($A$1,"_",$A89),Top!$A$1:$A$400,0),MATCH(C$79,Top!$A$1:$AA$1,0)) -> HSM SARL | D89: =INDEX(Top!$A$1:$AA$400,MATCH(CONCATENATE($A$1,"_",$A89),Top!$A$1:$A$400,0),MATCH(D$79,Top!$A$1:$AA$1,0)) -> 20 à 49 salariés | E89: =INDEX(Top!$A$1:$AA$400,MATCH(CONCATENATE($A$1,"_",$A89),Top!$A$1:$A$400,0),MATCH(E$79,Top!$A$1:$AA$1,0)) -> 100 | F89: =INDEX(Top!$A$1:$AA$400,MATCH(CONCATENATE($A$1,"_",$A89),Top!$A$1:$A$400,0),MATCH(F$79,Top!$A$1:$AA$1,0)) -> 4639B | G89: =INDEX(Top!$A$1:$AA$400,MATCH(CONCATENATE($A$1,"_",$A89),Top!$A$1:$A$400,0),MATCH(G$79,Top!$A$1:$AA$1,0)) -> Commerce de gros (commerce interentreprises) alimentaire non spécialisé | H89: =INDEX(Top!$A$1:$AA$400,MATCH(CONCATENATE($A$1,"_",$A89),Top!$A$1:$A$400,0),MATCH(H$79,Top!$A$1:$AA$1,0)) -> #N/A | I89: =INDEX(Top!$A$1:$AA$400,MATCH(CONCATENATE($A$1,"_",$A89),Top!$A$1:$A$400,0),MATCH(I$79,Top!$A$1:$AA$1,0)) -> #N/A
A90: ='02'!A90 -> 8 | B90: =INDEX(Top!$A$1:$AA$400,MATCH(CONCATENATE($A$1,"_",$A90),Top!$A$1:$A$400,0),MATCH(B$79,Top!$A$1:$AA$1,0)) -> MONO-03 | C90: =INDEX(Top!$A$1:$AA$400,MATCH(CONCATENATE($A$1,"_",$A90),Top!$A$1:$A$400,0),MATCH(C$79,Top!$A$1:$AA$1,0)) -> BOULANGERIE VICTOR MARTIN | D90: =INDEX(Top!$A$1:$AA$400,MATCH(CONCATENATE($A$1,"_",$A90),Top!$A$1:$A$400,0),MATCH(D$79,Top!$A$1:$AA$1,0)) -> 20 à 49 salariés | E90: =INDEX(Top!$A$1:$AA$400,MATCH(CONCATENATE($A$1,"_",$A90),Top!$A$1:$A$400,0),MATCH(E$79,Top!$A$1:$AA$1,0)) -> 100 | F90: =INDEX(Top!$A$1:$AA$400,MATCH(CONCATENATE($A$1,"_",$A90),Top!$A$1:$A$400,0),MATCH(F$79,Top!$A$1:$AA$1,0)) -> 1071C | G90: =INDEX(Top!$A$1:$AA$400,MATCH(CONCATENATE($A$1,"_",$A90),Top!$A$1:$A$400,0),MATCH(G$79,Top!$A$1:$AA$1,0)) -> Boulangerie et boulangerie-pâtisserie | H90: =INDEX(Top!$A$1:$AA$400,MATCH(CONCATENATE($A$1,"_",$A90),Top!$A$1:$A$400,0),MATCH(H$79,Top!$A$1:$AA$1,0)) -> #N/A | I90: =INDEX(Top!$A$1:$AA$400,MATCH(CONCATENATE($A$1,"_",$A90),Top!$A$1:$A$400,0),MATCH(I$79,Top!$A$1:$AA$1,0)) -> #N/A
A91: ='02'!A91 -> 9 | B91: =INDEX(Top!$A$1:$AA$400,MATCH(CONCATENATE($A$1,"_",$A91),Top!$A$1:$A$400,0),MATCH(B$79,Top!$A$1:$AA$1,0)) -> MONO-03 | C91: =INDEX(Top!$A$1:$AA$400,MATCH(CONCATENATE($A$1,"_",$A91),Top!$A$1:$A$400,0),MATCH(C$79,Top!$A$1:$AA$1,0)) -> SOC CHUNG-FA ET CIE | D91: =INDEX(Top!$A$1:$AA$400,MATCH(CONCATENATE($A$1,"_",$A91),Top!$A$1:$A$400,0),MATCH(D$79,Top!$A$1:$AA$1,0)) -> 20 à 49 salariés | E91: =INDEX(Top!$A$1:$AA$400,MATCH(CONCATENATE($A$1,"_",$A91),Top!$A$1:$A$400,0),MATCH(E$79,Top!$A$1:$AA$1,0)) -> 100 | F91: =INDEX(Top!$A$1:$AA$400,MATCH(CONCATENATE($A$1,"_",$A91),Top!$A$1:$A$400,0),MATCH(F$79,Top!$A$1:$AA$1,0)) -> 1107B | G91: =INDEX(Top!$A$1:$AA$400,MATCH(CONCATENATE($A$1,"_",$A91),Top!$A$1:$A$400,0),MATCH(G$79,Top!$A$1:$AA$1,0)) -> Production de boissons rafraîchissantes | H91: =INDEX(Top!$A$1:$AA$400,MATCH(CONCATENATE($A$1,"_",$A91),Top!$A$1:$A$400,0),MATCH(H$79,Top!$A$1:$AA$1,0)) -> #N/A | I91: =INDEX(Top!$A$1:$AA$400,MATCH(CONCATENATE($A$1,"_",$A91),Top!$A$1:$A$400,0),MATCH(I$79,Top!$A$1:$AA$1,0)) -> #N/A
A92: ='02'!A92 -> 10 | B92: =INDEX(Top!$A$1:$AA$400,MATCH(CONCATENATE($A$1,"_",$A92),Top!$A$1:$A$400,0),MATCH(B$79,Top!$A$1:$AA$1,0)) -> MONO-03 | C92: =INDEX(Top!$A$1:$AA$400,MATCH(CONCATENATE($A$1,"_",$A92),Top!$A$1:$A$400,0),MATCH(C$79,Top!$A$1:$AA$1,0)) -> SAS LE BON PAIN | D92: =INDEX(Top!$A$1:$AA$400,MATCH(CONCATENATE($A$1,"_",$A92),Top!$A$1:$A$400,0),MATCH(D$79,Top!$A$1:$AA$1,0)) -> 20 à 49 salariés | E92: =INDEX(Top!$A$1:$AA$400,MATCH(CONCATENATE($A$1,"_",$A92),Top!$A$1:$A$400,0),MATCH(E$79,Top!$A$1:$AA$1,0)) -> 100 | F92: =INDEX(Top!$A$1:$AA$400,MATCH(CONCATENATE($A$1,"_",$A92),Top!$A$1:$A$400,0),MATCH(F$79,Top!$A$1:$AA$1,0)) -> 1071C | G92: =INDEX(Top!$A$1:$AA$400,MATCH(CONCATENATE($A$1,"_",$A92),Top!$A$1:$A$400,0),MATCH(G$79,Top!$A$1:$AA$1,0)) -> Boulangerie et boulangerie-pâtisserie | H92: =INDEX(Top!$A$1:$AA$400,MATCH(CONCATENATE($A$1,"_",$A92),Top!$A$1:$A$400,0),MATCH(H$79,Top!$A$1:$AA$1,0)) -> #N/A | I92: =INDEX(Top!$A$1:$AA$400,MATCH(CONCATENATE($A$1,"_",$A92),Top!$A$1:$A$400,0),MATCH(I$79,Top!$A$1:$AA$1,0)) -> #N/A
A93: ='02'!A93 -> 11 | B93: =INDEX(Top!$A$1:$AA$400,MATCH(CONCATENATE($A$1,"_",$A93),Top!$A$1:$A$400,0),MATCH(B$79,Top!$A$1:$AA$1,0)) -> MONO-03 | C93: =INDEX(Top!$A$1:$AA$400,MATCH(CONCATENATE($A$1,"_",$A93),Top!$A$1:$A$400,0),MATCH(C$79,Top!$A$1:$AA$1,0)) -> LE BABA AU RHUM SARL | D93: =INDEX(Top!$A$1:$AA$400,MATCH(CONCATENATE($A$1,"_",$A93),Top!$A$1:$A$400,0),MATCH(D$79,Top!$A$1:$AA$1,0)) -> 20 à 49 salariés | E93: =INDEX(Top!$A$1:$AA$400,MATCH(CONCATENATE($A$1,"_",$A93),Top!$A$1:$A$400,0),MATCH(E$79,Top!$A$1:$AA$1,0)) -> 100 | F93: =INDEX(Top!$A$1:$AA$400,MATCH(CONCATENATE($A$1,"_",$A93),Top!$A$1:$A$400,0),MATCH(F$79,Top!$A$1:$AA$1,0)) -> 1071C | G93: =INDEX(Top!$A$1:$AA$400,MATCH(CONCATENATE($A$1,"_",$A93),Top!$A$1:$A$400,0),MATCH(G$79,Top!$A$1:$AA$1,0)) -> Boulangerie et boulangerie-pâtisserie | H93: =INDEX(Top!$A$1:$AA$400,MATCH(CONCATENATE($A$1,"_",$A93),Top!$A$1:$A$400,0),MATCH(H$79,Top!$A$1:$AA$1,0)) -> #N/A | I93: =INDEX(Top!$A$1:$AA$400,MATCH(CONCATENATE($A$1,"_",$A93),Top!$A$1:$A$400,0),MATCH(I$79,Top!$A$1:$AA$1,0)) -> #N/A
A94: ='02'!A94 -> 12 | B94: =INDEX(Top!$A$1:$AA$400,MATCH(CONCATENATE($A$1,"_",$A94),Top!$A$1:$A$400,0),MATCH(B$79,Top!$A$1:$AA$1,0)) -> MONO-03 | C94: =INDEX(Top!$A$1:$AA$400,MATCH(CONCATENATE($A$1,"_",$A94),Top!$A$1:$A$400,0),MATCH(C$79,Top!$A$1:$AA$1,0)) -> BOULANGERIE VICTOR MARTIN PLAZA | D94: =INDEX(Top!$A$1:$AA$400,MATCH(CONCATENATE($A$1,"_",$A94),Top!$A$1:$A$400,0),MATCH(D$79,Top!$A$1:$AA$1,0)) -> 10 à 19 salariés | E94: =INDEX(Top!$A$1:$AA$400,MATCH(CONCATENATE($A$1,"_",$A94),Top!$A$1:$A$400,0),MATCH(E$79,Top!$A$1:$AA$1,0)) -> 100 | F94: =INDEX(Top!$A$1:$AA$400,MATCH(CONCATENATE($A$1,"_",$A94),Top!$A$1:$A$400,0),MATCH(F$79,Top!$A$1:$AA$1,0)) -> 1071C | G94: =INDEX(Top!$A$1:$AA$400,MATCH(CONCATENATE($A$1,"_",$A94),Top!$A$1:$A$400,0),MATCH(G$79,Top!$A$1:$AA$1,0)) -> Boulangerie et boulangerie-pâtisserie | H94: =INDEX(Top!$A$1:$AA$400,MATCH(CONCATENATE($A$1,"_",$A94),Top!$A$1:$A$400,0),MATCH(H$79,Top!$A$1:$AA$1,0)) -> #N/A | I94: =INDEX(Top!$A$1:$AA$400,MATCH(CONCATENATE($A$1,"_",$A94),Top!$A$1:$A$400,0),MATCH(I$79,Top!$A$1:$AA$1,0)) -> #N/A
... A102: ='02'!A102 -> 20 | B102: =INDEX(Top!$A$1:$AA$400,MATCH(CONCATENATE($A$1,"_",$A102),Top!$A$1:$A$400,0),MATCH(B$79,Top!$A$1:$AA$1,0)) -> MONO-03 | C102: =INDEX(Top!$A$1:$AA$400,MATCH(CONCATENATE($A$1,"_",$A102),Top!$A$1:$A$400,0),MATCH(C$79,Top!$A$1:$AA$1,0)) -> BOULANGERIE PATISSERIE AU SUCRE D OR | D102: =INDEX(Top!$A$1:$AA$400,MATCH(CONCATENATE($A$1,"_",$A102),Top!$A$1:$A$400,0),MATCH(D$79,Top!$A$1:$AA$1,0)) -> 10 à 19 salariés | E102: =INDEX(Top!$A$1:$AA$400,MATCH(CONCATENATE($A$1,"_",$A102),Top!$A$1:$A$400,0),MATCH(E$79,Top!$A$1:$AA$1,0)) -> 100 | F102: =INDEX(Top!$A$1:$AA$400,MATCH(CONCATENATE($A$1,"_",$A102),Top!$A$1:$A$400,0),MATCH(F$79,Top!$A$1:$AA$1,0)) -> 1071C | G102: =INDEX(Top!$A$1:$AA$400,MATCH(CONCATENATE($A$1,"_",$A102),Top!$A$1:$A$400,0),MATCH(G$79,Top!$A$1:$AA$1,0)) -> Boulangerie et boulangerie-pâtisserie | H102: =INDEX(Top!$A$1:$AA$400,MATCH(CONCATENATE($A$1,"_",$A102),Top!$A$1:$A$400,0),MATCH(H$79,Top!$A$1:$AA$1,0)) -> #N/A | I102: =INDEX(Top!$A$1:$AA$400,MATCH(CONCATENATE($A$1,"_",$A102),Top!$A$1:$A$400,0),MATCH(I$79,Top!$A$1:$AA$1,0)) -> #N/A
B103: ='01'!B103 -> Entreprises régionales : Une entreprise monorégionale (MONO) a 100 % de ses effectifs dans la région. Une entreprise quasi mono-régionale (QUASI-MONO) a entre 80 % et moins de 100 % de ses effectifs dans la région.
B104: ='01'!B104 -> Entreprises polyrégionales : Une entreprise majoritairement régionale (MAJO) a entre 50 % et moins de 80 % de ses effectifs dans la région. Les autres entreprises polyrégionales (PRINCIPAL-numéro_de_la_région_principale) ont moins de 50 % de leurs effectifs dans la région.
B105: nd : donnée non disponible
B106: ='02'!B106 -> Champ : France (hors Mayotte) - unités légales des secteurs marchands non agricoles et non financiers
B107: ='02'!B107 -> unités légales des secteurs agroalimentaires (industries alimentaires et fabrication de boissons (division 10 et 11 de NAF rév. 2 ) et commerce de gros de produits agroalimentaires (groupe 462 et groupe 463, hors sous-classe 4635Z : commerce de gros de produits à base de tabac)
B108: =Comparatif!B29 -> Sources : Esane 2021 à méthode 2022, Flores 2022, Sirus, Insee - traitements SSP

Sheet 04
A1: =RIGHT(CELL("nomfichier",A1),LEN(CELL("nomfichier",A1))-FIND("]",CELL("nomfichier",A1))) -> 04 | B1: =VLOOKUP(A1,Sommaire!A15:B31,2,0) -> La Réunion
B3: Tableau 1. Représentativité des entreprises régionales
D4: ='03'!D4 -> nb_ul_MONO_secret | E4: ='03'!E4 -> nb_sal_secret | F4: ='03'!F4 -> nb_sal_reg_secret | G4: ='03'!G4 -> part_sal_secret | H4: ='03'!H4 -> nb_ul_POLY_secret
A5: ='03'!A5 -> Code d'activité | B5: ='03'!B5 -> Code d'activité | C5: ='03'!C5 -> Secteur d'activité | D5: ='03'!D5 -> Nombre d'entreprises (unités légales) régionales (ayant au moins 80% de leurs salariés dans la région) | E5: Nombre de salariés* dans la région pour les seules entreprises régionales (a) | F5: Nombre total de salariés dans la région (A) | G5: Part des salariés des entreprises régionales parmi les salariés de la région (%) a/A | H5: Nombre d'entreprises (unités légales) implantées dans la région, mais polyrégionales**
D6: nombre | G6: % | H6: nombre
A7: IAA_CGA_AC | B7: IAA_CGA_AC | C7: Ensemble des entreprises agroalimentaires de la région | D7: =INDEX(Table0,MATCH($A$1&"_"&$A7,T0colonne,0),MATCH(D$4,T0ligne,0)) -> 1292 | E7: =INDEX(Table0,MATCH($A$1&"_"&$A7,T0colonne,0),MATCH(E$4,T0ligne,0)) -> 8554 | F7: =INDEX(Table0,MATCH($A$1&"_"&$A7,T0colonne,0),MATCH(F$4,T0ligne,0)) -> 8636 | G7: =INDEX(Table0,MATCH($A$1&"_"&$A7,T0colonne,0),MATCH(G$4,T0ligne,0)) -> 99 | H7: =INDEX(Table0,MATCH($A$1&"_"&$A7,T0colonne,0),MATCH(H$4,T0ligne,0)) -> 17
A8: IAA_hac | B8: IAA_hac | C8: IAA : Industries alimentaires (hors artisanat commercial) et boissons | D8: =INDEX(Table0,MATCH($A$1&"_"&$A8,T0colonne,0),MATCH(D$4,T0ligne,0)) -> 428 | E8: =INDEX(Table0,MATCH($A$1&"_"&$A8,T0colonne,0),MATCH(E$4,T0ligne,0)) -> 4405 | F8: =INDEX(Table0,MATCH($A$1&"_"&$A8,T0colonne,0),MATCH(F$4,T0ligne,0)) -> 4446 | G8: =INDEX(Table0,MATCH($A$1&"_"&$A8,T0colonne,0),MATCH(G$4,T0ligne,0)) -> 99 | H8: =INDEX(Table0,MATCH($A$1&"_"&$A8,T0colonne,0),MATCH(H$4,T0ligne,0)) -> 8
A9: 10_hac | B9: 10_hac | C9: Industries alimentaires hors artisanat commercial | D9: =INDEX(Table0,MATCH($A$1&"_"&$A9,T0colonne,0),MATCH(D$4,T0ligne,0)) -> 387 | E9: =INDEX(Table0,MATCH($A$1&"_"&$A9,T0colonne,0),MATCH(E$4,T0ligne,0)) -> 3707 | F9: =INDEX(Table0,MATCH($A$1&"_"&$A9,T0colonne,0),MATCH(F$4,T0ligne,0)) -> 3739 | G9: =INDEX(Table0,MATCH($A$1&"_"&$A9,T0colonne,0),MATCH(G$4,T0ligne,0)) -> 99 | H9: =INDEX(Table0,MATCH($A$1&"_"&$A9,T0colonne,0),MATCH(H$4,T0ligne,0)) -> s
A10: 101_hac | B10: 101_hac | C10: Transformation et conservation de la viande et préparation de produits à base de viande hors charcuterie | D10: =INDEX(Table0,MATCH($A$1&"_"&$A10,T0colonne,0),MATCH(D$4,T0ligne,0)) -> 53 | E10: =INDEX(Table0,MATCH($A$1&"_"&$A10,T0colonne,0),MATCH(E$4,T0ligne,0)) -> 829 | F10: =INDEX(Table0,MATCH($A$1&"_"&$A10,T0colonne,0),MATCH(F$4,T0ligne,0)) -> 829 | G10: =INDEX(Table0,MATCH($A$1&"_"&$A10,T0colonne,0),MATCH(G$4,T0ligne,0)) -> 100 | H10: =INDEX(Table0,MATCH($A$1&"_"&$A10,T0colonne,0),MATCH(H$4,T0ligne,0)) -> 0
A11: 102 | B11: 102 | C11: Transformation et conservation de poisson, de crustacés et de mollusques | D11: =INDEX(Table0,MATCH($A$1&"_"&$A11,T0colonne,0),MATCH(D$4,T0ligne,0)) -> 24 | E11: =INDEX(Table0,MATCH($A$1&"_"&$A11,T0colonne,0),MATCH(E$4,T0ligne,0)) -> 120 | F11: =INDEX(Table0,MATCH($A$1&"_"&$A11,T0colonne,0),MATCH(F$4,T0ligne,0)) -> 120 | G11: =INDEX(Table0,MATCH($A$1&"_"&$A11,T0colonne,0),MATCH(G$4,T0ligne,0)) -> 100 | H11: =INDEX(Table0,MATCH($A$1&"_"&$A11,T0colonne,0),MATCH(H$4,T0ligne,0)) -> 0
A12: 103 | B12: 103 | C12: Transformation et conservation de fruits et légumes | D12: =INDEX(Table0,MATCH($A$1&"_"&$A12,T0colonne,0),MATCH(D$4,T0ligne,0)) -> 85 | E12: =INDEX(Table0,MATCH($A$1&"_"&$A12,T0colonne,0),MATCH(E$4,T0ligne,0)) -> 367 | F12: =INDEX(Table0,MATCH($A$1&"_"&$A12,T0colonne,0),MATCH(F$4,T0ligne,0)) -> 367 | G12: =INDEX(Table0,MATCH($A$1&"_"&$A12,T0colonne,0),MATCH(G$4,T0ligne,0)) -> 100 | H12: =INDEX(Table0,MATCH($A$1&"_"&$A12,T0colonne,0),MATCH(H$4,T0ligne,0)) -> 0
